Workbook

Sheet Pricelist Standard
B1: =A1+1 -> 1 | C1: 1 | D1: =C1+1 -> 2 | E1: =D1+1 -> 3 | F1: =E1+1 -> 4 | G1: =F1+1 -> 5 | H1: =G1+1 -> 6 | I1: =H1+1 -> 7 | J1: =I1+1 -> 8 | K1: =J1+1 -> 9 | ... AH1: =AG1+1 -> 32 | AK1: =#REF!+1 -> #REF! | AL1: =AK1+1 -> #REF! | AM1: =AL1+1 -> #REF! | AN1: =AM1+1 -> #REF! | AO1: =AN1+1 -> #REF! | AP1: =AO1+1 -> #REF! | AQ1: =AP1+1 -> #REF! | AR1: =AQ1+1 -> #REF! | AS1: =AR1+1 -> #REF! | ... AV1: =AU1+1 -> #REF!
H3: The Aguirre Townhouse - Las Piñas
H4: Standard Computation
H5: =NOW() -> 45849.956
R6: 44810 | T6: 45197 | V6: 45362 | AN6: 0.011610848 | AO6: 0.0089882827 | AP6: 0.0077529894 | AQ6: 0.024318057 | AU6: 0.01801852 | AV6: 0.021247045
B7: Unit Count | C7: UNIT ID | D7: INVENTORY STATUS | E7: Lot Type | F7: Orientation | G7: Model Name | H7: House Type | I7: Floor Area | J7: Actual Lot Area | K7: Actual Lot Area | M7: Loose Lots | N7: total additives | O7: Typical Selling Price | P7: Total Selling Price | Q7: NSP/SQM | R7: 0 | S7: NEW SELLING PRICE | T7: 0 | U7: NEW SELLING PRICE | V7: 0 | W7: NEW SELLING PRICE | X7: 0 | Y7: NEW SELLING PRICE | Z7: 0 | AA7: NEW SELLING PRICE | AB7: 0 | AC7: NEW SELLING PRICE | AD7: 0.07 | AE7: 0 | AF7: TOTAL CONTRACT PRICE | AG7: 0.05 | AH7: RESERVATION FEE | AI7: ( = ) NET EQUITY | AJ7: 0.15 | AK7: EQUITY MONTHS | AL7: MONTHLY EQUITY | AM7: =100%-AG7-AJ7 -> 0.8 | AN7: Via Bank Loan (Amort) | AQ7: Via In-House Financing (Amort) | AV7: In-House Financing (Amort)
L8: Loose Lots | M8: 3000 | R8: INCREASE 1 | T8: INCREASE 2 | V8: INCREASE 3 | X8: INCREASE 4 | Z8: INCREASE 5 | AB8: INCREASE 6 | AD8: Legal and Misc. Fees | AE8: Bank Fees | AG8: SPOT EQUITY DOWN PAYMENT | AJ8: EQUITY DOWN PAYMENT | AM8: BALANCE ON TCP | AN8: 10 years @ 7% 5 year fixing | AO8: 15 years @ 7% 5 year fixing | AP8: 20 years @ 7% 5 year fixing | AQ8: 5 years @ 16% Interest Rate | AU8: 10 years @ 18% Interest Rate | AV8: 5 years @ 10% Interest Rate
B9: 1 | C9: Unit 1 | D9: Not for Sale | E9: End Lot | H9: 2 Storey | I9: 142.4 | J9: 80 | K9: =J9+L9 -> 99.4 | L9: 19.4 | M9: =L9*$M$8 -> 58200 | N9: =SUM(M9:M9) -> 58200 | O9: 8900000 | P9: =N9+O9 -> 8958200 | Q9: =S9/I9 -> 62908.708 | R9: 0 | S9: =P9+R9 -> 8958200 | T9: 0 | U9: =S9 -> 8958200 | V9: 0 | W9: =U9+V9 -> 8958200 | Y9: =W9+X9 -> 8958200 | AA9: =Y9+Z9 -> 8958200 | AB9: 0 | AC9: =U9+AB9 -> 8958200 | AD9: =AC9*$AD$7 -> 627074 | AE9: =S9*$AE$7 -> 0 | AF9: =AC9+AD9+AE9 -> 9585274 | AG9: =AF9*$AG$7 -> 479263.7 | AH9: 50000 | AI9: =AG9-AH9 -> 429263.7 | AJ9: =AF9*$AJ$7 -> 1437791.1 | AK9: 24 | AL9: =AJ9/AK9 -> 59907.962 | AM9: =AF9*$AM$7 -> 7668219.2 | AN9: =AM9*$AN$6 -> 89034.527 | AO9: =AM9*$AO$6 -> 68924.122 | AP9: =AM9*$AP$6 -> 59451.622 | AQ9: =AM9*$AQ$6 -> 186476.19 | AU9: =AM9*$AU$6 -> 138169.96 | AV9: =AM9*$AV$6 -> 162927
B10: =B9+1 -> 2 | C10: Unit 2 | D10: Unsold | E10: Inner | H10: 2 Storey | I10: 142.45 | J10: 80 | K10: =J10+L10 -> 100.9 | L10: 20.9 | M10: =L10*$M$8 -> 62700 | N10: =SUM(M10:M10) -> 62700 | O10: 8900000 | P10: =N10+O10 -> 8962700 | Q10: =S10/I10 -> 62918.217 | R10: 0 | S10: =P10+R10 -> 8962700 | T10: 0 | U10: =S10 -> 8962700 | V10: 0 | W10: =U10+V10 -> 8962700 | Y10: =W10+X10 -> 8962700 | AA10: =Y10+Z10 -> 8962700 | AB10: 0 | AC10: =U10+AB10 -> 8962700 | AD10: =AC10*$AD$7 -> 627389 | AE10: =S10*$AE$7 -> 0 | AF10: =AC10+AD10+AE10 -> 9590089 | AG10: =AF10*$AG$7 -> 479504.45 | AH10: 50000 | AI10: =AG10-AH10 -> 429504.45 | AJ10: =AF10*$AJ$7 -> 1438513.3 | AK10: =AK9 -> 24 | AL10: =AJ10/AK10 -> 59938.056 | AM10: =AF10*$AM$7 -> 7672071.2 | AN10: =AM10*$AN$6 -> 89079.252 | AO10: =AM10*$AO$6 -> 68958.745 | AP10: =AM10*$AP$6 -> 59481.486 | AQ10: =AM10*$AQ$6 -> 186569.87 | AU10: =AM10*$AU$6 -> 138239.37 | AV10: =AM10*$AV$6 -> 163008.84
B11: =B10+1 -> 3 | C11: Unit 3 | D11: Unsold | E11: Inner | H11: 2 Storey | I11: 142.4 | J11: 80 | K11: =J11+L11 -> 101.1 | L11: 21.1 | M11: =L11*$M$8 -> 63300 | N11: =SUM(M11:M11) -> 63300 | O11: 8900000 | P11: =N11+O11 -> 8963300 | Q11: =S11/I11 -> 62944.522 | R11: 0 | S11: =P11+R11 -> 8963300 | U11: =S11 -> 8963300 | W11: =U11+V11 -> 8963300 | Y11: =W11+X11 -> 8963300 | AA11: =Y11+Z11 -> 8963300 | AB11: 0 | AC11: =U11+AB11 -> 8963300 | AD11: =AC11*$AD$7 -> 627431 | AE11: =S11*$AE$7 -> 0 | AF11: =AC11+AD11+AE11 -> 9590731 | AG11: =AF11*$AG$7 -> 479536.55 | AH11: 50000 | AI11: =AG11-AH11 -> 429536.55 | AJ11: =AF11*$AJ$7 -> 1438609.6 | AK11: =AK10 -> 24 | AL11: =AJ11/AK11 -> 59942.069 | AM11: =AF11*$AM$7 -> 7672584.8 | AN11: =AM11*$AN$6 -> 89085.215 | AO11: =AM11*$AO$6 -> 68963.361 | AP11: =AM11*$AP$6 -> 59485.468 | AV11: =AM11*$AV$6 -> 163019.75
B12: =B11+1 -> 4 | C12: Unit 4 | D12: Unsold | E12: Inner | H12: 2 Storey | I12: 142.4 | J12: 80 | K12: =J12+L12 -> 98.4 | L12: 18.4 | M12: =L12*$M$8 -> 55200 | N12: =SUM(M12:M12) -> 55200 | O12: 8900000 | P12: =N12+O12 -> 8955200 | Q12: =S12/I12 -> 62887.64 | R12: 0 | S12: =P12+R12 -> 8955200 | U12: =S12 -> 8955200 | W12: =U12+V12 -> 8955200 | Y12: =W12+X12 -> 8955200 | AA12: =Y12+Z12 -> 8955200 | AB12: 0 | AC12: =U12+AB12 -> 8955200 | AD12: =AC12*$AD$7 -> 626864 | AE12: =S12*$AE$7 -> 0 | AF12: =AC12+AD12+AE12 -> 9582064 | AG12: =AF12*$AG$7 -> 479103.2 | AH12: 50000 | AI12: =AG12-AH12 -> 429103.2 | AJ12: =AF12*$AJ$7 -> 1437309.6 | AK12: =AK11 -> 24 | AL12: =AJ12/AK12 -> 59887.9 | AM12: =AF12*$AM$7 -> 7665651.2 | AN12: =AM12*$AN$6 -> 89004.71 | AO12: =AM12*$AO$6 -> 68901.04 | AP12: =AM12*$AP$6 -> 59431.712 | AV12: =AM12*$AV$6 -> 162872.43
B13: =B12+1 -> 5 | C13: Unit 5 | D13: Unsold | E13: Inner | H13: 2 Storey | I13: 142.45 | J13: 80 | K13: =J13+L13 -> 95.8 | L13: 15.8 | M13: =L13*$M$8 -> 47400 | N13: =SUM(M13:M13) -> 47400 | O13: 8900000 | P13: =N13+O13 -> 8947400 | Q13: =S13/I13 -> 62810.811 | R13: 0 | S13: =P13+R13 -> 8947400 | U13: =S13 -> 8947400 | W13: =U13+V13 -> 8947400 | Y13: =W13+X13 -> 8947400 | AA13: =Y13+Z13 -> 8947400 | AB13: 0 | AC13: =U13+AB13 -> 8947400 | AD13: =AC13*$AD$7 -> 626318 | AE13: =S13*$AE$7 -> 0 | AF13: =AC13+AD13+AE13 -> 9573718 | AG13: =AF13*$AG$7 -> 478685.9 | AH13: 50000 | AI13: =AG13-AH13 -> 428685.9 | AJ13: =AF13*$AJ$7 -> 1436057.7 | AK13: =AK12 -> 24 | AL13: =AJ13/AK13 -> 59835.737 | AM13: =AF13*$AM$7 -> 7658974.4 | AN13: =AM13*$AN$6 -> 88927.187 | AO13: =AM13*$AO$6 -> 68841.027 | AP13: =AM13*$AP$6 -> 59379.947 | AV13: =AM13*$AV$6 -> 162730.57
B14: =B13+1 -> 6 | C14: Unit 6 | D14: Unsold | E14: Inner | H14: 2 Storey | I14: 142.4 | J14: 80 | K14: =J14+L14 -> 93.2 | L14: 13.2 | M14: =L14*$M$8 -> 39600 | N14: =SUM(M14:M14) -> 39600 | O14: 8900000 | P14: =N14+O14 -> 8939600 | Q14: =S14/I14 -> 62778.09 | R14: 0 | S14: =P14+R14 -> 8939600 | U14: =S14 -> 8939600 | W14: =U14+V14 -> 8939600 | Y14: =W14+X14 -> 8939600 | AA14: =Y14+Z14 -> 8939600 | AB14: 0 | AC14: =U14+AB14 -> 8939600 | AD14: =AC14*$AD$7 -> 625772 | AE14: =S14*$AE$7 -> 0 | AF14: =AC14+AD14+AE14 -> 9565372 | AG14: =AF14*$AG$7 -> 478268.6 | AH14: 50000 | AI14: =AG14-AH14 -> 428268.6 | AJ14: =AF14*$AJ$7 -> 1434805.8 | AK14: =AK13 -> 24 | AL14: =AJ14/AK14 -> 59783.575 | AM14: =AF14*$AM$7 -> 7652297.6 | AN14: =AM14*$AN$6 -> 88849.664 | AO14: =AM14*$AO$6 -> 68781.014 | AP14: =AM14*$AP$6 -> 59328.182 | AV14: =AM14*$AV$6 -> 162588.71
B15: =B14+1 -> 7 | C15: Unit 7 | D15: Unsold | E15: Inner | H15: 2 Storey | I15: 142.4 | J15: 80 | K15: =J15+L15 -> 90.5 | L15: 10.5 | M15: =L15*$M$8 -> 31500 | N15: =SUM(M15:M15) -> 31500 | O15: 8900000 | P15: =N15+O15 -> 8931500 | Q15: =S15/I15 -> 62721.208 | R15: 0 | S15: =P15+R15 -> 8931500 | U15: =S15 -> 8931500 | W15: =U15+V15 -> 8931500 | Y15: =W15+X15 -> 8931500 | AA15: =Y15+Z15 -> 8931500 | AB15: 0 | AC15: =U15+AB15 -> 8931500 | AD15: =AC15*$AD$7 -> 625205 | AE15: =S15*$AE$7 -> 0 | AF15: =AC15+AD15+AE15 -> 9556705 | AG15: =AF15*$AG$7 -> 477835.25 | AH15: 50000 | AI15: =AG15-AH15 -> 427835.25 | AJ15: =AF15*$AJ$7 -> 1433505.8 | AK15: =AK14 -> 24 | AL15: =AJ15/AK15 -> 59729.406 | AM15: =AF15*$AM$7 -> 7645364 | AN15: =AM15*$AN$6 -> 88769.159 | AO15: =AM15*$AO$6 -> 68718.693 | AP15: =AM15*$AP$6 -> 59274.426 | AV15: =AM15*$AV$6 -> 162441.39
B16: =B15+1 -> 8 | C16: Unit 8 | D16: Unsold | E16: Inner | H16: 2 Storey | I16: 142.45 | J16: 80 | K16: =J16+L16 -> 80 | L16: 0 | M16: =L16*$M$8 -> 0 | N16: =SUM(M16:M16) -> 0 | O16: 8900000 | P16: =N16+O16 -> 8900000 | Q16: =S16/I16 -> 62478.062 | R16: 0 | S16: =P16+R16 -> 8900000 | U16: =S16 -> 8900000 | W16: =U16+V16 -> 8900000 | Y16: =W16+X16 -> 8900000 | AA16: =Y16+Z16 -> 8900000 | AB16: 0 | AC16: =U16+AB16 -> 8900000 | AD16: =AC16*$AD$7 -> 623000 | AE16: =S16*$AE$7 -> 0 | AF16: =AC16+AD16+AE16 -> 9523000 | AG16: =AF16*$AG$7 -> 476150 | AH16: 50000 | AI16: =AG16-AH16 -> 426150 | AJ16: =AF16*$AJ$7 -> 1428450 | AK16: =AK15 -> 24 | AL16: =AJ16/AK16 -> 59518.75 | AM16: =AF16*$AM$7 -> 7618400 | AN16: =AM16*$AN$6 -> 88456.084 | AO16: =AM16*$AO$6 -> 68476.333 | AP16: =AM16*$AP$6 -> 59065.374 | AV16: =AM16*$AV$6 -> 161868.49
B17: =B16+1 -> 9 | C17: Unit 9 | D17: Unsold | E17: End Lot | H17: 2 Storey | I17: 142.4 | J17: 80 | K17: =J17+L17 -> 80 | L17: 0 | M17: =L17*$M$8 -> 0 | N17: =SUM(M17:M17) -> 0 | O17: 8900000 | P17: =N17+O17 -> 8900000 | Q17: =S17/I17 -> 62500 | R17: 0 | S17: =P17+R17 -> 8900000 | T17: 0 | U17: =S17 -> 8900000 | V17: 0 | W17: =U17+V17 -> 8900000 | Y17: =W17+X17 -> 8900000 | AA17: =Y17+Z17 -> 8900000 | AB17: 0 | AC17: =U17+AB17 -> 8900000 | AD17: =AC17*$AD$7 -> 623000 | AE17: =S17*$AE$7 -> 0 | AF17: =AC17+AD17+AE17 -> 9523000 | AG17: =AF17*$AG$7 -> 476150 | AH17: 50000 | AI17: =AG17-AH17 -> 426150 | AJ17: =AF17*$AJ$7 -> 1428450 | AK17: =AK16 -> 24 | AL17: =AJ17/AK17 -> 59518.75 | AM17: =AF17*$AM$7 -> 7618400 | AN17: =AM17*$AN$6 -> 88456.084 | AO17: =AM17*$AO$6 -> 68476.333 | AP17: =AM17*$AP$6 -> 59065.374 | AQ17: =AM17*$AQ$6 -> 185264.69 | AU17: =AM17*$AU$6 -> 137272.29 | AV17: =AM17*$AV$6 -> 161868.49
I18: =SUM(I9:I17) -> 1281.75 | L18: =SUM(L9:L17) -> 119.3 | M18: =SUM(M9:M17) -> 357900 | N18: =SUM(N9:N17) -> 357900 | O18: =SUM(O9:O17) -> 80100000 | P18: =SUM(P9:P17) -> 80457900 | AC18: =SUM(AC9:AC17) -> 80457900
C20: NOTE:
C21: ***Reservation Fee is non-refundable.
C22: ***Prices and Payment Schemes may change without prior notice.
C23: ***Prices are inclusive of Legal and Miscellaneous Fees
C24: ***Bank Fees are assumptions based on current rates.
C25: ***Official Selling Price shall be based on signed/approved Reservation Agreement Forms.
C26: ***Check Payable to CESAR LEE HIONG L. WEE, JR.
C27: =C9 -> Unit 1 | D27: 10544000 | E27: =I9 -> 142.4
C28: =C10 -> Unit 2 | D28: 10610000 | E28: =I10 -> 142.45
C29: =C11 -> Unit 3 | D29: 10658000 | E29: =I11 -> 142.4
C30: =C12 -> Unit 4 | D30: 10550000 | E30: =I12 -> 142.4
C31: =C13 -> Unit 5 | D31: 10412000 | E31: =I13 -> 142.45
C32: =C14 -> Unit 6 | D32: 10286000 | E32: =I14 -> 142.4
C33: =C15 -> Unit 7 | D33: 10160000 | E33: =I15 -> 142.4
C34: =C16 -> Unit 8 | D34: 9944000 | E34: =I16 -> 142.45
C35: =C17 -> Unit 9 | D35: 9500000 | E35: =I17 -> 142.4 | F35: =D35/E35 -> 66713.483
C36: =#REF! -> #REF! | D36: 9500000 | E36: =#REF! -> #REF!
C37: total | D37: =SUM(D27:D36) -> 102164000
D38: =D37-N18 -> 101806100
D39: =D38/I18 -> 79427.423

Sheet Pricelist Step up
C1: 1 | D1: =C1+1 -> 2 | E1: =D1+1 -> 3 | F1: =E1+1 -> 4 | G1: =F1+1 -> 5 | H1: =G1+1 -> 6 | I1: =H1+1 -> 7 | J1: =I1+1 -> 8 | K1: =J1+1 -> 9 | L1: =#REF!+1 -> #REF! | M1: =L1+1 -> #REF! | N1: =M1+1 -> #REF! | O1: =N1+1 -> #REF! | P1: =O1+1 -> #REF! | Q1: =P1+1 -> #REF! | R1: =Q1+1 -> #REF! | T1: =S1+1 -> 1 | U1: =T1+1 -> 2 | V1: =U1+1 -> 3 | W1: =V1+1 -> 4 | X1: =W1+1 -> 5 | Y1: =X1+1 -> 6 | Z1: =Y1+1 -> 7 | AA1: =Z1+1 -> 8 | ... AE1: =AD1+1 -> 12
D3: The Aguirre Townhouse Las Piñas - Pricelist
H4: Step Up Computation
H5: =NOW() -> 45849.956
AB6: 0.011610848 | AC6: 0.0089882827 | AD6: 0.0077529894 | AE6: 0.021247045
B7: Unit Count | C7: UNIT ID | D7: INVENTORY STATUS | E7: Lot Type | F7: Orientation | G7: Model Name | H7: House Type | I7: Floor Area | J7: Lot Area | K7: Actual Lot Area | L7: NEW SELLING PRICE | M7: 0.07 | N7: 0 | O7: TOTAL CONTRACT PRICE | P7: 0.2 | Q7: RESERVATION FEE | R7: ( = ) NET EQUITY | S7: EQUIY MONTHS | T7: STEP UP COMPUTATION | Z7: MONTHLY EQUITY | AA7: =100%-P7 -> 0.8 | AB7: Via Bank Loan (Amort) | AE7: In-House Financing (Amort)
M8: Legal and Misc. Fees | N8: Bank Fees | P8: EQUITY DOWN PAYMENT | T8: NO. OF MONTHS | U8: MONTHLY PAYMENT | V8: NO. OF MONTHS | W8: MONTHLY PAYMENT | X8: NO. OF MONTHS | Y8: MONTHLY PAYMENT | AA8: BALANCE ON TCP | AB8: 10 years @ 7% 5 year fixing | AC8: 15 years @ 7% 5 year fixing | AD8: 20 years @ 7% 5 year fixing | AE8: 5 years @ 10% Interest Rate
B9: 1 | C9: ='Pricelist Standard'!C9 -> Unit 1 | D9: Unsold | E9: ='Pricelist Standard'!E9 -> End Lot | H9: ='Pricelist Standard'!H9 -> 2 Storey | I9: ='Pricelist Standard'!I9 -> 142.4 | J9: ='Pricelist Standard'!J9 -> 80 | K9: ='Pricelist Standard'!K9 -> 99.4 | L9: ='Pricelist Standard'!AC9 -> 8958200 | M9: =L9*$M$7 -> 627074 | N9: =L9*$N$7 -> 0 | O9: =L9+M9+N9 -> 9585274 | P9: =O9*$P$7 -> 1917054.8 | Q9: 50000 | R9: =P9-Q9 -> 1867054.8 | S9: 15 | T9: 7 | U9: =(R9*25%)/T9 -> 66680.529 | V9: =T9 -> 7 | W9: =(R9*35%)/V9 -> 93352.74 | X9: 6 | Y9: =(R9*40%)/X9 -> 124470.32 | Z9: =R9/S9 -> 124470.32 | AA9: =O9*$AA$7 -> 7668219.2 | AB9: =AA9*$AB$6 -> 89034.527 | AC9: =AA9*$AC$6 -> 68924.122 | AD9: =AA9*$AD$6 -> 59451.622 | AE9: =AA9*$AE$6 -> 162927 | AG9: =(Y9*X9)+(W9*V9)+(U9*T9)+Q9-P9 -> 0 | AH9: =S9-T9-V9-X9 -> -5
B10: =B9+1 -> 2 | C10: ='Pricelist Standard'!C10 -> Unit 2 | D10: Unsold | E10: ='Pricelist Standard'!E10 -> Inner | H10: ='Pricelist Standard'!H10 -> 2 Storey | I10: ='Pricelist Standard'!I10 -> 142.45 | J10: ='Pricelist Standard'!J10 -> 80 | K10: ='Pricelist Standard'!K10 -> 100.9 | L10: ='Pricelist Standard'!AC10 -> 8962700 | M10: =L10*$M$7 -> 627389 | N10: =L10*$N$7 -> 0 | O10: =L10+M10+N10 -> 9590089 | P10: =O10*$P$7 -> 1918017.8 | Q10: 50000 | R10: =P10-Q10 -> 1868017.8 | S10: 18 | T10: 7 | U10: =(R10*25%)/T10 -> 66714.921 | V10: =T10 -> 7 | W10: =(R10*35%)/V10 -> 93400.89 | X10: 6 | Y10: =(R10*40%)/X10 -> 124534.52 | Z10: =R10/S10 -> 103778.77 | AA10: =O10*$AA$7 -> 7672071.2 | AB10: =AA10*$AB$6 -> 89079.252 | AC10: =AA10*$AC$6 -> 68958.745 | AD10: =AA10*$AD$6 -> 59481.486 | AE10: =AA10*$AE$6 -> 163008.84 | AG10: =(Y10*X10)+(W10*V10)+(U10*T10)+Q10-P10 -> 0 | AH10: =S10-T10-V10-X10 -> -2
B11: =B10+1 -> 3 | C11: ='Pricelist Standard'!C11 -> Unit 3 | D11: Unsold | E11: ='Pricelist Standard'!E11 -> Inner | H11: ='Pricelist Standard'!H11 -> 2 Storey | I11: ='Pricelist Standard'!I11 -> 142.4 | J11: ='Pricelist Standard'!J11 -> 80 | K11: ='Pricelist Standard'!K11 -> 101.1 | L11: ='Pricelist Standard'!AC11 -> 8963300 | M11: =L11*$M$7 -> 627431 | N11: =L11*$N$7 -> 0 | O11: =L11+M11+N11 -> 9590731 | P11: =O11*$P$7 -> 1918146.2 | Q11: 50000 | R11: =P11-Q11 -> 1868146.2 | S11: 18 | T11: 7 | U11: =(R11*25%)/T11 -> 66719.507 | V11: =T11 -> 7 | W11: =(R11*35%)/V11 -> 93407.31 | X11: 6 | Y11: =(R11*40%)/X11 -> 124543.08 | Z11: =R11/S11 -> 103785.9 | AA11: =O11*$AA$7 -> 7672584.8 | AB11: =AA11*$AB$6 -> 89085.215 | AC11: =AA11*$AC$6 -> 68963.361 | AD11: =AA11*$AD$6 -> 59485.468 | AE11: =AA11*$AE$6 -> 163019.75 | AG11: =(Y11*X11)+(W11*V11)+(U11*T11)+Q11-P11 -> 0 | AH11: =S11-T11-V11-X11 -> -2
B12: =B11+1 -> 4 | C12: ='Pricelist Standard'!C12 -> Unit 4 | D12: Unsold | E12: ='Pricelist Standard'!E12 -> Inner | H12: ='Pricelist Standard'!H12 -> 2 Storey | I12: ='Pricelist Standard'!I12 -> 142.4 | J12: ='Pricelist Standard'!J12 -> 80 | K12: ='Pricelist Standard'!K12 -> 98.4 | L12: ='Pricelist Standard'!AC12 -> 8955200 | M12: =L12*$M$7 -> 626864 | N12: =L12*$N$7 -> 0 | O12: =L12+M12+N12 -> 9582064 | P12: =O12*$P$7 -> 1916412.8 | Q12: 50000 | R12: =P12-Q12 -> 1866412.8 | S12: 18 | T12: 7 | U12: =(R12*25%)/T12 -> 66657.6 | V12: =T12 -> 7 | W12: =(R12*35%)/V12 -> 93320.64 | X12: 6 | Y12: =(R12*40%)/X12 -> 124427.52 | Z12: =R12/S12 -> 103689.6 | AA12: =O12*$AA$7 -> 7665651.2 | AB12: =AA12*$AB$6 -> 89004.71 | AC12: =AA12*$AC$6 -> 68901.04 | AD12: =AA12*$AD$6 -> 59431.712 | AE12: =AA12*$AE$6 -> 162872.43 | AG12: =(Y12*X12)+(W12*V12)+(U12*T12)+Q12-P12 -> 0 | AH12: =S12-T12-V12-X12 -> -2
B13: =B12+1 -> 5 | C13: ='Pricelist Standard'!C13 -> Unit 5 | D13: Unsold | E13: ='Pricelist Standard'!E13 -> Inner | H13: ='Pricelist Standard'!H13 -> 2 Storey | I13: ='Pricelist Standard'!I13 -> 142.45 | J13: ='Pricelist Standard'!J13 -> 80 | K13: ='Pricelist Standard'!K13 -> 95.8 | L13: ='Pricelist Standard'!AC13 -> 8947400 | M13: =L13*$M$7 -> 626318 | N13: =L13*$N$7 -> 0 | O13: =L13+M13+N13 -> 9573718 | P13: =O13*$P$7 -> 1914743.6 | Q13: 50000 | R13: =P13-Q13 -> 1864743.6 | S13: 21 | T13: 7 | U13: =(R13*25%)/T13 -> 66597.986 | V13: =T13 -> 7 | W13: =(R13*35%)/V13 -> 93237.18 | X13: 7 | Y13: =(R13*40%)/X13 -> 106556.78 | Z13: =R13/S13 -> 88797.314 | AA13: =O13*$AA$7 -> 7658974.4 | AB13: =AA13*$AB$6 -> 88927.187 | AC13: =AA13*$AC$6 -> 68841.027 | AD13: =AA13*$AD$6 -> 59379.947 | AE13: =AA13*$AE$6 -> 162730.57 | AG13: =(Y13*X13)+(W13*V13)+(U13*T13)+Q13-P13 -> 0 | AH13: =S13-T13-V13-X13 -> 0
B14: =B13+1 -> 6 | C14: ='Pricelist Standard'!C14 -> Unit 6 | D14: Unsold | E14: ='Pricelist Standard'!E14 -> Inner | H14: ='Pricelist Standard'!H14 -> 2 Storey | I14: ='Pricelist Standard'!I14 -> 142.4 | J14: ='Pricelist Standard'!J14 -> 80 | K14: ='Pricelist Standard'!K14 -> 93.2 | L14: ='Pricelist Standard'!AC14 -> 8939600 | M14: =L14*$M$7 -> 625772 | N14: =L14*$N$7 -> 0 | O14: =L14+M14+N14 -> 9565372 | P14: =O14*$P$7 -> 1913074.4 | Q14: 50000 | R14: =P14-Q14 -> 1863074.4 | S14: 21 | T14: 7 | U14: =(R14*25%)/T14 -> 66538.371 | V14: =T14 -> 7 | W14: =(R14*35%)/V14 -> 93153.72 | X14: 7 | Y14: =(R14*40%)/X14 -> 106461.39 | Z14: =R14/S14 -> 88717.829 | AA14: =O14*$AA$7 -> 7652297.6 | AB14: =AA14*$AB$6 -> 88849.664 | AC14: =AA14*$AC$6 -> 68781.014 | AD14: =AA14*$AD$6 -> 59328.182 | AE14: =AA14*$AE$6 -> 162588.71 | AG14: =(Y14*X14)+(W14*V14)+(U14*T14)+Q14-P14 -> 0 | AH14: =S14-T14-V14-X14 -> 0
B15: =B14+1 -> 7 | C15: ='Pricelist Standard'!C15 -> Unit 7 | D15: Unsold | E15: ='Pricelist Standard'!E15 -> Inner | H15: ='Pricelist Standard'!H15 -> 2 Storey | I15: ='Pricelist Standard'!I15 -> 142.4 | J15: ='Pricelist Standard'!J15 -> 80 | K15: ='Pricelist Standard'!K15 -> 90.5 | L15: ='Pricelist Standard'!AC15 -> 8931500 | M15: =L15*$M$7 -> 625205 | N15: =L15*$N$7 -> 0 | O15: =L15+M15+N15 -> 9556705 | P15: =O15*$P$7 -> 1911341 | Q15: 50000 | R15: =P15-Q15 -> 1861341 | S15: 21 | T15: 7 | U15: =(R15*25%)/T15 -> 66476.464 | V15: =T15 -> 7 | W15: =(R15*35%)/V15 -> 93067.05 | X15: 7 | Y15: =(R15*40%)/X15 -> 106362.34 | Z15: =R15/S15 -> 88635.286 | AA15: =O15*$AA$7 -> 7645364 | AB15: =AA15*$AB$6 -> 88769.159 | AC15: =AA15*$AC$6 -> 68718.693 | AD15: =AA15*$AD$6 -> 59274.426 | AE15: =AA15*$AE$6 -> 162441.39 | AG15: =(Y15*X15)+(W15*V15)+(U15*T15)+Q15-P15 -> 0 | AH15: =S15-T15-V15-X15 -> 0
B16: =B15+1 -> 8 | C16: ='Pricelist Standard'!C16 -> Unit 8 | D16: Unsold | E16: ='Pricelist Standard'!E16 -> Inner | H16: ='Pricelist Standard'!H16 -> 2 Storey | I16: ='Pricelist Standard'!I16 -> 142.45 | J16: ='Pricelist Standard'!J16 -> 80 | K16: ='Pricelist Standard'!K16 -> 80 | L16: ='Pricelist Standard'!AC16 -> 8900000 | M16: =L16*$M$7 -> 623000 | N16: =L16*$N$7 -> 0 | O16: =L16+M16+N16 -> 9523000 | P16: =O16*$P$7 -> 1904600 | Q16: 50000 | R16: =P16-Q16 -> 1854600 | S16: 24 | T16: 8 | U16: =(R16*25%)/T16 -> 57956.25 | V16: =T16 -> 8 | W16: =(R16*35%)/V16 -> 81138.75 | X16: 8 | Y16: =(R16*40%)/X16 -> 92730 | Z16: =R16/S16 -> 77275 | AA16: =O16*$AA$7 -> 7618400 | AB16: =AA16*$AB$6 -> 88456.084 | AC16: =AA16*$AC$6 -> 68476.333 | AD16: =AA16*$AD$6 -> 59065.374 | AE16: =AA16*$AE$6 -> 161868.49 | AG16: =(Y16*X16)+(W16*V16)+(U16*T16)+Q16-P16 -> 0 | AH16: =S16-T16-V16-X16 -> 0
B17: =B16+1 -> 9 | C17: ='Pricelist Standard'!C17 -> Unit 9 | D17: Unsold | E17: ='Pricelist Standard'!E17 -> End Lot | H17: ='Pricelist Standard'!H17 -> 2 Storey | I17: ='Pricelist Standard'!I17 -> 142.4 | J17: ='Pricelist Standard'!J17 -> 80 | K17: ='Pricelist Standard'!K17 -> 80 | L17: ='Pricelist Standard'!AC17 -> 8900000 | M17: =L17*$M$7 -> 623000 | N17: =L17*$N$7 -> 0 | O17: =L17+M17+N17 -> 9523000 | P17: =O17*$P$7 -> 1904600 | Q17: 50000 | R17: =P17-Q17 -> 1854600 | S17: 24 | T17: 8 | U17: =(R17*25%)/T17 -> 57956.25 | V17: =T17 -> 8 | W17: =(R17*35%)/V17 -> 81138.75 | X17: 8 | Y17: =(R17*40%)/X17 -> 92730 | Z17: =R17/S17 -> 77275 | AA17: =O17*$AA$7 -> 7618400 | AB17: =AA17*$AB$6 -> 88456.084 | AC17: =AA17*$AC$6 -> 68476.333 | AD17: =AA17*$AD$6 -> 59065.374 | AE17: =AA17*$AE$6 -> 161868.49 | AG17: =(Y17*X17)+(W17*V17)+(U17*T17)+Q17-P17 -> 0 | AH17: =S17-T17-V17-X17 -> 0
B18: =B17+1 -> 10 | C18: ='Pricelist Standard'!#REF! -> #REF! | D18: Unsold | E18: ='Pricelist Standard'!#REF! -> #REF! | H18: ='Pricelist Standard'!#REF! -> #REF! | I18: ='Pricelist Standard'!#REF! -> #REF! | J18: ='Pricelist Standard'!#REF! -> #REF! | K18: ='Pricelist Standard'!#REF! -> #REF! | L18: ='Pricelist Standard'!#REF! -> #REF! | M18: =L18*$M$7 -> #REF! | N18: =L18*$N$7 -> #REF! | O18: =L18+M18+N18 -> #REF! | P18: =O18*$P$7 -> #REF! | Q18: 50000 | R18: =P18-Q18 -> #REF! | S18: 24 | T18: 8 | U18: =(R18*25%)/T18 -> #REF! | V18: =T18 -> 8 | W18: =(R18*35%)/V18 -> #REF! | X18: 8 | Y18: =(R18*40%)/X18 -> #REF! | Z18: =R18/S18 -> #REF! | AA18: =O18*$AA$7 -> #REF! | AB18: =AA18*$AB$6 -> #REF! | AC18: =AA18*$AC$6 -> #REF! | AD18: =AA18*$AD$6 -> #REF! | AE18: =AA18*$AE$6 -> #REF! | AG18: =(Y18*X18)+(W18*V18)+(U18*T18)+Q18-P18 -> #REF! | AH18: =S18-T18-V18-X18 -> 0
C20: NOTE:
C21: ***Reservation Fee is non-refundable.
C22: ***Prices are VAT Exclusive.
C23: ***Prices and Payment Schemes may change without prior notice.
C24: ***Prices are inclusive of Legal and Miscellaneous Fees
C25: ***Bank Fees are assumptions based on current rates.
C26: ***Official Selling Price shall be based on signed/approved Reservation Agreement Forms.
C27: ***Check Payable to CESAR LEE HIONG L. WEE, JR.

Sheet FORM
B2: PROJECT | D2: : | E2: ='Pricelist Standard'!H3 -> The Aguirre Townhouse - Las Piñas
B4: UNIT NO | D4: : | E4: Unit 9
B6: HOUSE TYPE | D6: : | E6: =VLOOKUP(E4,'Pricelist Standard'!C9:AV17, 6, FALSE) -> 2 Storey
B8: RESERVATION FEE | D8: : | E8: =VLOOKUP(E4,'Pricelist Standard'!C9:AV17, 32, FALSE) -> 50000
B10: EQUITY PERCENTAGE | D10: : | E10: ='Pricelist Standard'!AG7 -> 0.05
B12: EQUITY TERMS | D12: : | E12: 20
B14: DATE OF RESERVATION | E14: =TODAY() -> 45849
B16: NAME OF BUYER | D16: : | E16: BUYER The Aguirre Townhouse Las Piñas
B18: BUYERS ADDRESS | D18: :
B20: NAME OF SELLER | D20: : | E20: SELLER The Aguirre Townhouse Las Piñas
B23: STEP UP TERMS
B25: # | D25: MONTHS COVERED | F25: NO. OF MONTHS | H25: PERCENTAGE
B26: STEP UP Tranche 1 | D26: ="1st to " &F26 & "th" -> 1st to 8th | F26: =VLOOKUP(E4,'Pricelist Step up'!C9:AU18, 18, FALSE) -> 8 | H26: 0.25
B27: STEP UP Tranche 2 | D27: =F26+1&"th to" & " " & F26+F27&"th" -> 9th to 16th | F27: =VLOOKUP(E4,'Pricelist Step up'!C9:AU18, 20, FALSE) -> 8 | H27: 0.35
B28: STEP UP Tranche 3 | D28: =F26+F27+1&"th to "&F29&"th" -> 17th to 24th | F28: =VLOOKUP(E4,'Pricelist Step up'!C9:AU18, 22, FALSE) -> 8 | H28: 0.4
B29: TOTAL | F29: =SUM(F26:G28) -> 24 | H29: =SUM(H26:I28) -> 1
E31: SQM
B32: FLOOR AREA | E32: =VLOOKUP(E4,'Pricelist Standard'!C9:AV17, 7, FALSE) -> 142.4
B33: LOT AREA | E33: =VLOOKUP(E4,'Pricelist Standard'!C9:AV17, 8, FALSE) -> 80
B34: ACTUAL LOT AREA | E34: =VLOOKUP(E4,'Pricelist Standard'!C9:AV17, 9, FALSE) -> 80

Sheet All Out Promo
C4: 45493
D8: 1st Sale | F8: 2nd Sale | H8: 3rd Sale
C9: TOTAL INCENTIVE | D9: 400000 | F9: 300000 | H9: 200000
C10: 1st Tranche | D10: 60000 | E10: =D10/$D$9 -> 0.15 | F10: 40000 | G10: =F10/$F$9 -> 0.13333333 | H10: 30000 | I10: =H10/$H$9 -> 0.15 | K10: =$D$9*E10 -> 60000 | L10: =$F$9*E10 -> 45000 | M10: =$H$9*E10 -> 30000
C11: 2nd Tranche | D11: 70000 | E11: =D11/$D$9 -> 0.175 | F11: 60000 | G11: =F11/$F$9 -> 0.2 | H11: 40000 | I11: =H11/$H$9 -> 0.2 | K11: =$D$9*E11 -> 70000 | L11: =$F$9*E11 -> 52500 | M11: =$H$9*E11 -> 35000
C12: 3rd Tranche | D12: 90000 | E12: =D12/$D$9 -> 0.225 | F12: 80000 | G12: =F12/$F$9 -> 0.26666667 | H12: 50000 | I12: =H12/$H$9 -> 0.25 | K12: =$D$9*E12 -> 90000 | L12: =$F$9*E12 -> 67500 | M12: =$H$9*E12 -> 45000
C13: 4th Tranche | D13: 180000 | E13: =D13/$D$9 -> 0.45 | F13: 120000 | G13: =F13/$F$9 -> 0.4 | H13: 80000 | I13: =H13/$H$9 -> 0.4 | K13: =$D$9*E13 -> 180000 | L13: =$F$9*E13 -> 135000 | M13: =$H$9*E13 -> 90000
C14: variance | D14: =D9-D10-D11-D12-D13 -> 0 | F14: =F9-F10-F11-F12-F13 -> 0 | H14: =H9-H10-H11-H12-H13 -> 0
I17: =I10+I11 -> 0.35
I18: =I17+I12 -> 0.6
I19: =I18+I13 -> 1

Sheet LMF - HOUSE & LOT
A1: Elements
A2: LEGAL AND MISCELLANEOUS FEES
B4: NET SELLING PRICE | C4: ='Pricelist Standard'!AC9 -> 8958200 | G4: NET SELLING PRICE | H4: ='Pricelist Standard'!AC10 -> 8962700 | L4: NET SELLING PRICE | M4: ='Pricelist Standard'!AC11 -> 8963300 | Q4: NET SELLING PRICE | R4: ='Pricelist Standard'!AC12 -> 8955200 | V4: NET SELLING PRICE | W4: ='Pricelist Standard'!AC13 -> 8947400 | AA4: NET SELLING PRICE | AB4: ='Pricelist Standard'!AC14 -> 8939600 | AF4: NET SELLING PRICE | AG4: ='Pricelist Standard'!AC15 -> 8931500 | AK4: NET SELLING PRICE | AL4: ='Pricelist Standard'!AC16 -> 8900000 | AP4: NET SELLING PRICE | AQ4: ='Pricelist Standard'!AC17 -> 8900000 | AU4: NET SELLING PRICE | AV4: ='Pricelist Standard'!#REF! -> #REF!
A6: LOW | F6: MID | K6: HIGH | P6: HIGH | U6: HIGH | Z6: HIGH | AE6: HIGH | AJ6: HIGH | AO6: HIGH | AT6: HIGH
A7: PARTICULAR | C7: (5%) | F7: PARTICULAR | H7: (5%) | K7: PARTICULAR | M7: (5%) | P7: PARTICULAR | R7: (5%) | U7: PARTICULAR | W7: (5%) | Z7: PARTICULAR | AB7: (5%) | AE7: PARTICULAR | AG7: (5%) | AJ7: PARTICULAR | AL7: (5%) | AO7: PARTICULAR | AQ7: (5%) | AT7: PARTICULAR | AV7: (5%)
A8: PROJECT | B8: Unit 1 | F8: PROJECT | G8: Unit 2 | K8: PROJECT | L8: Unit 3 | P8: PROJECT | Q8: Unit 4 | U8: PROJECT | V8: Unit 5 | Z8: PROJECT | AA8: Unit 6 | AE8: PROJECT | AF8: Unit 7 | AJ8: PROJECT | AK8: Unit 8 | AO8: PROJECT | AP8: Unit 9 | AT8: PROJECT | AU8: Unit 10
A9: Gross Area | C9: 72 | F9: Gross Area | H9: 72 | K9: Gross Area | M9: 72 | P9: Gross Area | R9: 72 | U9: Gross Area | W9: 72 | Z9: Gross Area | AB9: 72 | AE9: Gross Area | AG9: 72 | AJ9: Gross Area | AL9: 72 | AO9: Gross Area | AQ9: 72 | AT9: Gross Area | AV9: 72
A10: SP/SQM | B10: LOT ONLY | C10: 32500 | F10: SP/SQM | G10: LOT ONLY | H10: 32500 | K10: SP/SQM | L10: LOT ONLY | M10: 32500 | P10: SP/SQM | Q10: LOT ONLY | R10: 32500 | U10: SP/SQM | V10: LOT ONLY | W10: 32500 | Z10: SP/SQM | AA10: LOT ONLY | AB10: 32500 | AE10: SP/SQM | AF10: LOT ONLY | AG10: 32500 | AJ10: SP/SQM | AK10: LOT ONLY | AL10: 32500 | AO10: SP/SQM | AP10: LOT ONLY | AQ10: 32500 | AT10: SP/SQM | AU10: LOT ONLY | AV10: 32500
A11: TSP | B11: CTS and DOAS Amount (House & Lot) 45% of TSP | C11: =C4*45% -> 4031190 | F11: TSP | G11: CTS and DOAS Amount (House & Lot) 45% of TSP | H11: =H4*45% -> 4033215 | K11: TSP | L11: CTS and DOAS Amount (House & Lot) 45% of TSP | M11: =M4*45% -> 4033485 | P11: TSP | Q11: CTS and DOAS Amount (House & Lot) 45% of TSP | R11: =R4*45% -> 4029840 | U11: TSP | V11: CTS and DOAS Amount (House & Lot) 45% of TSP | W11: =W4*45% -> 4026330 | Z11: TSP | AA11: CTS and DOAS Amount (House & Lot) 45% of TSP | AB11: =AB4*45% -> 4022820 | AE11: TSP | AF11: CTS and DOAS Amount (House & Lot) 45% of TSP | AG11: =AG4*45% -> 4019175 | AJ11: TSP | AK11: CTS and DOAS Amount (House & Lot) 45% of TSP | AL11: =AL4*45% -> 4005000 | AO11: TSP | AP11: CTS and DOAS Amount (House & Lot) 45% of TSP | AQ11: =AQ4*45% -> 4005000 | AT11: TSP | AU11: CTS and DOAS Amount (House & Lot) 45% of TSP | AV11: =AV4*45% -> #REF!
A12: LMF | C12: =C4*10% -> 895820 | F12: LMF | H12: =H4*10% -> 896270 | K12: LMF | M12: =M4*10% -> 896330 | P12: LMF | R12: =R4*10% -> 895520 | U12: LMF | W12: =W4*10% -> 894740 | Z12: LMF | AB12: =AB4*10% -> 893960 | AE12: LMF | AG12: =AG4*10% -> 893150 | AJ12: LMF | AL12: =AL4*10% -> 890000 | AO12: LMF | AQ12: =AQ4*10% -> 890000 | AT12: LMF | AV12: =AV4-10% -> #REF!
A14: 1 | B14: Processing fees | F14: 1 | G14: Processing fees | K14: 1 | L14: Processing fees | P14: 1 | Q14: Processing fees | U14: 1 | V14: Processing fees | Z14: 1 | AA14: Processing fees | AE14: 1 | AF14: Processing fees | AJ14: 1 | AK14: Processing fees | AO14: 1 | AP14: Processing fees | AT14: 1 | AU14: Processing fees
B15: Fire extinguisher (2 pcs) | C15: 3600 | D15: =C15/$C$11 -> 0.00089303655 | G15: Fire extinguisher (2 pcs) | H15: 3600 | I15: =H15/$C$11 -> 0.00089303655 | L15: Fire extinguisher (2 pcs) | M15: 3600 | N15: =M15/$C$11 -> 0.00089303655 | Q15: Fire extinguisher (2 pcs) | R15: 3600 | S15: =R15/$C$11 -> 0.00089303655 | V15: Fire extinguisher (2 pcs) | W15: 3600 | X15: =W15/$C$11 -> 0.00089303655 | AA15: Fire extinguisher (2 pcs) | AB15: 3600 | AC15: =AB15/$C$11 -> 0.00089303655 | AF15: Fire extinguisher (2 pcs) | AG15: 3600 | AH15: =AG15/$C$11 -> 0.00089303655 | AK15: Fire extinguisher (2 pcs) | AL15: 3600 | AM15: =AL15/$C$11 -> 0.00089303655 | AP15: Fire extinguisher (2 pcs) | AQ15: 3600 | AR15: =AQ15/$C$11 -> 0.00089303655 | AU15: Fire extinguisher (2 pcs) | AV15: 3600 | AW15: =AV15/$C$11 -> 0.00089303655
B16: Occupancy Permit | C16: 9900 | D16: =C16/$C$11 -> 0.0024558505 | G16: Occupancy Permit | H16: 9900 | I16: =H16/$C$11 -> 0.0024558505 | L16: Occupancy Permit | M16: 9900 | N16: =M16/$C$11 -> 0.0024558505 | Q16: Occupancy Permit | R16: 9900 | S16: =R16/$C$11 -> 0.0024558505 | V16: Occupancy Permit | W16: 9900 | X16: =W16/$C$11 -> 0.0024558505 | AA16: Occupancy Permit | AB16: 9900 | AC16: =AB16/$C$11 -> 0.0024558505 | AF16: Occupancy Permit | AG16: 9900 | AH16: =AG16/$C$11 -> 0.0024558505 | AK16: Occupancy Permit | AL16: 9900 | AM16: =AL16/$C$11 -> 0.0024558505 | AP16: Occupancy Permit | AQ16: 9900 | AR16: =AQ16/$C$11 -> 0.0024558505 | AU16: Occupancy Permit | AV16: 9900 | AW16: =AV16/$C$11 -> 0.0024558505
B17: Water Conection | C17: 4250 | G17: Water Conection | H17: 4250 | L17: Water Conection | M17: 4250 | Q17: Water Conection | R17: 4250 | V17: Water Conection | W17: 4250 | AA17: Water Conection | AB17: 4250 | AF17: Water Conection | AG17: 4250 | AK17: Water Conection | AL17: 4250 | AP17: Water Conection | AQ17: 4250 | AU17: Water Conection | AV17: 4250
B18: Meralco Connection | C18: 17500 | D18: =C18/$C$11 -> 0.0043411499 | G18: Meralco Connection | H18: 17500 | I18: =H18/$C$11 -> 0.0043411499 | L18: Meralco Connection | M18: 17500 | N18: =M18/$C$11 -> 0.0043411499 | Q18: Meralco Connection | R18: 17500 | S18: =R18/$C$11 -> 0.0043411499 | V18: Meralco Connection | W18: 17500 | X18: =W18/$C$11 -> 0.0043411499 | AA18: Meralco Connection | AB18: 17500 | AC18: =AB18/$C$11 -> 0.0043411499 | AF18: Meralco Connection | AG18: 17500 | AH18: =AG18/$C$11 -> 0.0043411499 | AK18: Meralco Connection | AL18: 17500 | AM18: =AL18/$C$11 -> 0.0043411499 | AP18: Meralco Connection | AQ18: 17500 | AR18: =AQ18/$C$11 -> 0.0043411499 | AU18: Meralco Connection | AV18: 17500 | AW18: =AV18/$C$11 -> 0.0043411499
A20: 2 | B20: TCT cost | D20: =C20/$C$11 -> 0 | F20: 2 | G20: TCT cost | I20: =H20/$C$11 -> 0 | K20: 2 | L20: TCT cost | N20: =M20/$C$11 -> 0 | P20: 2 | Q20: TCT cost | S20: =R20/$C$11 -> 0 | U20: 2 | V20: TCT cost | X20: =W20/$C$11 -> 0 | Z20: 2 | AA20: TCT cost | AC20: =AB20/$C$11 -> 0 | AE20: 2 | AF20: TCT cost | AH20: =AG20/$C$11 -> 0 | AJ20: 2 | AK20: TCT cost | AM20: =AL20/$C$11 -> 0 | AO20: 2 | AP20: TCT cost | AR20: =AQ20/$C$11 -> 0 | AT20: 2 | AU20: TCT cost | AW20: =AV20/$C$11 -> 0
B21: DOAS Notarization | C21: 200 | D21: =C21/$C$11 -> 4.9613142e-05 | G21: DOAS Notarization | H21: 200 | I21: =H21/$C$11 -> 4.9613142e-05 | L21: DOAS Notarization | M21: 200 | N21: =M21/$C$11 -> 4.9613142e-05 | Q21: DOAS Notarization | R21: 200 | S21: =R21/$C$11 -> 4.9613142e-05 | V21: DOAS Notarization | W21: 200 | X21: =W21/$C$11 -> 4.9613142e-05 | AA21: DOAS Notarization | AB21: 200 | AC21: =AB21/$C$11 -> 4.9613142e-05 | AF21: DOAS Notarization | AG21: 200 | AH21: =AG21/$C$11 -> 4.9613142e-05 | AK21: DOAS Notarization | AL21: 200 | AM21: =AL21/$C$11 -> 4.9613142e-05 | AP21: DOAS Notarization | AQ21: 200 | AR21: =AQ21/$C$11 -> 4.9613142e-05 | AU21: DOAS Notarization | AV21: 200 | AW21: =AV21/$C$11 -> 4.9613142e-05
B22: Capital Gains | C22: =C11*6% -> 241871.4 | D22: =C22/$C$11 -> 0.06 | G22: Capital Gains | H22: =H11*6% -> 241992.9 | I22: =H22/$C$11 -> 0.06003014 | L22: Capital Gains | M22: =M11*6% -> 242009.1 | N22: =M22/$C$11 -> 0.060034159 | Q22: Capital Gains | R22: =R11*6% -> 241790.4 | S22: =R22/$C$11 -> 0.059979907 | V22: Capital Gains | W22: =W11*6% -> 241579.8 | X22: =W22/$C$11 -> 0.059927664 | AA22: Capital Gains | AB22: =AB11*6% -> 241369.2 | AC22: =AB22/$C$11 -> 0.059875421 | AF22: Capital Gains | AG22: =AG11*6% -> 241150.5 | AH22: =AG22/$C$11 -> 0.059821169 | AK22: Capital Gains | AL22: =AL11*6% -> 240300 | AM22: =AL22/$C$11 -> 0.05961019 | AP22: Capital Gains | AQ22: =AQ11*6% -> 240300 | AR22: =AQ22/$C$11 -> 0.05961019 | AU22: Capital Gains | AV22: =AV11*6% -> #REF! | AW22: =AV22/$C$11 -> #REF!
B23: Documetary Stamp Tax | C23: =C11*1.5% -> 60467.85 | D23: =C23/$C$11 -> 0.015 | G23: Documetary Stamp Tax | H23: =H11*1.5% -> 60498.225 | I23: =H23/$C$11 -> 0.015007535 | L23: Documetary Stamp Tax | M23: =M11*1.5% -> 60502.275 | N23: =M23/$C$11 -> 0.01500854 | Q23: Documetary Stamp Tax | R23: =R11*1.5% -> 60447.6 | S23: =R23/$C$11 -> 0.014994977 | V23: Documetary Stamp Tax | W23: =W11*1.5% -> 60394.95 | X23: =W23/$C$11 -> 0.014981916 | AA23: Documetary Stamp Tax | AB23: =AB11*1.5% -> 60342.3 | AC23: =AB23/$C$11 -> 0.014968855 | AF23: Documetary Stamp Tax | AG23: =AG11*1.5% -> 60287.625 | AH23: =AG23/$C$11 -> 0.014955292 | AK23: Documetary Stamp Tax | AL23: =AL11*1.5% -> 60075 | AM23: =AL23/$C$11 -> 0.014902547 | AP23: Documetary Stamp Tax | AQ23: =AQ11*1.5% -> 60075 | AR23: =AQ23/$C$11 -> 0.014902547 | AU23: Documetary Stamp Tax | AV23: =AV11*1.5% -> #REF! | AW23: =AV23/$C$11 -> #REF!
B24: TransferTax Fee | C24: =C11*0.87% -> 35071.353 | D24: =C24/$C$11 -> 0.0087 | G24: TransferTax Fee | H24: =H11*0.87% -> 35088.97 | I24: =H24/$C$11 -> 0.0087043703 | L24: TransferTax Fee | M24: =M11*0.87% -> 35091.319 | N24: =M24/$C$11 -> 0.008704953 | Q24: TransferTax Fee | R24: =R11*0.87% -> 35059.608 | S24: =R24/$C$11 -> 0.0086970865 | V24: TransferTax Fee | W24: =W11*0.87% -> 35029.071 | X24: =W24/$C$11 -> 0.0086895113 | AA24: TransferTax Fee | AB24: =AB11*0.87% -> 34998.534 | AC24: =AB24/$C$11 -> 0.0086819361 | AF24: TransferTax Fee | AG24: =AG11*0.87% -> 34966.822 | AH24: =AG24/$C$11 -> 0.0086740696 | AK24: TransferTax Fee | AL24: =AL11*0.87% -> 34843.5 | AM24: =AL24/$C$11 -> 0.0086434775 | AP24: TransferTax Fee | AQ24: =AQ11*0.87% -> 34843.5 | AR24: =AQ24/$C$11 -> 0.0086434775 | AU24: TransferTax Fee | AV24: =AV11*0.87% -> #REF! | AW24: =AV24/$C$11 -> #REF!
B25: SOP for Transfer Tax SOA & payment | C25: 300 | D25: =C25/$C$11 -> 7.4419712e-05 | G25: SOP for Transfer Tax SOA & payment | H25: 300 | I25: =H25/$C$11 -> 7.4419712e-05 | L25: SOP for Transfer Tax SOA & payment | M25: 300 | N25: =M25/$C$11 -> 7.4419712e-05 | Q25: SOP for Transfer Tax SOA & payment | R25: 300 | S25: =R25/$C$11 -> 7.4419712e-05 | V25: SOP for Transfer Tax SOA & payment | W25: 300 | X25: =W25/$C$11 -> 7.4419712e-05 | AA25: SOP for Transfer Tax SOA & payment | AB25: 300 | AC25: =AB25/$C$11 -> 7.4419712e-05 | AF25: SOP for Transfer Tax SOA & payment | AG25: 300 | AH25: =AG25/$C$11 -> 7.4419712e-05 | AK25: SOP for Transfer Tax SOA & payment | AL25: 300 | AM25: =AL25/$C$11 -> 7.4419712e-05 | AP25: SOP for Transfer Tax SOA & payment | AQ25: 300 | AR25: =AQ25/$C$11 -> 7.4419712e-05 | AU25: SOP for Transfer Tax SOA & payment | AV25: 300 | AW25: =AV25/$C$11 -> 7.4419712e-05
B26: TransferTax Certification Fee | C26: 50 | D26: =C26/$C$11 -> 1.2403285e-05 | G26: TransferTax Certification Fee | H26: 50 | I26: =H26/$C$11 -> 1.2403285e-05 | L26: TransferTax Certification Fee | M26: 50 | N26: =M26/$C$11 -> 1.2403285e-05 | Q26: TransferTax Certification Fee | R26: 50 | S26: =R26/$C$11 -> 1.2403285e-05 | V26: TransferTax Certification Fee | W26: 50 | X26: =W26/$C$11 -> 1.2403285e-05 | AA26: TransferTax Certification Fee | AB26: 50 | AC26: =AB26/$C$11 -> 1.2403285e-05 | AF26: TransferTax Certification Fee | AG26: 50 | AH26: =AG26/$C$11 -> 1.2403285e-05 | AK26: TransferTax Certification Fee | AL26: 50 | AM26: =AL26/$C$11 -> 1.2403285e-05 | AP26: TransferTax Certification Fee | AQ26: 50 | AR26: =AQ26/$C$11 -> 1.2403285e-05 | AU26: TransferTax Certification Fee | AV26: 50 | AW26: =AV26/$C$11 -> 1.2403285e-05
B27: SOP for Transfer Tax Certification | C27: 300 | D27: =C27/$C$11 -> 7.4419712e-05 | G27: SOP for Transfer Tax Certification | H27: 300 | I27: =H27/$C$11 -> 7.4419712e-05 | L27: SOP for Transfer Tax Certification | M27: 300 | N27: =M27/$C$11 -> 7.4419712e-05 | Q27: SOP for Transfer Tax Certification | R27: 300 | S27: =R27/$C$11 -> 7.4419712e-05 | V27: SOP for Transfer Tax Certification | W27: 300 | X27: =W27/$C$11 -> 7.4419712e-05 | AA27: SOP for Transfer Tax Certification | AB27: 300 | AC27: =AB27/$C$11 -> 7.4419712e-05 | AF27: SOP for Transfer Tax Certification | AG27: 300 | AH27: =AG27/$C$11 -> 7.4419712e-05 | AK27: SOP for Transfer Tax Certification | AL27: 300 | AM27: =AL27/$C$11 -> 7.4419712e-05 | AP27: SOP for Transfer Tax Certification | AQ27: 300 | AR27: =AQ27/$C$11 -> 7.4419712e-05 | AU27: SOP for Transfer Tax Certification | AV27: 300 | AW27: =AV27/$C$11 -> 7.4419712e-05
B28: Tax Clearance (Land&Building) | C28: 100 | D28: =C28/$C$11 -> 2.4806571e-05 | G28: Tax Clearance (Land&Building) | H28: 100 | I28: =H28/$C$11 -> 2.4806571e-05 | L28: Tax Clearance (Land&Building) | M28: 100 | N28: =M28/$C$11 -> 2.4806571e-05 | Q28: Tax Clearance (Land&Building) | R28: 100 | S28: =R28/$C$11 -> 2.4806571e-05 | V28: Tax Clearance (Land&Building) | W28: 100 | X28: =W28/$C$11 -> 2.4806571e-05 | AA28: Tax Clearance (Land&Building) | AB28: 100 | AC28: =AB28/$C$11 -> 2.4806571e-05 | AF28: Tax Clearance (Land&Building) | AG28: 100 | AH28: =AG28/$C$11 -> 2.4806571e-05 | AK28: Tax Clearance (Land&Building) | AL28: 100 | AM28: =AL28/$C$11 -> 2.4806571e-05 | AP28: Tax Clearance (Land&Building) | AQ28: 100 | AR28: =AQ28/$C$11 -> 2.4806571e-05 | AU28: Tax Clearance (Land&Building) | AV28: 100 | AW28: =AV28/$C$11 -> 2.4806571e-05
B29: SOP for Tax Clearance Land & Bldg. | C29: 200 | D29: =C29/$C$11 -> 4.9613142e-05 | G29: SOP for Tax Clearance Land & Bldg. | H29: 200 | I29: =H29/$C$11 -> 4.9613142e-05 | L29: SOP for Tax Clearance Land & Bldg. | M29: 200 | N29: =M29/$C$11 -> 4.9613142e-05 | Q29: SOP for Tax Clearance Land & Bldg. | R29: 200 | S29: =R29/$C$11 -> 4.9613142e-05 | V29: SOP for Tax Clearance Land & Bldg. | W29: 200 | X29: =W29/$C$11 -> 4.9613142e-05 | AA29: SOP for Tax Clearance Land & Bldg. | AB29: 200 | AC29: =AB29/$C$11 -> 4.9613142e-05 | AF29: SOP for Tax Clearance Land & Bldg. | AG29: 200 | AH29: =AG29/$C$11 -> 4.9613142e-05 | AK29: SOP for Tax Clearance Land & Bldg. | AL29: 200 | AM29: =AL29/$C$11 -> 4.9613142e-05 | AP29: SOP for Tax Clearance Land & Bldg. | AQ29: 200 | AR29: =AQ29/$C$11 -> 4.9613142e-05 | AU29: SOP for Tax Clearance Land & Bldg. | AV29: 200 | AW29: =AV29/$C$11 -> 4.9613142e-05
B30: Tax Declaration(Land) | C30: 100 | D30: =C30/$C$11 -> 2.4806571e-05 | G30: Tax Declaration(Land) | H30: 100 | I30: =H30/$C$11 -> 2.4806571e-05 | L30: Tax Declaration(Land) | M30: 100 | N30: =M30/$C$11 -> 2.4806571e-05 | Q30: Tax Declaration(Land) | R30: 100 | S30: =R30/$C$11 -> 2.4806571e-05 | V30: Tax Declaration(Land) | W30: 100 | X30: =W30/$C$11 -> 2.4806571e-05 | AA30: Tax Declaration(Land) | AB30: 100 | AC30: =AB30/$C$11 -> 2.4806571e-05 | AF30: Tax Declaration(Land) | AG30: 100 | AH30: =AG30/$C$11 -> 2.4806571e-05 | AK30: Tax Declaration(Land) | AL30: 100 | AM30: =AL30/$C$11 -> 2.4806571e-05 | AP30: Tax Declaration(Land) | AQ30: 100 | AR30: =AQ30/$C$11 -> 2.4806571e-05 | AU30: Tax Declaration(Land) | AV30: 100 | AW30: =AV30/$C$11 -> 2.4806571e-05
B31: Tax Declaration (Building) | C31: 100 | D31: =C31/$C$11 -> 2.4806571e-05 | G31: Tax Declaration (Building) | H31: 100 | I31: =H31/$C$11 -> 2.4806571e-05 | L31: Tax Declaration (Building) | M31: 100 | N31: =M31/$C$11 -> 2.4806571e-05 | Q31: Tax Declaration (Building) | R31: 100 | S31: =R31/$C$11 -> 2.4806571e-05 | V31: Tax Declaration (Building) | W31: 100 | X31: =W31/$C$11 -> 2.4806571e-05 | AA31: Tax Declaration (Building) | AB31: 100 | AC31: =AB31/$C$11 -> 2.4806571e-05 | AF31: Tax Declaration (Building) | AG31: 100 | AH31: =AG31/$C$11 -> 2.4806571e-05 | AK31: Tax Declaration (Building) | AL31: 100 | AM31: =AL31/$C$11 -> 2.4806571e-05 | AP31: Tax Declaration (Building) | AQ31: 100 | AR31: =AQ31/$C$11 -> 2.4806571e-05 | AU31: Tax Declaration (Building) | AV31: 100 | AW31: =AV31/$C$11 -> 2.4806571e-05
B32: eCAR Fee | C32: 100 | D32: =C32/$C$11 -> 2.4806571e-05 | G32: eCAR Fee | H32: 100 | I32: =H32/$C$11 -> 2.4806571e-05 | L32: eCAR Fee | M32: 100 | N32: =M32/$C$11 -> 2.4806571e-05 | Q32: eCAR Fee | R32: 100 | S32: =R32/$C$11 -> 2.4806571e-05 | V32: eCAR Fee | W32: 100 | X32: =W32/$C$11 -> 2.4806571e-05 | AA32: eCAR Fee | AB32: 100 | AC32: =AB32/$C$11 -> 2.4806571e-05 | AF32: eCAR Fee | AG32: 100 | AH32: =AG32/$C$11 -> 2.4806571e-05 | AK32: eCAR Fee | AL32: 100 | AM32: =AL32/$C$11 -> 2.4806571e-05 | AP32: eCAR Fee | AQ32: 100 | AR32: =AQ32/$C$11 -> 2.4806571e-05 | AU32: eCAR Fee | AV32: 100 | AW32: =AV32/$C$11 -> 2.4806571e-05
B33: Documentary Stamp (17 pcs@Php 50.00 each) | C33: 850 | D33: =C33/$C$11 -> 0.00021085585 | G33: Documentary Stamp (17 pcs@Php 50.00 each) | H33: 850 | I33: =H33/$C$11 -> 0.00021085585 | L33: Documentary Stamp (17 pcs@Php 50.00 each) | M33: 850 | N33: =M33/$C$11 -> 0.00021085585 | Q33: Documentary Stamp (17 pcs@Php 50.00 each) | R33: 850 | S33: =R33/$C$11 -> 0.00021085585 | V33: Documentary Stamp (17 pcs@Php 50.00 each) | W33: 850 | X33: =W33/$C$11 -> 0.00021085585 | AA33: Documentary Stamp (17 pcs@Php 50.00 each) | AB33: 850 | AC33: =AB33/$C$11 -> 0.00021085585 | AF33: Documentary Stamp (17 pcs@Php 50.00 each) | AG33: 850 | AH33: =AG33/$C$11 -> 0.00021085585 | AK33: Documentary Stamp (17 pcs@Php 50.00 each) | AL33: 850 | AM33: =AL33/$C$11 -> 0.00021085585 | AP33: Documentary Stamp (17 pcs@Php 50.00 each) | AQ33: 850 | AR33: =AQ33/$C$11 -> 0.00021085585 | AU33: Documentary Stamp (17 pcs@Php 50.00 each) | AV33: 850 | AW33: =AV33/$C$11 -> 0.00021085585
B34: Transfer Tax Declaration (Land) | C34: 100 | D34: =C34/$C$11 -> 2.4806571e-05 | G34: Transfer Tax Declaration (Land) | H34: 100 | I34: =H34/$C$11 -> 2.4806571e-05 | L34: Transfer Tax Declaration (Land) | M34: 100 | N34: =M34/$C$11 -> 2.4806571e-05 | Q34: Transfer Tax Declaration (Land) | R34: 100 | S34: =R34/$C$11 -> 2.4806571e-05 | V34: Transfer Tax Declaration (Land) | W34: 100 | X34: =W34/$C$11 -> 2.4806571e-05 | AA34: Transfer Tax Declaration (Land) | AB34: 100 | AC34: =AB34/$C$11 -> 2.4806571e-05 | AF34: Transfer Tax Declaration (Land) | AG34: 100 | AH34: =AG34/$C$11 -> 2.4806571e-05 | AK34: Transfer Tax Declaration (Land) | AL34: 100 | AM34: =AL34/$C$11 -> 2.4806571e-05 | AP34: Transfer Tax Declaration (Land) | AQ34: 100 | AR34: =AQ34/$C$11 -> 2.4806571e-05 | AU34: Transfer Tax Declaration (Land) | AV34: 100 | AW34: =AV34/$C$11 -> 2.4806571e-05
B35: Transfer Tax Declaration (Building) | C35: 100 | D35: =C35/$C$11 -> 2.4806571e-05 | G35: Transfer Tax Declaration (Building) | H35: 100 | I35: =H35/$C$11 -> 2.4806571e-05 | L35: Transfer Tax Declaration (Building) | M35: 100 | N35: =M35/$C$11 -> 2.4806571e-05 | Q35: Transfer Tax Declaration (Building) | R35: 100 | S35: =R35/$C$11 -> 2.4806571e-05 | V35: Transfer Tax Declaration (Building) | W35: 100 | X35: =W35/$C$11 -> 2.4806571e-05 | AA35: Transfer Tax Declaration (Building) | AB35: 100 | AC35: =AB35/$C$11 -> 2.4806571e-05 | AF35: Transfer Tax Declaration (Building) | AG35: 100 | AH35: =AG35/$C$11 -> 2.4806571e-05 | AK35: Transfer Tax Declaration (Building) | AL35: 100 | AM35: =AL35/$C$11 -> 2.4806571e-05 | AP35: Transfer Tax Declaration (Building) | AQ35: 100 | AR35: =AQ35/$C$11 -> 2.4806571e-05 | AU35: Transfer Tax Declaration (Building) | AV35: 100 | AW35: =AV35/$C$11 -> 2.4806571e-05
B36: SOP for Transfer Tax Dec (Land & Bldg.) | C36: 300 | D36: =C36/$C$11 -> 7.4419712e-05 | G36: SOP for Transfer Tax Dec (Land & Bldg.) | H36: 300 | I36: =H36/$C$11 -> 7.4419712e-05 | L36: SOP for Transfer Tax Dec (Land & Bldg.) | M36: 300 | N36: =M36/$C$11 -> 7.4419712e-05 | Q36: SOP for Transfer Tax Dec (Land & Bldg.) | R36: 300 | S36: =R36/$C$11 -> 7.4419712e-05 | V36: SOP for Transfer Tax Dec (Land & Bldg.) | W36: 300 | X36: =W36/$C$11 -> 7.4419712e-05 | AA36: SOP for Transfer Tax Dec (Land & Bldg.) | AB36: 300 | AC36: =AB36/$C$11 -> 7.4419712e-05 | AF36: SOP for Transfer Tax Dec (Land & Bldg.) | AG36: 300 | AH36: =AG36/$C$11 -> 7.4419712e-05 | AK36: SOP for Transfer Tax Dec (Land & Bldg.) | AL36: 300 | AM36: =AL36/$C$11 -> 7.4419712e-05 | AP36: SOP for Transfer Tax Dec (Land & Bldg.) | AQ36: 300 | AR36: =AQ36/$C$11 -> 7.4419712e-05 | AU36: SOP for Transfer Tax Dec (Land & Bldg.) | AV36: 300 | AW36: =AV36/$C$11 -> 7.4419712e-05
... B43: REPRESENTATION | C43: 10000 | D43: =C43/$C$11 -> 0.0024806571 | G43: REPRESENTATION | H43: 10000 | I43: =H43/$C$11 -> 0.0024806571 | L43: REPRESENTATION | M43: 10000 | N43: =M43/$C$11 -> 0.0024806571 | Q43: REPRESENTATION | R43: 10000 | S43: =R43/$C$11 -> 0.0024806571 | V43: REPRESENTATION | W43: 10000 | X43: =W43/$C$11 -> 0.0024806571 | AA43: REPRESENTATION | AB43: 10000 | AC43: =AB43/$C$11 -> 0.0024806571 | AF43: REPRESENTATION | AG43: 10000 | AH43: =AG43/$C$11 -> 0.0024806571 | AK43: REPRESENTATION | AL43: 10000 | AM43: =AL43/$C$11 -> 0.0024806571 | AP43: REPRESENTATION | AQ43: 10000 | AR43: =AQ43/$C$11 -> 0.0024806571 | AU43: REPRESENTATION | AV43: 10000 | AW43: =AV43/$C$11 -> 0.0024806571
B44: Bank Fees (2.5%) | C44: =C11*2.5% -> 100779.75 | D44: =C44/$C$11 -> 0.025 | G44: Bank Fees (2.5%) | H44: =H11*2.5% -> 100830.38 | I44: =H44/$C$11 -> 0.025012558 | L44: Bank Fees (2.5%) | M44: =M11*2.5% -> 100837.12 | N44: =M44/$C$11 -> 0.025014233 | Q44: Bank Fees (2.5%) | R44: =R11*2.5% -> 100746 | S44: =R44/$C$11 -> 0.024991628 | V44: Bank Fees (2.5%) | W44: =W11*2.5% -> 100658.25 | X44: =W44/$C$11 -> 0.02496986 | AA44: Bank Fees (2.5%) | AB44: =AB11*2.5% -> 100570.5 | AC44: =AB44/$C$11 -> 0.024948092 | AF44: Bank Fees (2.5%) | AG44: =AG11*2.5% -> 100479.38 | AH44: =AG44/$C$11 -> 0.024925487 | AK44: Bank Fees (2.5%) | AL44: =AL11*2.5% -> 100125 | AM44: =AL44/$C$11 -> 0.024837579 | AP44: Bank Fees (2.5%) | AQ44: =AQ11*2.5% -> 100125 | AR44: =AQ44/$C$11 -> 0.024837579 | AU44: Bank Fees (2.5%) | AV44: =AV11*2.5% -> #REF! | AW44: =AV44/$C$11 -> #REF!
A46: TOTAL | C46: =SUM(C15:C44) -> 509840.35 | D46: =C46/C11 -> 0.12647391 | F46: TOTAL | H46: =SUM(H15:H44) -> 510060.47 | I46: =H46/H11 -> 0.12646498 | K46: TOTAL | M46: =SUM(M15:M44) -> 510089.82 | N46: =M46/M11 -> 0.12646379 | P46: TOTAL | R46: =SUM(R15:R44) -> 509693.61 | S46: =R46/R11 -> 0.12647986 | U46: TOTAL | W46: =SUM(W15:W44) -> 509312.07 | X46: =W46/W11 -> 0.12649536 | Z46: TOTAL | AB46: =SUM(AB15:AB44) -> 508930.53 | AC46: =AB46/AB11 -> 0.12651089 | AE46: TOTAL | AG46: =SUM(AG15:AG44) -> 508534.32 | AH46: =AG46/AG11 -> 0.12652704 | AJ46: TOTAL | AL46: =SUM(AL15:AL44) -> 506993.5 | AM46: =AL46/AL11 -> 0.12659014 | AO46: TOTAL | AQ46: =SUM(AQ15:AQ44) -> 506993.5 | AR46: =AQ46/AQ11 -> 0.12659014 | AT46: TOTAL | AV46: =SUM(AV15:AV44) -> #REF! | AW46: =AV46/AV11 -> #REF!
B47: Actual LMF and Percentage from Total Selling Price | C47: =C46/C4 -> 0.056913259 | G47: Actual LMF and Percentage from Total Selling Price | H47: =H46/H4 -> 0.056909243 | L47: Actual LMF and Percentage from Total Selling Price | M47: =M46/M4 -> 0.056908708 | Q47: Actual LMF and Percentage from Total Selling Price | R47: =R46/R4 -> 0.056915938 | V47: Actual LMF and Percentage from Total Selling Price | W47: =W46/W4 -> 0.056922913 | AA47: Actual LMF and Percentage from Total Selling Price | AB47: =AB46/AB4 -> 0.0569299 | AF47: Actual LMF and Percentage from Total Selling Price | AG47: =AG46/AG4 -> 0.056937169 | AK47: Actual LMF and Percentage from Total Selling Price | AL47: =AL46/AL4 -> 0.056965562 | AP47: Actual LMF and Percentage from Total Selling Price | AQ47: =AQ46/AQ4 -> 0.056965562 | AU47: Actual LMF and Percentage from Total Selling Price | AV47: =AV46/AV4 -> #REF!
A48: EXCESS AMOUNT | C48: =C12-C46 -> 385979.65 | F48: EXCESS AMOUNT | H48: =H12-H46 -> 386209.53 | K48: EXCESS AMOUNT | M48: =M12-M46 -> 386240.18 | P48: EXCESS AMOUNT | R48: =R12-R46 -> 385826.39 | U48: EXCESS AMOUNT | W48: =W12-W46 -> 385427.93 | Z48: EXCESS AMOUNT | AB48: =AB12-AB46 -> 385029.47 | AE48: EXCESS AMOUNT | AG48: =AG12-AG46 -> 384615.68 | AJ48: EXCESS AMOUNT | AL48: =AL12-AL46 -> 383006.5 | AO48: EXCESS AMOUNT | AQ48: =AQ12-AQ46 -> 383006.5 | AT48: EXCESS AMOUNT | AV48: =AV12-AV46 -> #REF!
A52: NOTE: THIS IS ONLY FOR THE GOVERNMENT COMPLIANCE EXPENSES

Sheet LMF - LOT ONLY
A1: Elements
A2: LEGAL AND MISCELLANEOUS FEES
B4: NET SELLING PRICE | C4: ='Pricelist Standard'!AC9 -> 8958200 | G4: NET SELLING PRICE | H4: ='Pricelist Standard'!AC10 -> 8962700 | L4: NET SELLING PRICE | M4: ='Pricelist Standard'!AC11 -> 8963300 | Q4: NET SELLING PRICE | R4: ='Pricelist Standard'!AC12 -> 8955200 | V4: NET SELLING PRICE | W4: ='Pricelist Standard'!AC13 -> 8947400 | AA4: NET SELLING PRICE | AB4: ='Pricelist Standard'!AC14 -> 8939600 | AF4: NET SELLING PRICE | AG4: ='Pricelist Standard'!AC15 -> 8931500 | AK4: NET SELLING PRICE | AL4: ='Pricelist Standard'!AC16 -> 8900000 | AP4: NET SELLING PRICE | AQ4: ='Pricelist Standard'!AC17 -> 8900000 | AU4: NET SELLING PRICE | AV4: ='Pricelist Standard'!#REF! -> #REF!
A6: LOW | F6: MID | K6: HIGH | P6: HIGH | U6: HIGH | Z6: HIGH | AE6: HIGH | AJ6: HIGH | AO6: HIGH | AT6: HIGH
A7: PARTICULAR | C7: (5%) | F7: PARTICULAR | H7: (5%) | K7: PARTICULAR | M7: (5%) | P7: PARTICULAR | R7: (5%) | U7: PARTICULAR | W7: (5%) | Z7: PARTICULAR | AB7: (5%) | AE7: PARTICULAR | AG7: (5%) | AJ7: PARTICULAR | AL7: (5%) | AO7: PARTICULAR | AQ7: (5%) | AT7: PARTICULAR | AV7: (5%)
A8: PROJECT | B8: Unit 1 | F8: PROJECT | G8: Unit 2 | K8: PROJECT | L8: Unit 3 | P8: PROJECT | Q8: Unit 4 | U8: PROJECT | V8: Unit 5 | Z8: PROJECT | AA8: Unit 6 | AE8: PROJECT | AF8: Unit 7 | AJ8: PROJECT | AK8: Unit 8 | AO8: PROJECT | AP8: Unit 9 | AT8: PROJECT | AU8: Unit 10
A9: Gross Area | C9: 72 | F9: Gross Area | H9: 72 | K9: Gross Area | M9: 72 | P9: Gross Area | R9: 72 | U9: Gross Area | W9: 72 | Z9: Gross Area | AB9: 72 | AE9: Gross Area | AG9: 72 | AJ9: Gross Area | AL9: 72 | AO9: Gross Area | AQ9: 72 | AT9: Gross Area | AV9: 72
A10: SP/SQM | B10: LOT ONLY | C10: 32500 | F10: SP/SQM | G10: LOT ONLY | H10: 32500 | K10: SP/SQM | L10: LOT ONLY | M10: 32500 | P10: SP/SQM | Q10: LOT ONLY | R10: 32500 | U10: SP/SQM | V10: LOT ONLY | W10: 32500 | Z10: SP/SQM | AA10: LOT ONLY | AB10: 32500 | AE10: SP/SQM | AF10: LOT ONLY | AG10: 32500 | AJ10: SP/SQM | AK10: LOT ONLY | AL10: 32500 | AO10: SP/SQM | AP10: LOT ONLY | AQ10: 32500 | AT10: SP/SQM | AU10: LOT ONLY | AV10: 32500
A11: TSP | B11: CTS and DOAS Amount (Lot Only) | C11: =C9*C10 -> 2340000 | F11: TSP | G11: CTS and DOAS Amount (Lot Only) | H11: =H9*H10 -> 2340000 | K11: TSP | L11: CTS and DOAS Amount (Lot Only) | M11: =M9*M10 -> 2340000 | P11: TSP | Q11: CTS and DOAS Amount (Lot Only) | R11: =R9*R10 -> 2340000 | U11: TSP | V11: CTS and DOAS Amount (Lot Only) | W11: =W9*W10 -> 2340000 | Z11: TSP | AA11: CTS and DOAS Amount (Lot Only) | AB11: =AB9*AB10 -> 2340000 | AE11: TSP | AF11: CTS and DOAS Amount (Lot Only) | AG11: =AG9*AG10 -> 2340000 | AJ11: TSP | AK11: CTS and DOAS Amount (Lot Only) | AL11: =AL9*AL10 -> 2340000 | AO11: TSP | AP11: CTS and DOAS Amount (Lot Only) | AQ11: =AQ9*AQ10 -> 2340000 | AT11: TSP | AU11: CTS and DOAS Amount (Lot Only) | AV11: =AV9*AV10 -> 2340000
B12: ( + ) Capital Gain Tax | C12: =C11*D12 -> 140400 | D12: 0.06 | G12: ( + ) Capital Gain Tax | H12: =H11*I12 -> 140400 | I12: 0.06 | L12: ( + ) Capital Gain Tax | M12: =M11*N12 -> 140400 | N12: 0.06 | Q12: ( + ) Capital Gain Tax | R12: =R11*S12 -> 140400 | S12: 0.06 | V12: ( + ) Capital Gain Tax | W12: =W11*X12 -> 140400 | X12: 0.06 | AA12: ( + ) Capital Gain Tax | AB12: =AB11*AC12 -> 140400 | AC12: 0.06 | AF12: ( + ) Capital Gain Tax | AG12: =AG11*AH12 -> 140400 | AH12: 0.06 | AK12: ( + ) Capital Gain Tax | AL12: =AL11*AM12 -> 140400 | AM12: 0.06 | AP12: ( + ) Capital Gain Tax | AQ12: =AQ11*AR12 -> 140400 | AR12: 0.06 | AU12: ( + ) Capital Gain Tax | AV12: =AV11*AW12 -> 140400 | AW12: 0.06
B13: ( + ) Commission | C13: =C11*D13 -> 140400 | D13: 0.06 | G13: ( + ) Commission | H13: =H11*I13 -> 140400 | I13: 0.06 | L13: ( + ) Commission | M13: =M11*N13 -> 140400 | N13: 0.06 | Q13: ( + ) Commission | R13: =R11*S13 -> 140400 | S13: 0.06 | V13: ( + ) Commission | W13: =W11*X13 -> 140400 | X13: 0.06 | AA13: ( + ) Commission | AB13: =AB11*AC13 -> 140400 | AC13: 0.06 | AF13: ( + ) Commission | AG13: =AG11*AH13 -> 140400 | AH13: 0.06 | AK13: ( + ) Commission | AL13: =AL11*AM13 -> 140400 | AM13: 0.06 | AP13: ( + ) Commission | AQ13: =AQ11*AR13 -> 140400 | AR13: 0.06 | AU13: ( + ) Commission | AV13: =AV11*AW13 -> 140400 | AW13: 0.06
B14: ( = ) Total Selling Price | C14: =SUM(C11:C13) -> 2620800 | G14: ( = ) Total Selling Price | H14: =SUM(H11:H13) -> 2620800 | L14: ( = ) Total Selling Price | M14: =SUM(M11:M13) -> 2620800 | Q14: ( = ) Total Selling Price | R14: =SUM(R11:R13) -> 2620800 | V14: ( = ) Total Selling Price | W14: =SUM(W11:W13) -> 2620800 | AA14: ( = ) Total Selling Price | AB14: =SUM(AB11:AB13) -> 2620800 | AF14: ( = ) Total Selling Price | AG14: =SUM(AG11:AG13) -> 2620800 | AK14: ( = ) Total Selling Price | AL14: =SUM(AL11:AL13) -> 2620800 | AP14: ( = ) Total Selling Price | AQ14: =SUM(AQ11:AQ13) -> 2620800 | AU14: ( = ) Total Selling Price | AV14: =SUM(AV11:AV13) -> 2620800
A18: 1 | B18: Processing fees | F18: 1 | G18: Processing fees | K18: 1 | L18: Processing fees | P18: 1 | Q18: Processing fees | U18: 1 | V18: Processing fees | Z18: 1 | AA18: Processing fees | AE18: 1 | AF18: Processing fees | AJ18: 1 | AK18: Processing fees | AO18: 1 | AP18: Processing fees | AT18: 1 | AU18: Processing fees
B19: Fire extinguisher (2 pcs) | D19: =C19/$C$11 -> 0 | G19: Fire extinguisher (2 pcs) | I19: =H19/$C$11 -> 0 | L19: Fire extinguisher (2 pcs) | N19: =M19/$C$11 -> 0 | Q19: Fire extinguisher (2 pcs) | S19: =R19/$C$11 -> 0 | V19: Fire extinguisher (2 pcs) | X19: =W19/$C$11 -> 0 | AA19: Fire extinguisher (2 pcs) | AC19: =AB19/$C$11 -> 0 | AF19: Fire extinguisher (2 pcs) | AH19: =AG19/$C$11 -> 0 | AK19: Fire extinguisher (2 pcs) | AM19: =AL19/$C$11 -> 0 | AP19: Fire extinguisher (2 pcs) | AR19: =AQ19/$C$11 -> 0 | AU19: Fire extinguisher (2 pcs) | AW19: =AV19/$C$11 -> 0
B20: Occupancy Permit | D20: =C20/$C$11 -> 0 | G20: Occupancy Permit | I20: =H20/$C$11 -> 0 | L20: Occupancy Permit | N20: =M20/$C$11 -> 0 | Q20: Occupancy Permit | S20: =R20/$C$11 -> 0 | V20: Occupancy Permit | X20: =W20/$C$11 -> 0 | AA20: Occupancy Permit | AC20: =AB20/$C$11 -> 0 | AF20: Occupancy Permit | AH20: =AG20/$C$11 -> 0 | AK20: Occupancy Permit | AM20: =AL20/$C$11 -> 0 | AP20: Occupancy Permit | AR20: =AQ20/$C$11 -> 0 | AU20: Occupancy Permit | AW20: =AV20/$C$11 -> 0
B21: Water Conection | G21: Water Conection | L21: Water Conection | Q21: Water Conection | V21: Water Conection | AA21: Water Conection | AF21: Water Conection | AK21: Water Conection | AP21: Water Conection | AU21: Water Conection
B22: Meralco Connection | D22: =C22/$C$11 -> 0 | G22: Meralco Connection | I22: =H22/$C$11 -> 0 | L22: Meralco Connection | N22: =M22/$C$11 -> 0 | Q22: Meralco Connection | S22: =R22/$C$11 -> 0 | V22: Meralco Connection | X22: =W22/$C$11 -> 0 | AA22: Meralco Connection | AC22: =AB22/$C$11 -> 0 | AF22: Meralco Connection | AH22: =AG22/$C$11 -> 0 | AK22: Meralco Connection | AM22: =AL22/$C$11 -> 0 | AP22: Meralco Connection | AR22: =AQ22/$C$11 -> 0 | AU22: Meralco Connection | AW22: =AV22/$C$11 -> 0
A24: 2 | B24: TCT cost | D24: =C24/$C$11 -> 0 | F24: 2 | G24: TCT cost | I24: =H24/$C$11 -> 0 | K24: 2 | L24: TCT cost | N24: =M24/$C$11 -> 0 | P24: 2 | Q24: TCT cost | S24: =R24/$C$11 -> 0 | U24: 2 | V24: TCT cost | X24: =W24/$C$11 -> 0 | Z24: 2 | AA24: TCT cost | AC24: =AB24/$C$11 -> 0 | AE24: 2 | AF24: TCT cost | AH24: =AG24/$C$11 -> 0 | AJ24: 2 | AK24: TCT cost | AM24: =AL24/$C$11 -> 0 | AO24: 2 | AP24: TCT cost | AR24: =AQ24/$C$11 -> 0 | AT24: 2 | AU24: TCT cost | AW24: =AV24/$C$11 -> 0
B25: DOAS Notarization | D25: =C25/$C$11 -> 0 | G25: DOAS Notarization | I25: =H25/$C$11 -> 0 | L25: DOAS Notarization | N25: =M25/$C$11 -> 0 | Q25: DOAS Notarization | S25: =R25/$C$11 -> 0 | V25: DOAS Notarization | X25: =W25/$C$11 -> 0 | AA25: DOAS Notarization | AC25: =AB25/$C$11 -> 0 | AF25: DOAS Notarization | AH25: =AG25/$C$11 -> 0 | AK25: DOAS Notarization | AM25: =AL25/$C$11 -> 0 | AP25: DOAS Notarization | AR25: =AQ25/$C$11 -> 0 | AU25: DOAS Notarization | AW25: =AV25/$C$11 -> 0
B26: Capital Gains | D26: =C26/$C$11 -> 0 | G26: Capital Gains | I26: =H26/$C$11 -> 0 | L26: Capital Gains | N26: =M26/$C$11 -> 0 | Q26: Capital Gains | S26: =R26/$C$11 -> 0 | V26: Capital Gains | X26: =W26/$C$11 -> 0 | AA26: Capital Gains | AC26: =AB26/$C$11 -> 0 | AF26: Capital Gains | AH26: =AG26/$C$11 -> 0 | AK26: Capital Gains | AM26: =AL26/$C$11 -> 0 | AP26: Capital Gains | AR26: =AQ26/$C$11 -> 0 | AU26: Capital Gains | AW26: =AV26/$C$11 -> 0
B27: Documetary Stamp Tax | D27: =C27/$C$11 -> 0 | G27: Documetary Stamp Tax | I27: =H27/$C$11 -> 0 | L27: Documetary Stamp Tax | N27: =M27/$C$11 -> 0 | Q27: Documetary Stamp Tax | S27: =R27/$C$11 -> 0 | V27: Documetary Stamp Tax | X27: =W27/$C$11 -> 0 | AA27: Documetary Stamp Tax | AC27: =AB27/$C$11 -> 0 | AF27: Documetary Stamp Tax | AH27: =AG27/$C$11 -> 0 | AK27: Documetary Stamp Tax | AM27: =AL27/$C$11 -> 0 | AP27: Documetary Stamp Tax | AR27: =AQ27/$C$11 -> 0 | AU27: Documetary Stamp Tax | AW27: =AV27/$C$11 -> 0
B28: TransferTax Fee | D28: =C28/$C$11 -> 0 | G28: TransferTax Fee | I28: =H28/$C$11 -> 0 | L28: TransferTax Fee | N28: =M28/$C$11 -> 0 | Q28: TransferTax Fee | S28: =R28/$C$11 -> 0 | V28: TransferTax Fee | X28: =W28/$C$11 -> 0 | AA28: TransferTax Fee | AC28: =AB28/$C$11 -> 0 | AF28: TransferTax Fee | AH28: =AG28/$C$11 -> 0 | AK28: TransferTax Fee | AM28: =AL28/$C$11 -> 0 | AP28: TransferTax Fee | AR28: =AQ28/$C$11 -> 0 | AU28: TransferTax Fee | AW28: =AV28/$C$11 -> 0
B29: SOP for Transfer Tax SOA & payment | D29: =C29/$C$11 -> 0 | G29: SOP for Transfer Tax SOA & payment | I29: =H29/$C$11 -> 0 | L29: SOP for Transfer Tax SOA & payment | N29: =M29/$C$11 -> 0 | Q29: SOP for Transfer Tax SOA & payment | S29: =R29/$C$11 -> 0 | V29: SOP for Transfer Tax SOA & payment | X29: =W29/$C$11 -> 0 | AA29: SOP for Transfer Tax SOA & payment | AC29: =AB29/$C$11 -> 0 | AF29: SOP for Transfer Tax SOA & payment | AH29: =AG29/$C$11 -> 0 | AK29: SOP for Transfer Tax SOA & payment | AM29: =AL29/$C$11 -> 0 | AP29: SOP for Transfer Tax SOA & payment | AR29: =AQ29/$C$11 -> 0 | AU29: SOP for Transfer Tax SOA & payment | AW29: =AV29/$C$11 -> 0
B30: TransferTax Certification Fee | D30: =C30/$C$11 -> 0 | G30: TransferTax Certification Fee | I30: =H30/$C$11 -> 0 | L30: TransferTax Certification Fee | N30: =M30/$C$11 -> 0 | Q30: TransferTax Certification Fee | S30: =R30/$C$11 -> 0 | V30: TransferTax Certification Fee | X30: =W30/$C$11 -> 0 | AA30: TransferTax Certification Fee | AC30: =AB30/$C$11 -> 0 | AF30: TransferTax Certification Fee | AH30: =AG30/$C$11 -> 0 | AK30: TransferTax Certification Fee | AM30: =AL30/$C$11 -> 0 | AP30: TransferTax Certification Fee | AR30: =AQ30/$C$11 -> 0 | AU30: TransferTax Certification Fee | AW30: =AV30/$C$11 -> 0
B31: SOP for Transfer Tax Certification | D31: =C31/$C$11 -> 0 | G31: SOP for Transfer Tax Certification | I31: =H31/$C$11 -> 0 | L31: SOP for Transfer Tax Certification | N31: =M31/$C$11 -> 0 | Q31: SOP for Transfer Tax Certification | S31: =R31/$C$11 -> 0 | V31: SOP for Transfer Tax Certification | X31: =W31/$C$11 -> 0 | AA31: SOP for Transfer Tax Certification | AC31: =AB31/$C$11 -> 0 | AF31: SOP for Transfer Tax Certification | AH31: =AG31/$C$11 -> 0 | AK31: SOP for Transfer Tax Certification | AM31: =AL31/$C$11 -> 0 | AP31: SOP for Transfer Tax Certification | AR31: =AQ31/$C$11 -> 0 | AU31: SOP for Transfer Tax Certification | AW31: =AV31/$C$11 -> 0
B32: Tax Clearance (Land&Building) | D32: =C32/$C$11 -> 0 | G32: Tax Clearance (Land&Building) | I32: =H32/$C$11 -> 0 | L32: Tax Clearance (Land&Building) | N32: =M32/$C$11 -> 0 | Q32: Tax Clearance (Land&Building) | S32: =R32/$C$11 -> 0 | V32: Tax Clearance (Land&Building) | X32: =W32/$C$11 -> 0 | AA32: Tax Clearance (Land&Building) | AC32: =AB32/$C$11 -> 0 | AF32: Tax Clearance (Land&Building) | AH32: =AG32/$C$11 -> 0 | AK32: Tax Clearance (Land&Building) | AM32: =AL32/$C$11 -> 0 | AP32: Tax Clearance (Land&Building) | AR32: =AQ32/$C$11 -> 0 | AU32: Tax Clearance (Land&Building) | AW32: =AV32/$C$11 -> 0
B33: SOP for Tax Clearance Land & Bldg. | D33: =C33/$C$11 -> 0 | G33: SOP for Tax Clearance Land & Bldg. | I33: =H33/$C$11 -> 0 | L33: SOP for Tax Clearance Land & Bldg. | N33: =M33/$C$11 -> 0 | Q33: SOP for Tax Clearance Land & Bldg. | S33: =R33/$C$11 -> 0 | V33: SOP for Tax Clearance Land & Bldg. | X33: =W33/$C$11 -> 0 | AA33: SOP for Tax Clearance Land & Bldg. | AC33: =AB33/$C$11 -> 0 | AF33: SOP for Tax Clearance Land & Bldg. | AH33: =AG33/$C$11 -> 0 | AK33: SOP for Tax Clearance Land & Bldg. | AM33: =AL33/$C$11 -> 0 | AP33: SOP for Tax Clearance Land & Bldg. | AR33: =AQ33/$C$11 -> 0 | AU33: SOP for Tax Clearance Land & Bldg. | AW33: =AV33/$C$11 -> 0
B34: Tax Declaration(Land) | D34: =C34/$C$11 -> 0 | G34: Tax Declaration(Land) | I34: =H34/$C$11 -> 0 | L34: Tax Declaration(Land) | N34: =M34/$C$11 -> 0 | Q34: Tax Declaration(Land) | S34: =R34/$C$11 -> 0 | V34: Tax Declaration(Land) | X34: =W34/$C$11 -> 0 | AA34: Tax Declaration(Land) | AC34: =AB34/$C$11 -> 0 | AF34: Tax Declaration(Land) | AH34: =AG34/$C$11 -> 0 | AK34: Tax Declaration(Land) | AM34: =AL34/$C$11 -> 0 | AP34: Tax Declaration(Land) | AR34: =AQ34/$C$11 -> 0 | AU34: Tax Declaration(Land) | AW34: =AV34/$C$11 -> 0
B35: Tax Declaration (Building) | D35: =C35/$C$11 -> 0 | G35: Tax Declaration (Building) | I35: =H35/$C$11 -> 0 | L35: Tax Declaration (Building) | N35: =M35/$C$11 -> 0 | Q35: Tax Declaration (Building) | S35: =R35/$C$11 -> 0 | V35: Tax Declaration (Building) | X35: =W35/$C$11 -> 0 | AA35: Tax Declaration (Building) | AC35: =AB35/$C$11 -> 0 | AF35: Tax Declaration (Building) | AH35: =AG35/$C$11 -> 0 | AK35: Tax Declaration (Building) | AM35: =AL35/$C$11 -> 0 | AP35: Tax Declaration (Building) | AR35: =AQ35/$C$11 -> 0 | AU35: Tax Declaration (Building) | AW35: =AV35/$C$11 -> 0
B36: eCAR Fee | D36: =C36/$C$11 -> 0 | G36: eCAR Fee | I36: =H36/$C$11 -> 0 | L36: eCAR Fee | N36: =M36/$C$11 -> 0 | Q36: eCAR Fee | S36: =R36/$C$11 -> 0 | V36: eCAR Fee | X36: =W36/$C$11 -> 0 | AA36: eCAR Fee | AC36: =AB36/$C$11 -> 0 | AF36: eCAR Fee | AH36: =AG36/$C$11 -> 0 | AK36: eCAR Fee | AM36: =AL36/$C$11 -> 0 | AP36: eCAR Fee | AR36: =AQ36/$C$11 -> 0 | AU36: eCAR Fee | AW36: =AV36/$C$11 -> 0
... B48: Bank Fees (2.5%) | D48: =C48/$C$11 -> 0 | G48: Bank Fees (2.5%) | I48: =H48/$C$11 -> 0 | L48: Bank Fees (2.5%) | N48: =M48/$C$11 -> 0 | Q48: Bank Fees (2.5%) | S48: =R48/$C$11 -> 0 | V48: Bank Fees (2.5%) | X48: =W48/$C$11 -> 0 | AA48: Bank Fees (2.5%) | AC48: =AB48/$C$11 -> 0 | AF48: Bank Fees (2.5%) | AH48: =AG48/$C$11 -> 0 | AK48: Bank Fees (2.5%) | AM48: =AL48/$C$11 -> 0 | AP48: Bank Fees (2.5%) | AR48: =AQ48/$C$11 -> 0 | AU48: Bank Fees (2.5%) | AW48: =AV48/$C$11 -> 0
A50: TOTAL | C50: =SUM(C19:C48) -> 0 | D50: =C50/C11 -> 0 | F50: TOTAL | H50: =SUM(H19:H48) -> 0 | I50: =H50/H11 -> 0 | K50: TOTAL | M50: =SUM(M19:M48) -> 0 | N50: =M50/M11 -> 0 | P50: TOTAL | R50: =SUM(R19:R48) -> 0 | S50: =R50/R11 -> 0 | U50: TOTAL | W50: =SUM(W19:W48) -> 0 | X50: =W50/W11 -> 0 | Z50: TOTAL | AB50: =SUM(AB19:AB48) -> 0 | AC50: =AB50/AB11 -> 0 | AE50: TOTAL | AG50: =SUM(AG19:AG48) -> 0 | AH50: =AG50/AG11 -> 0 | AJ50: TOTAL | AL50: =SUM(AL19:AL48) -> 0 | AM50: =AL50/AL11 -> 0 | AO50: TOTAL | AQ50: =SUM(AQ19:AQ48) -> 0 | AR50: =AQ50/AQ11 -> 0 | AT50: TOTAL | AV50: =SUM(AV19:AV48) -> 0 | AW50: =AV50/AV11 -> 0
B51: Actual LMF and Percentage from Total Selling Price | C51: =C50/C4 -> 0 | G51: Actual LMF and Percentage from Total Selling Price | H51: =H50/H4 -> 0 | L51: Actual LMF and Percentage from Total Selling Price | M51: =M50/M4 -> 0 | Q51: Actual LMF and Percentage from Total Selling Price | R51: =R50/R4 -> 0 | V51: Actual LMF and Percentage from Total Selling Price | W51: =W50/W4 -> 0 | AA51: Actual LMF and Percentage from Total Selling Price | AB51: =AB50/AB4 -> 0 | AF51: Actual LMF and Percentage from Total Selling Price | AG51: =AG50/AG4 -> 0 | AK51: Actual LMF and Percentage from Total Selling Price | AL51: =AL50/AL4 -> 0 | AP51: Actual LMF and Percentage from Total Selling Price | AQ51: =AQ50/AQ4 -> 0 | AU51: Actual LMF and Percentage from Total Selling Price | AV51: =AV50/AV4 -> #REF!
A52: EXCESS AMOUNT | C52: =C16-C50 -> 0 | F52: EXCESS AMOUNT | H52: =H16-H50 -> 0 | K52: EXCESS AMOUNT | M52: =M16-M50 -> 0 | P52: EXCESS AMOUNT | R52: =R16-R50 -> 0 | U52: EXCESS AMOUNT | W52: =W16-W50 -> 0 | Z52: EXCESS AMOUNT | AB52: =AB16-AB50 -> 0 | AE52: EXCESS AMOUNT | AG52: =AG16-AG50 -> 0 | AJ52: EXCESS AMOUNT | AL52: =AL16-AL50 -> 0 | AO52: EXCESS AMOUNT | AQ52: =AQ16-AQ50 -> 0 | AT52: EXCESS AMOUNT | AV52: =AV16-AV50 -> 0
C53: =C52/C11 -> 0 | H53: =H52/H11 -> 0 | M53: =M52/M11 -> 0 | R53: =R52/R11 -> 0 | W53: =W52/W11 -> 0 | AB53: =AB52/AB11 -> 0 | AG53: =AG52/AG11 -> 0 | AL53: =AL52/AL11 -> 0 | AQ53: =AQ52/AQ11 -> 0 | AV53: =AV52/AV11 -> 0
A56: NOTE: THIS IS ONLY FOR THE GOVERNMENT COMPLIANCE EXPENSES

Sheet SPC San Diego A
J1: 0.01
B2: DATE : | C2: =NOW() -> 45849.956 | F2: PAGE | G2: 1 of 1 | K2: DATE : | L2: =C2 -> 45849.956
B4: STANDARD PACKAGE COMPUTATION | K4: PAYMENT SCHEDULE
B6: CLIENT'S NAME | D6: : | K6: CLIENT'S NAME | M6: : | N6: =E6 -> 0
B7: PROJECT NAME | D7: : | E7: The Elements Las Piñas | K7: PROJECT NAME | M7: : | N7: =E7 -> The Elements Las Piñas
B8: UNIT NUMBER | D8: : | E8: San Diego Unit A | K8: UNIT NUMBER | M8: : | N8: =E8 -> San Diego Unit A
B9: TOWER | D9: : | E9: N/A | K9: TOWER | M9: : | N9: =E9 -> N/A
B10: UNIT TYPE | D10: : | E10: ='Pricelist Standard'!H9 -> 2 Storey | G10: ='Pricelist Standard'!E9 -> End Lot | K10: UNIT TYPE | M10: : | N10: =E10 -> 2 Storey
B11: =[1]Pricelist_SSO!H25 -> Floor Area | D11: : | E11: ='Pricelist Standard'!I9 -> 142.4 | G11: SQM. | K11: LIVEABLE AREA | M11: : | N11: =E11 -> 142.4 | P11: SQM.
B12: =[1]Pricelist_SSO!I25 -> Actual Lot Area | D12: : | E12: ='Pricelist Standard'!J9 -> 80 | G12: SQM. | K12: BALCONY AREA | M12: : | N12: =E12 -> 80 | P12: SQM.
B13: GROSS AREA | D13: : | G13: SQM. | K13: GROSS AREA | M13: : | N13: =E13 -> 0 | P13: SQM.
B15: TOTAL SELLING PRICE | D15: : | F15: ='Pricelist Standard'!S9 -> 8958200 | K15: PARTICULARS | M15: DATE | N15: AMOUNT | P15: REMARKS
B16: Less: Promo Discount on TSP | D16: : | F16: 0
B17: NET SELLING PRICE | D17: : | F17: =F15-F16 -> 8958200 | K17: RESERVATION FEE | M17: =C2 -> 45849.956 | N17: =F27 -> 50000 | U17: =M17 -> 45849.956 | V17: =EDATE(U17,E30) -> #REF!
B18: NET SELLING PRICE per SQM | F18: =F17/E11 -> 62908.708 | K18: =IF(N18="","",T18) -> #REF! | M18: =IF(N18="","",U18) -> #REF! | N18: =IF($E$30>0,$F$30,"") -> #REF! | T18: 1st Equity Payment | U18: =IF(DAY(U17)=31,W20,Y20) -> 45889 | W18: 31st of the month
K19: =IF(N19="","",T19) -> #REF! | M19: =IF(N19="","",U19) -> #REF! | N19: =IF($E$30>1,$F$30,"") -> #REF! | T19: 2nd Equity Payment | U19: =IF(AND(DAY(U18)>=6,DAY(U18)<=20),DATE(YEAR(U18),MONTH(U18)+1,DAY(20)),IF(AND(DAY(U18)>=21,DAY(U18)<=30),DATE(YEAR(U18),MONTH(U18)+1,IF(DAY(EOMONTH(U18,1))<30,DAY(EOMONTH(U18,1)),DAY(30))),DATE(YEAR(U18),MONTH(U18)+1,DAY(5)))) -> 45920 | V19: balance | W19: =IF(DAY(U17)=31,DATE(YEAR(V17),MONTH(V17)+2,DAY(5))) -> FALSE | Y19: =IF(AND(DAY(V17)>=6,DAY(V17)<=20),DATE(YEAR(V17),MONTH(V17)+1,DAY(20)),IF(AND(DAY(V17)>=21,DAY(V17)<=31),DATE(YEAR(V17),MONTH(V17)+1,IF(DAY(EOMONTH(V17,1))<30,DAY(EOMONTH(V17,1)),DAY(30))),DATE(YEAR(V17),MONTH(V17)+1,DAY(5)))) -> #REF!
B20: Add: bank Fees | D20: : | E20: ='Pricelist Standard'!AE7 -> 0 | F20: =F15*E20 -> 0 | K20: =IF(N20="","",T20) -> #REF! | M20: =IF(N20="","",U20) -> #REF! | N20: =IF($E$30>2,$F$30,"") -> #REF! | T20: 3rd Equity Payment | U20: =IF(AND(DAY(U19)>=6,DAY(U19)<=20),DATE(YEAR(U19),MONTH(U19)+1,DAY(20)),IF(AND(DAY(U19)>=21,DAY(U19)<=30),DATE(YEAR(U19),MONTH(U19)+1,IF(DAY(EOMONTH(U19,1))<30,DAY(EOMONTH(U19,1)),DAY(30))),DATE(YEAR(U19),MONTH(U19)+1,DAY(5)))) -> 45950 | V20: equity | W20: =IF(DAY(U17)=31,DATE(YEAR(U17),MONTH(U17)+2,DAY(5))) -> FALSE | Y20: =IF(AND(DAY(U17)>=6,DAY(U17)<=20),DATE(YEAR(U17),MONTH(U17)+1,DAY(20)),IF(AND(DAY(U17)>=21,DAY(U17)<=30),DATE(YEAR(U17),MONTH(U17)+1,IF(DAY(EOMONTH(U17,1))<31,DAY(EOMONTH(U17,1)),DAY(30))),DATE(YEAR(U17),MONTH(U17)+1,DAY(5)))) -> 45889
B21: Add: Legal & Misc. Fees | D21: : | E21: 0.035 | F21: =E21*F15 -> 313537 | K21: =IF(N21="","",T21) -> #REF! | M21: =IF(N21="","",U21) -> #REF! | N21: =IF($E$30>3,$F$30,"") -> #REF! | T21: 4th Equity Payment | U21: =IF(AND(DAY(U20)>=6,DAY(U20)<=20),DATE(YEAR(U20),MONTH(U20)+1,DAY(20)),IF(AND(DAY(U20)>=21,DAY(U20)<=30),DATE(YEAR(U20),MONTH(U20)+1,IF(DAY(EOMONTH(U20,1))<30,DAY(EOMONTH(U20,1)),DAY(30))),DATE(YEAR(U20),MONTH(U20)+1,DAY(5)))) -> 45981
K22: =IF(N22="","",T22) -> #REF! | M22: =IF(N22="","",U22) -> #REF! | N22: =IF($E$30>4,$F$30,"") -> #REF! | T22: 5th Equity Payment | U22: =IF(AND(DAY(U21)>=6,DAY(U21)<=20),DATE(YEAR(U21),MONTH(U21)+1,DAY(20)),IF(AND(DAY(U21)>=21,DAY(U21)<=30),DATE(YEAR(U21),MONTH(U21)+1,IF(DAY(EOMONTH(U21,1))<30,DAY(EOMONTH(U21,1)),DAY(30))),DATE(YEAR(U21),MONTH(U21)+1,DAY(5)))) -> 46011
B23: TOTAL CONTRACT PRICE | D23: : | F23: =F17+F20+F21 -> 9271737 | K23: =IF(N23="","",T23) -> #REF! | M23: =IF(N23="","",U23) -> #REF! | N23: =IF($E$30>5,$F$30,"") -> #REF! | T23: 6th Equity Payment | U23: =IF(AND(DAY(U22)>=6,DAY(U22)<=20),DATE(YEAR(U22),MONTH(U22)+1,DAY(20)),IF(AND(DAY(U22)>=21,DAY(U22)<=30),DATE(YEAR(U22),MONTH(U22)+1,IF(DAY(EOMONTH(U22,1))<30,DAY(EOMONTH(U22,1)),DAY(30))),DATE(YEAR(U22),MONTH(U22)+1,DAY(5)))) -> 46042
K24: =IF(N24="","",T24) -> #REF! | M24: =IF(N24="","",U24) -> #REF! | N24: =IF($E$30>6,$F$30,"") -> #REF! | T24: 7th Equity Payment | U24: =IF(AND(DAY(U23)>=6,DAY(U23)<=20),DATE(YEAR(U23),MONTH(U23)+1,DAY(20)),IF(AND(DAY(U23)>=21,DAY(U23)<=30),DATE(YEAR(U23),MONTH(U23)+1,IF(DAY(EOMONTH(U23,1))<30,DAY(EOMONTH(U23,1)),DAY(30))),DATE(YEAR(U23),MONTH(U23)+1,DAY(5)))) -> 46073
B25: Equity down Payment | D25: : | E25: ='Pricelist Standard'!AG7 -> 0.05 | F25: =F23*E25 -> 463586.85 | K25: =IF(N25="","",T25) -> #REF! | M25: =IF(N25="","",U25) -> #REF! | N25: =IF($E$30>7,$F$30,"") -> #REF! | T25: 8th Equity Payment | U25: =IF(AND(DAY(U24)>=6,DAY(U24)<=20),DATE(YEAR(U24),MONTH(U24)+1,DAY(20)),IF(AND(DAY(U24)>=21,DAY(U24)<=30),DATE(YEAR(U24),MONTH(U24)+1,IF(DAY(EOMONTH(U24,1))<30,DAY(EOMONTH(U24,1)),DAY(30))),DATE(YEAR(U24),MONTH(U24)+1,DAY(5)))) -> 46101
B26: less: Promo Discount on Equity | D26: =D25 -> : | F26: =SUM([2]FORM!V25:V27) -> 0 | K26: =IF(N26="","",T26) -> #REF! | M26: =IF(N26="","",U26) -> #REF! | N26: =IF($E$30>8,$F$30,"") -> #REF! | T26: 9th Equity Payment | U26: =IF(AND(DAY(U25)>=6,DAY(U25)<=20),DATE(YEAR(U25),MONTH(U25)+1,DAY(20)),IF(AND(DAY(U25)>=21,DAY(U25)<=30),DATE(YEAR(U25),MONTH(U25)+1,IF(DAY(EOMONTH(U25,1))<30,DAY(EOMONTH(U25,1)),DAY(30))),DATE(YEAR(U25),MONTH(U25)+1,DAY(5)))) -> 46132
B27: less: Reservation Fee | D27: : | F27: 50000 | K27: =IF(N27="","",T27) -> #REF! | M27: =IF(N27="","",U27) -> #REF! | N27: =IF($E$30>9,$F$30,"") -> #REF! | T27: 10th Equity Payment | U27: =IF(AND(DAY(U26)>=6,DAY(U26)<=20),DATE(YEAR(U26),MONTH(U26)+1,DAY(20)),IF(AND(DAY(U26)>=21,DAY(U26)<=30),DATE(YEAR(U26),MONTH(U26)+1,IF(DAY(EOMONTH(U26,1))<30,DAY(EOMONTH(U26,1)),DAY(30))),DATE(YEAR(U26),MONTH(U26)+1,DAY(5)))) -> 46162
B28: Net Equity Payment | D28: : | F28: =F25-F26-F27 -> 413586.85 | K28: =IF(N28="","",T28) -> #REF! | M28: =IF(N28="","",U28) -> #REF! | N28: =IF($E$30>10,$F$30,"") -> #REF! | T28: 11th Equity Payment | U28: =IF(AND(DAY(U27)>=6,DAY(U27)<=20),DATE(YEAR(U27),MONTH(U27)+1,DAY(20)),IF(AND(DAY(U27)>=21,DAY(U27)<=30),DATE(YEAR(U27),MONTH(U27)+1,IF(DAY(EOMONTH(U27,1))<30,DAY(EOMONTH(U27,1)),DAY(30))),DATE(YEAR(U27),MONTH(U27)+1,DAY(5)))) -> 46193
K29: =IF(N29="","",T29) -> #REF! | M29: =IF(N29="","",U29) -> #REF! | N29: =IF($E$30>11,$F$30,"") -> #REF! | T29: 12th Equity Payment | U29: =IF(AND(DAY(U28)>=6,DAY(U28)<=20),DATE(YEAR(U28),MONTH(U28)+1,DAY(20)),IF(AND(DAY(U28)>=21,DAY(U28)<=30),DATE(YEAR(U28),MONTH(U28)+1,IF(DAY(EOMONTH(U28,1))<30,DAY(EOMONTH(U28,1)),DAY(30))),DATE(YEAR(U28),MONTH(U28)+1,DAY(5)))) -> 46223
B30: Monthly Equity | D30: : | E30: ='Pricelist Standard'!#REF! -> #REF! | F30: =F28/E30 -> #REF! | K30: BALANCE | M30: =IF(N30>1,U30,"") -> 46254 | N30: =F34 -> 8808150.2 | T30: 13th EQUITY PAYMENT | U30: =IF(AND(DAY(U29)>=6,DAY(U29)<=20),DATE(YEAR(U29),MONTH(U29)+1,DAY(20)),IF(AND(DAY(U29)>=21,DAY(U29)<=30),DATE(YEAR(U29),MONTH(U29)+1,IF(DAY(EOMONTH(U29,1))<30,DAY(EOMONTH(U29,1)),DAY(30))),DATE(YEAR(U29),MONTH(U29)+1,DAY(5)))) -> 46254
B32: Lumpsum Payment | D32: : | E32: 0 | F32: =F23*E32 -> 0 | N32: =SUM(N17:O31) -> #REF!
T33: 14th EQUITY PAYMENT | U33: =IF(AND(DAY(U30)>=6,DAY(U30)<=20),DATE(YEAR(U30),MONTH(U30)+1,DAY(20)),IF(AND(DAY(U30)>=21,DAY(U30)<=30),DATE(YEAR(U30),MONTH(U30)+1,IF(DAY(EOMONTH(U30,1))<30,DAY(EOMONTH(U30,1)),DAY(30))),DATE(YEAR(U30),MONTH(U30)+1,DAY(5)))) -> 46285
B34: FULL BALANCE (TCP) | D34: : | E34: =100%-E25-E32 -> 0.95 | F34: =F23*E34 -> 8808150.2 | T34: 15th EQUITY PAYMENT | U34: =IF(AND(DAY(U33)>=6,DAY(U33)<=20),DATE(YEAR(U33),MONTH(U33)+1,DAY(20)),IF(AND(DAY(U33)>=21,DAY(U33)<=30),DATE(YEAR(U33),MONTH(U33)+1,IF(DAY(EOMONTH(U33,1))<30,DAY(EOMONTH(U33,1)),DAY(30))),DATE(YEAR(U33),MONTH(U33)+1,DAY(5)))) -> 46315
T35: 16th EQUITY PAYMENT | U35: =IF(AND(DAY(U34)>=6,DAY(U34)<=20),DATE(YEAR(U34),MONTH(U34)+1,DAY(20)),IF(AND(DAY(U34)>=21,DAY(U34)<=30),DATE(YEAR(U34),MONTH(U34)+1,IF(DAY(EOMONTH(U34,1))<30,DAY(EOMONTH(U34,1)),DAY(30))),DATE(YEAR(U34),MONTH(U34)+1,DAY(5)))) -> 46346
B36: Estimated Monthly Amortization | T36: 17th EQUITY PAYMENT | U36: =IF(AND(DAY(U35)>=6,DAY(U35)<=20),DATE(YEAR(U35),MONTH(U35)+1,DAY(20)),IF(AND(DAY(U35)>=21,DAY(U35)<=30),DATE(YEAR(U35),MONTH(U35)+1,IF(DAY(EOMONTH(U35,1))<30,DAY(EOMONTH(U35,1)),DAY(30))),DATE(YEAR(U35),MONTH(U35)+1,DAY(5)))) -> 46376
T37: 18th EQUITY PAYMENT | U37: =IF(AND(DAY(U36)>=6,DAY(U36)<=20),DATE(YEAR(U36),MONTH(U36)+1,DAY(20)),IF(AND(DAY(U36)>=21,DAY(U36)<=30),DATE(YEAR(U36),MONTH(U36)+1,IF(DAY(EOMONTH(U36,1))<30,DAY(EOMONTH(U36,1)),DAY(30))),DATE(YEAR(U36),MONTH(U36)+1,DAY(5)))) -> 46407
B38: Term | C38: Interest Rate | D38: Factor Rate | E38: Amount | F38: Income Requirement | K38: Prepared by: | O38: Conformed: | T38: 19th EQUITY PAYMENT | U38: =IF(AND(DAY(U37)>=6,DAY(U37)<=20),DATE(YEAR(U37),MONTH(U37)+1,DAY(20)),IF(AND(DAY(U37)>=21,DAY(U37)<=30),DATE(YEAR(U37),MONTH(U37)+1,IF(DAY(EOMONTH(U37,1))<30,DAY(EOMONTH(U37,1)),DAY(30))),DATE(YEAR(U37),MONTH(U37)+1,DAY(5)))) -> 46438
B39: 5 | C39: 0.07 | D39: =PMT(C39/12,B39*12,-1) -> 0.019801199 | E39: =F34*D39 -> 174411.93 | F39: =E39/0.33 -> 528521 | T39: 20th EQUITY PAYMENT | U39: =IF(AND(DAY(U38)>=6,DAY(U38)<=20),DATE(YEAR(U38),MONTH(U38)+1,DAY(20)),IF(AND(DAY(U38)>=21,DAY(U38)<=30),DATE(YEAR(U38),MONTH(U38)+1,IF(DAY(EOMONTH(U38,1))<30,DAY(EOMONTH(U38,1)),DAY(30))),DATE(YEAR(U38),MONTH(U38)+1,DAY(5)))) -> 46466
B40: 10 | C40: 0.07 | D40: =PMT(C40/12,B40*12,-1) -> 0.011610848 | E40: =F34*D40 -> 102270.09 | F40: =E40/0.33 -> 309909.37 | T40: 21st EQUITY PAYMENT | U40: =IF(AND(DAY(U39)>=6,DAY(U39)<=20),DATE(YEAR(U39),MONTH(U39)+1,DAY(20)),IF(AND(DAY(U39)>=21,DAY(U39)<=30),DATE(YEAR(U39),MONTH(U39)+1,IF(DAY(EOMONTH(U39,1))<30,DAY(EOMONTH(U39,1)),DAY(30))),DATE(YEAR(U39),MONTH(U39)+1,DAY(5)))) -> 46497
B41: 15 | C41: 0.07 | D41: =PMT(C41/12,B41*12,-1) -> 0.0089882827 | E41: =F34*D41 -> 79170.144 | F41: =E41/0.33 -> 239909.53 | T41: 22nd EQUITY PAYMENT | U41: =IF(AND(DAY(U40)>=6,DAY(U40)<=20),DATE(YEAR(U40),MONTH(U40)+1,DAY(20)),IF(AND(DAY(U40)>=21,DAY(U40)<=30),DATE(YEAR(U40),MONTH(U40)+1,IF(DAY(EOMONTH(U40,1))<30,DAY(EOMONTH(U40,1)),DAY(30))),DATE(YEAR(U40),MONTH(U40)+1,DAY(5)))) -> 46527
B42: 20 | C42: 0.07 | D42: =PMT(C42/12,B42*12,-1) -> 0.0077529894 | E42: =F34*D42 -> 68289.494 | F42: =E42/0.33 -> 206937.86 | K42: Date | O42: Date:
B43: Fixed for five (5) years
B44: Sample Computation for Interest rate is at 7% fixed for five (5) years only
B45: A. Prices are subject to change without prior notice.
B46: B. Bank Fees rates may vary per bank.
B48: IN-HOUSE COMPUTATION
B49: Term | C49: Interest Rate | D49: Factor Rate | E49: Monthly Amortization | F49: Income Requirement
B50: 15 Years | C50: 0.16 | D50: ='Pricelist Standard'!AQ6 -> 0.024318057 | E50: =F34*D50 -> 214197.1 | F50: =E50/0.33 -> 649082.12
B51: 10 Years | C51: 0.14 | D51: ='Pricelist Standard'!AU6 -> 0.01801852 | E51: =F34*D51 -> 158709.83 | F51: =E51/0.33 -> 480938.88
B52: A. Prices are subject to change without prior notice. | T52: 23rd EQUITY PAYMENT | U52: =IF(AND(DAY(U41)>=6,DAY(U41)<=20),DATE(YEAR(U41),MONTH(U41)+1,DAY(20)),IF(AND(DAY(U41)>=21,DAY(U41)<=30),DATE(YEAR(U41),MONTH(U41)+1,IF(DAY(EOMONTH(U41,1))<30,DAY(EOMONTH(U41,1)),DAY(30))),DATE(YEAR(U41),MONTH(U41)+1,DAY(5)))) -> 46558 | AL52: 3128866
T53: 24th EQUITY PAYMENT | U53: =IF(AND(DAY(U52)>=6,DAY(U52)<=20),DATE(YEAR(U52),MONTH(U52)+1,DAY(20)),IF(AND(DAY(U52)>=21,DAY(U52)<=30),DATE(YEAR(U52),MONTH(U52)+1,IF(DAY(EOMONTH(U52,1))<30,DAY(EOMONTH(U52,1)),DAY(30))),DATE(YEAR(U52),MONTH(U52)+1,DAY(5)))) -> 46588
T54: 25th EQUITY PAYMENT | U54: =IF(AND(DAY(U53)>=6,DAY(U53)<=20),DATE(YEAR(U53),MONTH(U53)+1,DAY(20)),IF(AND(DAY(U53)>=21,DAY(U53)<=30),DATE(YEAR(U53),MONTH(U53)+1,IF(DAY(EOMONTH(U53,1))<30,DAY(EOMONTH(U53,1)),DAY(30))),DATE(YEAR(U53),MONTH(U53)+1,DAY(5)))) -> 46619
T55: 26th EQUITY PAYMENT | U55: =IF(AND(DAY(U54)>=6,DAY(U54)<=20),DATE(YEAR(U54),MONTH(U54)+1,DAY(20)),IF(AND(DAY(U54)>=21,DAY(U54)<=30),DATE(YEAR(U54),MONTH(U54)+1,IF(DAY(EOMONTH(U54,1))<30,DAY(EOMONTH(U54,1)),DAY(30))),DATE(YEAR(U54),MONTH(U54)+1,DAY(5)))) -> 46650
T56: 27th EQUITY PAYMENT | U56: =IF(AND(DAY(U55)>=6,DAY(U55)<=20),DATE(YEAR(U55),MONTH(U55)+1,DAY(20)),IF(AND(DAY(U55)>=21,DAY(U55)<=30),DATE(YEAR(U55),MONTH(U55)+1,IF(DAY(EOMONTH(U55,1))<30,DAY(EOMONTH(U55,1)),DAY(30))),DATE(YEAR(U55),MONTH(U55)+1,DAY(5)))) -> 46680
T57: 28th EQUITY PAYMENT | U57: =IF(AND(DAY(U56)>=6,DAY(U56)<=20),DATE(YEAR(U56),MONTH(U56)+1,DAY(20)),IF(AND(DAY(U56)>=21,DAY(U56)<=30),DATE(YEAR(U56),MONTH(U56)+1,IF(DAY(EOMONTH(U56,1))<30,DAY(EOMONTH(U56,1)),DAY(30))),DATE(YEAR(U56),MONTH(U56)+1,DAY(5)))) -> 46711
T65: 36th EQUITY PAYMENT | U65: =IF(AND(DAY(U64)>=6,DAY(U64)<=20),DATE(YEAR(U64),MONTH(U64)+1,DAY(20)),IF(AND(DAY(U64)>=21,DAY(U64)<=30),DATE(YEAR(U64),MONTH(U64)+1,IF(DAY(EOMONTH(U64,1))<30,DAY(EOMONTH(U64,1)),DAY(30))),DATE(YEAR(U64),MONTH(U64)+1,DAY(5)))) -> 36
T66: 37th EQUITY PAYMENT | U66: =IF(AND(DAY(U65)>=6,DAY(U65)<=20),DATE(YEAR(U65),MONTH(U65)+1,DAY(20)),IF(AND(DAY(U65)>=21,DAY(U65)<=30),DATE(YEAR(U65),MONTH(U65)+1,IF(DAY(EOMONTH(U65,1))<30,DAY(EOMONTH(U65,1)),DAY(30))),DATE(YEAR(U65),MONTH(U65)+1,DAY(5)))) -> 65
T67: 38th EQUITY PAYMENT | U67: =IF(AND(DAY(U66)>=6,DAY(U66)<=20),DATE(YEAR(U66),MONTH(U66)+1,DAY(20)),IF(AND(DAY(U66)>=21,DAY(U66)<=30),DATE(YEAR(U66),MONTH(U66)+1,IF(DAY(EOMONTH(U66,1))<30,DAY(EOMONTH(U66,1)),DAY(30))),DATE(YEAR(U66),MONTH(U66)+1,DAY(5)))) -> 96
T68: 39th EQUITY PAYMENT | U68: =IF(AND(DAY(U67)>=6,DAY(U67)<=20),DATE(YEAR(U67),MONTH(U67)+1,DAY(20)),IF(AND(DAY(U67)>=21,DAY(U67)<=30),DATE(YEAR(U67),MONTH(U67)+1,IF(DAY(EOMONTH(U67,1))<30,DAY(EOMONTH(U67,1)),DAY(30))),DATE(YEAR(U67),MONTH(U67)+1,DAY(5)))) -> 126
T69: 40th EQUITY PAYMENT | U69: =IF(AND(DAY(U68)>=6,DAY(U68)<=20),DATE(YEAR(U68),MONTH(U68)+1,DAY(20)),IF(AND(DAY(U68)>=21,DAY(U68)<=30),DATE(YEAR(U68),MONTH(U68)+1,IF(DAY(EOMONTH(U68,1))<30,DAY(EOMONTH(U68,1)),DAY(30))),DATE(YEAR(U68),MONTH(U68)+1,DAY(5)))) -> 157
T70: 41st EQUITY PAYMENT | U70: =IF(AND(DAY(U69)>=6,DAY(U69)<=20),DATE(YEAR(U69),MONTH(U69)+1,DAY(20)),IF(AND(DAY(U69)>=21,DAY(U69)<=30),DATE(YEAR(U69),MONTH(U69)+1,IF(DAY(EOMONTH(U69,1))<30,DAY(EOMONTH(U69,1)),DAY(30))),DATE(YEAR(U69),MONTH(U69)+1,DAY(5)))) -> 187
T71: 42nd EQUITY PAYMENT | U71: =IF(AND(DAY(U70)>=6,DAY(U70)<=20),DATE(YEAR(U70),MONTH(U70)+1,DAY(20)),IF(AND(DAY(U70)>=21,DAY(U70)<=30),DATE(YEAR(U70),MONTH(U70)+1,IF(DAY(EOMONTH(U70,1))<30,DAY(EOMONTH(U70,1)),DAY(30))),DATE(YEAR(U70),MONTH(U70)+1,DAY(5)))) -> 218
... T74: 45th EQUITY PAYMENT | U74: =IF(AND(DAY(U73)>=6,DAY(U73)<=20),DATE(YEAR(U73),MONTH(U73)+1,DAY(20)),IF(AND(DAY(U73)>=21,DAY(U73)<=30),DATE(YEAR(U73),MONTH(U73)+1,IF(DAY(EOMONTH(U73,1))<30,DAY(EOMONTH(U73,1)),DAY(30))),DATE(YEAR(U73),MONTH(U73)+1,DAY(5)))) -> 310
T75: 46th EQUITY PAYMENT
A252: =(F15-#REF!)*12% -> #REF!
AQ397: 20000 | AS397: 24
AQ398: 15000
AB782: 1

Sheet SPC San Diego B
J1: 0.01
B2: DATE : | C2: =NOW() -> 45849.956 | F2: PAGE | G2: 1 of 1 | K2: DATE : | L2: =C2 -> 45849.956
B4: STANDARD PACKAGE COMPUTATION | K4: PAYMENT SCHEDULE
B6: CLIENT'S NAME | D6: : | K6: CLIENT'S NAME | M6: : | N6: =E6 -> 0
B7: PROJECT NAME | D7: : | E7: The Elements Las Piñas | K7: PROJECT NAME | M7: : | N7: =E7 -> The Elements Las Piñas
B8: UNIT NUMBER | D8: : | E8: San Diego Unit B | K8: UNIT NUMBER | M8: : | N8: =E8 -> San Diego Unit B
B9: TOWER | D9: : | E9: N/A | K9: TOWER | M9: : | N9: =E9 -> N/A
B10: UNIT TYPE | D10: : | E10: ='Pricelist Standard'!H10 -> 2 Storey | G10: ='Pricelist Standard'!E10 -> Inner | K10: UNIT TYPE | M10: : | N10: =E10 -> 2 Storey
B11: =[1]Pricelist_SSO!H25 -> Floor Area | D11: : | E11: ='Pricelist Standard'!I10 -> 142.45 | G11: SQM. | K11: LIVEABLE AREA | M11: : | N11: =E11 -> 142.45 | P11: SQM.
B12: =[1]Pricelist_SSO!I25 -> Actual Lot Area | D12: : | E12: ='Pricelist Standard'!J10 -> 80 | G12: SQM. | K12: BALCONY AREA | M12: : | N12: =E12 -> 80 | P12: SQM.
B13: GROSS AREA | D13: : | G13: SQM. | K13: GROSS AREA | M13: : | N13: =E13 -> 0 | P13: SQM.
B15: TOTAL SELLING PRICE | D15: : | F15: ='Pricelist Standard'!S10 -> 8962700 | K15: PARTICULARS | M15: DATE | N15: AMOUNT | P15: REMARKS
B16: Less: Promo Discount on TSP | D16: : | F16: 0
B17: NET SELLING PRICE | D17: : | F17: =F15-F16 -> 8962700 | K17: RESERVATION FEE | M17: =C2 -> 45849.956 | N17: =F27 -> 50000 | U17: =M17 -> 45849.956 | V17: =EDATE(U17,E30) -> #REF!
B18: NET SELLING PRICE per SQM | F18: =F17/E11 -> 62918.217 | K18: =IF(N18="","",T18) -> #REF! | M18: =IF(N18="","",U18) -> #REF! | N18: =IF($E$30>0,$F$30,"") -> #REF! | T18: 1st Equity Payment | U18: =IF(DAY(U17)=31,W20,Y20) -> 45889 | W18: 31st of the month
K19: =IF(N19="","",T19) -> #REF! | M19: =IF(N19="","",U19) -> #REF! | N19: =IF($E$30>1,$F$30,"") -> #REF! | T19: 2nd Equity Payment | U19: =IF(AND(DAY(U18)>=6,DAY(U18)<=20),DATE(YEAR(U18),MONTH(U18)+1,DAY(20)),IF(AND(DAY(U18)>=21,DAY(U18)<=30),DATE(YEAR(U18),MONTH(U18)+1,IF(DAY(EOMONTH(U18,1))<30,DAY(EOMONTH(U18,1)),DAY(30))),DATE(YEAR(U18),MONTH(U18)+1,DAY(5)))) -> 45920 | V19: balance | W19: =IF(DAY(U17)=31,DATE(YEAR(V17),MONTH(V17)+2,DAY(5))) -> FALSE | Y19: =IF(AND(DAY(V17)>=6,DAY(V17)<=20),DATE(YEAR(V17),MONTH(V17)+1,DAY(20)),IF(AND(DAY(V17)>=21,DAY(V17)<=31),DATE(YEAR(V17),MONTH(V17)+1,IF(DAY(EOMONTH(V17,1))<30,DAY(EOMONTH(V17,1)),DAY(30))),DATE(YEAR(V17),MONTH(V17)+1,DAY(5)))) -> #REF!
B20: Add: bank Fees | D20: : | E20: ='Pricelist Standard'!AE7 -> 0 | F20: =F15*E20 -> 0 | K20: =IF(N20="","",T20) -> #REF! | M20: =IF(N20="","",U20) -> #REF! | N20: =IF($E$30>2,$F$30,"") -> #REF! | T20: 3rd Equity Payment | U20: =IF(AND(DAY(U19)>=6,DAY(U19)<=20),DATE(YEAR(U19),MONTH(U19)+1,DAY(20)),IF(AND(DAY(U19)>=21,DAY(U19)<=30),DATE(YEAR(U19),MONTH(U19)+1,IF(DAY(EOMONTH(U19,1))<30,DAY(EOMONTH(U19,1)),DAY(30))),DATE(YEAR(U19),MONTH(U19)+1,DAY(5)))) -> 45950 | V20: equity | W20: =IF(DAY(U17)=31,DATE(YEAR(U17),MONTH(U17)+2,DAY(5))) -> FALSE | Y20: =IF(AND(DAY(U17)>=6,DAY(U17)<=20),DATE(YEAR(U17),MONTH(U17)+1,DAY(20)),IF(AND(DAY(U17)>=21,DAY(U17)<=30),DATE(YEAR(U17),MONTH(U17)+1,IF(DAY(EOMONTH(U17,1))<31,DAY(EOMONTH(U17,1)),DAY(30))),DATE(YEAR(U17),MONTH(U17)+1,DAY(5)))) -> 45889
B21: Add: Legal & Misc. Fees | D21: : | E21: 0.035 | F21: =E21*F15 -> 313694.5 | K21: =IF(N21="","",T21) -> #REF! | M21: =IF(N21="","",U21) -> #REF! | N21: =IF($E$30>3,$F$30,"") -> #REF! | T21: 4th Equity Payment | U21: =IF(AND(DAY(U20)>=6,DAY(U20)<=20),DATE(YEAR(U20),MONTH(U20)+1,DAY(20)),IF(AND(DAY(U20)>=21,DAY(U20)<=30),DATE(YEAR(U20),MONTH(U20)+1,IF(DAY(EOMONTH(U20,1))<30,DAY(EOMONTH(U20,1)),DAY(30))),DATE(YEAR(U20),MONTH(U20)+1,DAY(5)))) -> 45981
K22: =IF(N22="","",T22) -> #REF! | M22: =IF(N22="","",U22) -> #REF! | N22: =IF($E$30>4,$F$30,"") -> #REF! | T22: 5th Equity Payment | U22: =IF(AND(DAY(U21)>=6,DAY(U21)<=20),DATE(YEAR(U21),MONTH(U21)+1,DAY(20)),IF(AND(DAY(U21)>=21,DAY(U21)<=30),DATE(YEAR(U21),MONTH(U21)+1,IF(DAY(EOMONTH(U21,1))<30,DAY(EOMONTH(U21,1)),DAY(30))),DATE(YEAR(U21),MONTH(U21)+1,DAY(5)))) -> 46011
B23: TOTAL CONTRACT PRICE | D23: : | F23: =F17+F20+F21 -> 9276394.5 | K23: =IF(N23="","",T23) -> #REF! | M23: =IF(N23="","",U23) -> #REF! | N23: =IF($E$30>5,$F$30,"") -> #REF! | T23: 6th Equity Payment | U23: =IF(AND(DAY(U22)>=6,DAY(U22)<=20),DATE(YEAR(U22),MONTH(U22)+1,DAY(20)),IF(AND(DAY(U22)>=21,DAY(U22)<=30),DATE(YEAR(U22),MONTH(U22)+1,IF(DAY(EOMONTH(U22,1))<30,DAY(EOMONTH(U22,1)),DAY(30))),DATE(YEAR(U22),MONTH(U22)+1,DAY(5)))) -> 46042
K24: =IF(N24="","",T24) -> #REF! | M24: =IF(N24="","",U24) -> #REF! | N24: =IF($E$30>6,$F$30,"") -> #REF! | T24: 7th Equity Payment | U24: =IF(AND(DAY(U23)>=6,DAY(U23)<=20),DATE(YEAR(U23),MONTH(U23)+1,DAY(20)),IF(AND(DAY(U23)>=21,DAY(U23)<=30),DATE(YEAR(U23),MONTH(U23)+1,IF(DAY(EOMONTH(U23,1))<30,DAY(EOMONTH(U23,1)),DAY(30))),DATE(YEAR(U23),MONTH(U23)+1,DAY(5)))) -> 46073
B25: Equity down Payment | D25: : | E25: ='SPC San Diego A'!E25 -> 0.05 | F25: =F23*E25 -> 463819.73 | K25: =IF(N25="","",T25) -> #REF! | M25: =IF(N25="","",U25) -> #REF! | N25: =IF($E$30>7,$F$30,"") -> #REF! | T25: 8th Equity Payment | U25: =IF(AND(DAY(U24)>=6,DAY(U24)<=20),DATE(YEAR(U24),MONTH(U24)+1,DAY(20)),IF(AND(DAY(U24)>=21,DAY(U24)<=30),DATE(YEAR(U24),MONTH(U24)+1,IF(DAY(EOMONTH(U24,1))<30,DAY(EOMONTH(U24,1)),DAY(30))),DATE(YEAR(U24),MONTH(U24)+1,DAY(5)))) -> 46101
B26: less: Promo Discount on Equity | D26: =D25 -> : | K26: =IF(N26="","",T26) -> #REF! | M26: =IF(N26="","",U26) -> #REF! | N26: =IF($E$30>8,$F$30,"") -> #REF! | T26: 9th Equity Payment | U26: =IF(AND(DAY(U25)>=6,DAY(U25)<=20),DATE(YEAR(U25),MONTH(U25)+1,DAY(20)),IF(AND(DAY(U25)>=21,DAY(U25)<=30),DATE(YEAR(U25),MONTH(U25)+1,IF(DAY(EOMONTH(U25,1))<30,DAY(EOMONTH(U25,1)),DAY(30))),DATE(YEAR(U25),MONTH(U25)+1,DAY(5)))) -> 46132
B27: less: Reservation Fee | D27: : | F27: 50000 | K27: =IF(N27="","",T27) -> #REF! | M27: =IF(N27="","",U27) -> #REF! | N27: =IF($E$30>9,$F$30,"") -> #REF! | T27: 10th Equity Payment | U27: =IF(AND(DAY(U26)>=6,DAY(U26)<=20),DATE(YEAR(U26),MONTH(U26)+1,DAY(20)),IF(AND(DAY(U26)>=21,DAY(U26)<=30),DATE(YEAR(U26),MONTH(U26)+1,IF(DAY(EOMONTH(U26,1))<30,DAY(EOMONTH(U26,1)),DAY(30))),DATE(YEAR(U26),MONTH(U26)+1,DAY(5)))) -> 46162
B28: Net Equity Payment | D28: : | F28: =F25-F26-F27 -> 413819.73 | K28: =IF(N28="","",T28) -> #REF! | M28: =IF(N28="","",U28) -> #REF! | N28: =IF($E$30>10,$F$30,"") -> #REF! | T28: 11th Equity Payment | U28: =IF(AND(DAY(U27)>=6,DAY(U27)<=20),DATE(YEAR(U27),MONTH(U27)+1,DAY(20)),IF(AND(DAY(U27)>=21,DAY(U27)<=30),DATE(YEAR(U27),MONTH(U27)+1,IF(DAY(EOMONTH(U27,1))<30,DAY(EOMONTH(U27,1)),DAY(30))),DATE(YEAR(U27),MONTH(U27)+1,DAY(5)))) -> 46193
K29: =IF(N29="","",T29) -> #REF! | M29: =IF(N29="","",U29) -> #REF! | N29: =IF($E$30>11,$F$30,"") -> #REF! | T29: 12th Equity Payment | U29: =IF(AND(DAY(U28)>=6,DAY(U28)<=20),DATE(YEAR(U28),MONTH(U28)+1,DAY(20)),IF(AND(DAY(U28)>=21,DAY(U28)<=30),DATE(YEAR(U28),MONTH(U28)+1,IF(DAY(EOMONTH(U28,1))<30,DAY(EOMONTH(U28,1)),DAY(30))),DATE(YEAR(U28),MONTH(U28)+1,DAY(5)))) -> 46223
B30: Monthly Equity | D30: : | E30: ='Pricelist Standard'!#REF! -> #REF! | F30: =F28/E30 -> #REF! | K30: BALANCE | M30: =IF(N30>1,U30,"") -> 46254 | N30: =F34 -> 8812574.8 | T30: 13th EQUITY PAYMENT | U30: =IF(AND(DAY(U29)>=6,DAY(U29)<=20),DATE(YEAR(U29),MONTH(U29)+1,DAY(20)),IF(AND(DAY(U29)>=21,DAY(U29)<=30),DATE(YEAR(U29),MONTH(U29)+1,IF(DAY(EOMONTH(U29,1))<30,DAY(EOMONTH(U29,1)),DAY(30))),DATE(YEAR(U29),MONTH(U29)+1,DAY(5)))) -> 46254
B32: Lumpsum Payment | D32: : | E32: 0 | F32: =F23*E32 -> 0 | N32: =SUM(N17:O31) -> #REF!
T33: 14th EQUITY PAYMENT | U33: =IF(AND(DAY(U30)>=6,DAY(U30)<=20),DATE(YEAR(U30),MONTH(U30)+1,DAY(20)),IF(AND(DAY(U30)>=21,DAY(U30)<=30),DATE(YEAR(U30),MONTH(U30)+1,IF(DAY(EOMONTH(U30,1))<30,DAY(EOMONTH(U30,1)),DAY(30))),DATE(YEAR(U30),MONTH(U30)+1,DAY(5)))) -> 46285
B34: FULL BALANCE (TCP) | D34: : | E34: =100%-E25-E32 -> 0.95 | F34: =F23*E34 -> 8812574.8 | T34: 15th EQUITY PAYMENT | U34: =IF(AND(DAY(U33)>=6,DAY(U33)<=20),DATE(YEAR(U33),MONTH(U33)+1,DAY(20)),IF(AND(DAY(U33)>=21,DAY(U33)<=30),DATE(YEAR(U33),MONTH(U33)+1,IF(DAY(EOMONTH(U33,1))<30,DAY(EOMONTH(U33,1)),DAY(30))),DATE(YEAR(U33),MONTH(U33)+1,DAY(5)))) -> 46315
T35: 16th EQUITY PAYMENT | U35: =IF(AND(DAY(U34)>=6,DAY(U34)<=20),DATE(YEAR(U34),MONTH(U34)+1,DAY(20)),IF(AND(DAY(U34)>=21,DAY(U34)<=30),DATE(YEAR(U34),MONTH(U34)+1,IF(DAY(EOMONTH(U34,1))<30,DAY(EOMONTH(U34,1)),DAY(30))),DATE(YEAR(U34),MONTH(U34)+1,DAY(5)))) -> 46346
B36: Estimated Monthly Amortization | T36: 17th EQUITY PAYMENT | U36: =IF(AND(DAY(U35)>=6,DAY(U35)<=20),DATE(YEAR(U35),MONTH(U35)+1,DAY(20)),IF(AND(DAY(U35)>=21,DAY(U35)<=30),DATE(YEAR(U35),MONTH(U35)+1,IF(DAY(EOMONTH(U35,1))<30,DAY(EOMONTH(U35,1)),DAY(30))),DATE(YEAR(U35),MONTH(U35)+1,DAY(5)))) -> 46376
T37: 18th EQUITY PAYMENT | U37: =IF(AND(DAY(U36)>=6,DAY(U36)<=20),DATE(YEAR(U36),MONTH(U36)+1,DAY(20)),IF(AND(DAY(U36)>=21,DAY(U36)<=30),DATE(YEAR(U36),MONTH(U36)+1,IF(DAY(EOMONTH(U36,1))<30,DAY(EOMONTH(U36,1)),DAY(30))),DATE(YEAR(U36),MONTH(U36)+1,DAY(5)))) -> 46407
B38: Term | C38: Interest Rate | D38: Factor Rate | E38: Amount | F38: Income Requirement | K38: Prepared by: | O38: Conformed: | T38: 19th EQUITY PAYMENT | U38: =IF(AND(DAY(U37)>=6,DAY(U37)<=20),DATE(YEAR(U37),MONTH(U37)+1,DAY(20)),IF(AND(DAY(U37)>=21,DAY(U37)<=30),DATE(YEAR(U37),MONTH(U37)+1,IF(DAY(EOMONTH(U37,1))<30,DAY(EOMONTH(U37,1)),DAY(30))),DATE(YEAR(U37),MONTH(U37)+1,DAY(5)))) -> 46438
B39: 5 | C39: 0.07 | D39: =PMT(C39/12,B39*12,-1) -> 0.019801199 | E39: =F34*D39 -> 174499.54 | F39: =E39/0.33 -> 528786.49 | T39: 20th EQUITY PAYMENT | U39: =IF(AND(DAY(U38)>=6,DAY(U38)<=20),DATE(YEAR(U38),MONTH(U38)+1,DAY(20)),IF(AND(DAY(U38)>=21,DAY(U38)<=30),DATE(YEAR(U38),MONTH(U38)+1,IF(DAY(EOMONTH(U38,1))<30,DAY(EOMONTH(U38,1)),DAY(30))),DATE(YEAR(U38),MONTH(U38)+1,DAY(5)))) -> 46466
B40: 10 | C40: 0.07 | D40: =PMT(C40/12,B40*12,-1) -> 0.011610848 | E40: =F34*D40 -> 102321.47 | F40: =E40/0.33 -> 310065.05 | T40: 21st EQUITY PAYMENT | U40: =IF(AND(DAY(U39)>=6,DAY(U39)<=20),DATE(YEAR(U39),MONTH(U39)+1,DAY(20)),IF(AND(DAY(U39)>=21,DAY(U39)<=30),DATE(YEAR(U39),MONTH(U39)+1,IF(DAY(EOMONTH(U39,1))<30,DAY(EOMONTH(U39,1)),DAY(30))),DATE(YEAR(U39),MONTH(U39)+1,DAY(5)))) -> 46497
B41: 15 | C41: 0.07 | D41: =PMT(C41/12,B41*12,-1) -> 0.0089882827 | E41: =F34*D41 -> 79209.913 | F41: =E41/0.33 -> 240030.04 | T41: 22nd EQUITY PAYMENT | U41: =IF(AND(DAY(U40)>=6,DAY(U40)<=20),DATE(YEAR(U40),MONTH(U40)+1,DAY(20)),IF(AND(DAY(U40)>=21,DAY(U40)<=30),DATE(YEAR(U40),MONTH(U40)+1,IF(DAY(EOMONTH(U40,1))<30,DAY(EOMONTH(U40,1)),DAY(30))),DATE(YEAR(U40),MONTH(U40)+1,DAY(5)))) -> 46527
B42: 20 | C42: 0.07 | D42: =PMT(C42/12,B42*12,-1) -> 0.0077529894 | E42: =F34*D42 -> 68323.798 | F42: =E42/0.33 -> 207041.81 | K42: Date | O42: Date:
B43: Fixed for five (5) years
B44: Sample Computation for Interest rate is at 7% fixed for five (5) years only
B45: A. Prices are subject to change without prior notice.
B46: B. Bank Fees rates may vary per bank.
B48: IN-HOUSE COMPUTATION
B49: Term | C49: Interest Rate | D49: Factor Rate | E49: Monthly Amortization | F49: Income Requirement
B50: 15 Years | C50: 0.16 | D50: ='Pricelist Standard'!AQ6 -> 0.024318057 | E50: =F34*D50 -> 214304.7 | F50: =E50/0.33 -> 649408.17
B51: 10 Years | C51: 0.14 | D51: ='Pricelist Standard'!AU6 -> 0.01801852 | E51: =F34*D51 -> 158789.55 | F51: =E51/0.33 -> 481180.47
B52: A. Prices are subject to change without prior notice. | T52: 23rd EQUITY PAYMENT | U52: =IF(AND(DAY(U41)>=6,DAY(U41)<=20),DATE(YEAR(U41),MONTH(U41)+1,DAY(20)),IF(AND(DAY(U41)>=21,DAY(U41)<=30),DATE(YEAR(U41),MONTH(U41)+1,IF(DAY(EOMONTH(U41,1))<30,DAY(EOMONTH(U41,1)),DAY(30))),DATE(YEAR(U41),MONTH(U41)+1,DAY(5)))) -> 46558 | AL52: 3128866
T53: 24th EQUITY PAYMENT | U53: =IF(AND(DAY(U52)>=6,DAY(U52)<=20),DATE(YEAR(U52),MONTH(U52)+1,DAY(20)),IF(AND(DAY(U52)>=21,DAY(U52)<=30),DATE(YEAR(U52),MONTH(U52)+1,IF(DAY(EOMONTH(U52,1))<30,DAY(EOMONTH(U52,1)),DAY(30))),DATE(YEAR(U52),MONTH(U52)+1,DAY(5)))) -> 46588
T54: 25th EQUITY PAYMENT | U54: =IF(AND(DAY(U53)>=6,DAY(U53)<=20),DATE(YEAR(U53),MONTH(U53)+1,DAY(20)),IF(AND(DAY(U53)>=21,DAY(U53)<=30),DATE(YEAR(U53),MONTH(U53)+1,IF(DAY(EOMONTH(U53,1))<30,DAY(EOMONTH(U53,1)),DAY(30))),DATE(YEAR(U53),MONTH(U53)+1,DAY(5)))) -> 46619
T55: 26th EQUITY PAYMENT | U55: =IF(AND(DAY(U54)>=6,DAY(U54)<=20),DATE(YEAR(U54),MONTH(U54)+1,DAY(20)),IF(AND(DAY(U54)>=21,DAY(U54)<=30),DATE(YEAR(U54),MONTH(U54)+1,IF(DAY(EOMONTH(U54,1))<30,DAY(EOMONTH(U54,1)),DAY(30))),DATE(YEAR(U54),MONTH(U54)+1,DAY(5)))) -> 46650
T56: 27th EQUITY PAYMENT | U56: =IF(AND(DAY(U55)>=6,DAY(U55)<=20),DATE(YEAR(U55),MONTH(U55)+1,DAY(20)),IF(AND(DAY(U55)>=21,DAY(U55)<=30),DATE(YEAR(U55),MONTH(U55)+1,IF(DAY(EOMONTH(U55,1))<30,DAY(EOMONTH(U55,1)),DAY(30))),DATE(YEAR(U55),MONTH(U55)+1,DAY(5)))) -> 46680
T57: 28th EQUITY PAYMENT | U57: =IF(AND(DAY(U56)>=6,DAY(U56)<=20),DATE(YEAR(U56),MONTH(U56)+1,DAY(20)),IF(AND(DAY(U56)>=21,DAY(U56)<=30),DATE(YEAR(U56),MONTH(U56)+1,IF(DAY(EOMONTH(U56,1))<30,DAY(EOMONTH(U56,1)),DAY(30))),DATE(YEAR(U56),MONTH(U56)+1,DAY(5)))) -> 46711
T65: 36th EQUITY PAYMENT | U65: =IF(AND(DAY(U64)>=6,DAY(U64)<=20),DATE(YEAR(U64),MONTH(U64)+1,DAY(20)),IF(AND(DAY(U64)>=21,DAY(U64)<=30),DATE(YEAR(U64),MONTH(U64)+1,IF(DAY(EOMONTH(U64,1))<30,DAY(EOMONTH(U64,1)),DAY(30))),DATE(YEAR(U64),MONTH(U64)+1,DAY(5)))) -> 36
T66: 37th EQUITY PAYMENT | U66: =IF(AND(DAY(U65)>=6,DAY(U65)<=20),DATE(YEAR(U65),MONTH(U65)+1,DAY(20)),IF(AND(DAY(U65)>=21,DAY(U65)<=30),DATE(YEAR(U65),MONTH(U65)+1,IF(DAY(EOMONTH(U65,1))<30,DAY(EOMONTH(U65,1)),DAY(30))),DATE(YEAR(U65),MONTH(U65)+1,DAY(5)))) -> 65
T67: 38th EQUITY PAYMENT | U67: =IF(AND(DAY(U66)>=6,DAY(U66)<=20),DATE(YEAR(U66),MONTH(U66)+1,DAY(20)),IF(AND(DAY(U66)>=21,DAY(U66)<=30),DATE(YEAR(U66),MONTH(U66)+1,IF(DAY(EOMONTH(U66,1))<30,DAY(EOMONTH(U66,1)),DAY(30))),DATE(YEAR(U66),MONTH(U66)+1,DAY(5)))) -> 96
T68: 39th EQUITY PAYMENT | U68: =IF(AND(DAY(U67)>=6,DAY(U67)<=20),DATE(YEAR(U67),MONTH(U67)+1,DAY(20)),IF(AND(DAY(U67)>=21,DAY(U67)<=30),DATE(YEAR(U67),MONTH(U67)+1,IF(DAY(EOMONTH(U67,1))<30,DAY(EOMONTH(U67,1)),DAY(30))),DATE(YEAR(U67),MONTH(U67)+1,DAY(5)))) -> 126
T69: 40th EQUITY PAYMENT | U69: =IF(AND(DAY(U68)>=6,DAY(U68)<=20),DATE(YEAR(U68),MONTH(U68)+1,DAY(20)),IF(AND(DAY(U68)>=21,DAY(U68)<=30),DATE(YEAR(U68),MONTH(U68)+1,IF(DAY(EOMONTH(U68,1))<30,DAY(EOMONTH(U68,1)),DAY(30))),DATE(YEAR(U68),MONTH(U68)+1,DAY(5)))) -> 157
T70: 41st EQUITY PAYMENT | U70: =IF(AND(DAY(U69)>=6,DAY(U69)<=20),DATE(YEAR(U69),MONTH(U69)+1,DAY(20)),IF(AND(DAY(U69)>=21,DAY(U69)<=30),DATE(YEAR(U69),MONTH(U69)+1,IF(DAY(EOMONTH(U69,1))<30,DAY(EOMONTH(U69,1)),DAY(30))),DATE(YEAR(U69),MONTH(U69)+1,DAY(5)))) -> 187
T71: 42nd EQUITY PAYMENT | U71: =IF(AND(DAY(U70)>=6,DAY(U70)<=20),DATE(YEAR(U70),MONTH(U70)+1,DAY(20)),IF(AND(DAY(U70)>=21,DAY(U70)<=30),DATE(YEAR(U70),MONTH(U70)+1,IF(DAY(EOMONTH(U70,1))<30,DAY(EOMONTH(U70,1)),DAY(30))),DATE(YEAR(U70),MONTH(U70)+1,DAY(5)))) -> 218
... T74: 45th EQUITY PAYMENT | U74: =IF(AND(DAY(U73)>=6,DAY(U73)<=20),DATE(YEAR(U73),MONTH(U73)+1,DAY(20)),IF(AND(DAY(U73)>=21,DAY(U73)<=30),DATE(YEAR(U73),MONTH(U73)+1,IF(DAY(EOMONTH(U73,1))<30,DAY(EOMONTH(U73,1)),DAY(30))),DATE(YEAR(U73),MONTH(U73)+1,DAY(5)))) -> 310
T75: 46th EQUITY PAYMENT
A252: =(F15-#REF!)*12% -> #REF!
AQ397: 20000 | AS397: 24
AQ398: 15000
AB782: 1

Sheet SPC San Diego C
J1: 0.01
B2: DATE : | C2: =NOW() -> 45849.956 | F2: PAGE | G2: 1 of 1 | K2: DATE : | L2: =C2 -> 45849.956
B4: STANDARD PACKAGE COMPUTATION | K4: PAYMENT SCHEDULE
B6: CLIENT'S NAME | D6: : | K6: CLIENT'S NAME | M6: : | N6: =E6 -> 0
B7: PROJECT NAME | D7: : | E7: The Elements Las Piñas | K7: PROJECT NAME | M7: : | N7: =E7 -> The Elements Las Piñas
B8: UNIT NUMBER | D8: : | E8: San Diego Unit C | K8: UNIT NUMBER | M8: : | N8: =E8 -> San Diego Unit C
B9: TOWER | D9: : | E9: N/A | K9: TOWER | M9: : | N9: =E9 -> N/A
B10: UNIT TYPE | D10: : | E10: ='Pricelist Standard'!#REF! -> #REF! | G10: ='Pricelist Standard'!#REF! -> #REF! | K10: UNIT TYPE | M10: : | N10: =E10 -> #REF!
B11: =[1]Pricelist_SSO!H25 -> Floor Area | D11: : | E11: ='Pricelist Standard'!#REF! -> #REF! | G11: SQM. | K11: LIVEABLE AREA | M11: : | N11: =E11 -> #REF! | P11: SQM.
B12: =[1]Pricelist_SSO!I25 -> Actual Lot Area | D12: : | E12: ='Pricelist Standard'!#REF! -> #REF! | G12: SQM. | K12: BALCONY AREA | M12: : | N12: =E12 -> #REF! | P12: SQM.
B13: GROSS AREA | D13: : | G13: SQM. | K13: GROSS AREA | M13: : | N13: =E13 -> 0 | P13: SQM.
B15: TOTAL SELLING PRICE | D15: : | F15: ='Pricelist Standard'!#REF! -> #REF! | K15: PARTICULARS | M15: DATE | N15: AMOUNT | P15: REMARKS
B16: Less: Promo Discount on TSP | D16: : | F16: 0
B17: NET SELLING PRICE | D17: : | F17: =F15-F16 -> #REF! | K17: RESERVATION FEE | M17: =C2 -> 45849.956 | N17: =F27 -> 50000 | U17: =M17 -> 45849.956 | V17: =EDATE(U17,E30) -> #REF!
B18: NET SELLING PRICE per SQM | F18: =F17/E11 -> #REF! | K18: =IF(N18="","",T18) -> #REF! | M18: =IF(N18="","",U18) -> #REF! | N18: =IF($E$30>0,$F$30,"") -> #REF! | T18: 1st Equity Payment | U18: =IF(DAY(U17)=31,W20,Y20) -> 45889 | W18: 31st of the month
K19: =IF(N19="","",T19) -> #REF! | M19: =IF(N19="","",U19) -> #REF! | N19: =IF($E$30>1,$F$30,"") -> #REF! | T19: 2nd Equity Payment | U19: =IF(AND(DAY(U18)>=6,DAY(U18)<=20),DATE(YEAR(U18),MONTH(U18)+1,DAY(20)),IF(AND(DAY(U18)>=21,DAY(U18)<=30),DATE(YEAR(U18),MONTH(U18)+1,IF(DAY(EOMONTH(U18,1))<30,DAY(EOMONTH(U18,1)),DAY(30))),DATE(YEAR(U18),MONTH(U18)+1,DAY(5)))) -> 45920 | V19: balance | W19: =IF(DAY(U17)=31,DATE(YEAR(V17),MONTH(V17)+2,DAY(5))) -> FALSE | Y19: =IF(AND(DAY(V17)>=6,DAY(V17)<=20),DATE(YEAR(V17),MONTH(V17)+1,DAY(20)),IF(AND(DAY(V17)>=21,DAY(V17)<=31),DATE(YEAR(V17),MONTH(V17)+1,IF(DAY(EOMONTH(V17,1))<30,DAY(EOMONTH(V17,1)),DAY(30))),DATE(YEAR(V17),MONTH(V17)+1,DAY(5)))) -> #REF!
B20: Add: bank Fees | D20: : | E20: ='Pricelist Standard'!AE7 -> 0 | F20: =F15*E20 -> #REF! | K20: =IF(N20="","",T20) -> #REF! | M20: =IF(N20="","",U20) -> #REF! | N20: =IF($E$30>2,$F$30,"") -> #REF! | T20: 3rd Equity Payment | U20: =IF(AND(DAY(U19)>=6,DAY(U19)<=20),DATE(YEAR(U19),MONTH(U19)+1,DAY(20)),IF(AND(DAY(U19)>=21,DAY(U19)<=30),DATE(YEAR(U19),MONTH(U19)+1,IF(DAY(EOMONTH(U19,1))<30,DAY(EOMONTH(U19,1)),DAY(30))),DATE(YEAR(U19),MONTH(U19)+1,DAY(5)))) -> 45950 | V20: equity | W20: =IF(DAY(U17)=31,DATE(YEAR(U17),MONTH(U17)+2,DAY(5))) -> FALSE | Y20: =IF(AND(DAY(U17)>=6,DAY(U17)<=20),DATE(YEAR(U17),MONTH(U17)+1,DAY(20)),IF(AND(DAY(U17)>=21,DAY(U17)<=30),DATE(YEAR(U17),MONTH(U17)+1,IF(DAY(EOMONTH(U17,1))<31,DAY(EOMONTH(U17,1)),DAY(30))),DATE(YEAR(U17),MONTH(U17)+1,DAY(5)))) -> 45889
B21: Add: Legal & Misc. Fees | D21: : | E21: 0.035 | F21: =E21*F15 -> #REF! | K21: =IF(N21="","",T21) -> #REF! | M21: =IF(N21="","",U21) -> #REF! | N21: =IF($E$30>3,$F$30,"") -> #REF! | T21: 4th Equity Payment | U21: =IF(AND(DAY(U20)>=6,DAY(U20)<=20),DATE(YEAR(U20),MONTH(U20)+1,DAY(20)),IF(AND(DAY(U20)>=21,DAY(U20)<=30),DATE(YEAR(U20),MONTH(U20)+1,IF(DAY(EOMONTH(U20,1))<30,DAY(EOMONTH(U20,1)),DAY(30))),DATE(YEAR(U20),MONTH(U20)+1,DAY(5)))) -> 45981
K22: =IF(N22="","",T22) -> #REF! | M22: =IF(N22="","",U22) -> #REF! | N22: =IF($E$30>4,$F$30,"") -> #REF! | T22: 5th Equity Payment | U22: =IF(AND(DAY(U21)>=6,DAY(U21)<=20),DATE(YEAR(U21),MONTH(U21)+1,DAY(20)),IF(AND(DAY(U21)>=21,DAY(U21)<=30),DATE(YEAR(U21),MONTH(U21)+1,IF(DAY(EOMONTH(U21,1))<30,DAY(EOMONTH(U21,1)),DAY(30))),DATE(YEAR(U21),MONTH(U21)+1,DAY(5)))) -> 46011
B23: TOTAL CONTRACT PRICE | D23: : | F23: =F17+F20+F21 -> #REF! | K23: =IF(N23="","",T23) -> #REF! | M23: =IF(N23="","",U23) -> #REF! | N23: =IF($E$30>5,$F$30,"") -> #REF! | T23: 6th Equity Payment | U23: =IF(AND(DAY(U22)>=6,DAY(U22)<=20),DATE(YEAR(U22),MONTH(U22)+1,DAY(20)),IF(AND(DAY(U22)>=21,DAY(U22)<=30),DATE(YEAR(U22),MONTH(U22)+1,IF(DAY(EOMONTH(U22,1))<30,DAY(EOMONTH(U22,1)),DAY(30))),DATE(YEAR(U22),MONTH(U22)+1,DAY(5)))) -> 46042
K24: =IF(N24="","",T24) -> #REF! | M24: =IF(N24="","",U24) -> #REF! | N24: =IF($E$30>6,$F$30,"") -> #REF! | T24: 7th Equity Payment | U24: =IF(AND(DAY(U23)>=6,DAY(U23)<=20),DATE(YEAR(U23),MONTH(U23)+1,DAY(20)),IF(AND(DAY(U23)>=21,DAY(U23)<=30),DATE(YEAR(U23),MONTH(U23)+1,IF(DAY(EOMONTH(U23,1))<30,DAY(EOMONTH(U23,1)),DAY(30))),DATE(YEAR(U23),MONTH(U23)+1,DAY(5)))) -> 46073
B25: Equity down Payment | D25: : | E25: ='SPC San Diego B'!E25 -> 0.05 | F25: =F23*E25 -> #REF! | K25: =IF(N25="","",T25) -> #REF! | M25: =IF(N25="","",U25) -> #REF! | N25: =IF($E$30>7,$F$30,"") -> #REF! | T25: 8th Equity Payment | U25: =IF(AND(DAY(U24)>=6,DAY(U24)<=20),DATE(YEAR(U24),MONTH(U24)+1,DAY(20)),IF(AND(DAY(U24)>=21,DAY(U24)<=30),DATE(YEAR(U24),MONTH(U24)+1,IF(DAY(EOMONTH(U24,1))<30,DAY(EOMONTH(U24,1)),DAY(30))),DATE(YEAR(U24),MONTH(U24)+1,DAY(5)))) -> 46101
B26: less: Promo Discount on Equity | D26: =D25 -> : | K26: =IF(N26="","",T26) -> #REF! | M26: =IF(N26="","",U26) -> #REF! | N26: =IF($E$30>8,$F$30,"") -> #REF! | T26: 9th Equity Payment | U26: =IF(AND(DAY(U25)>=6,DAY(U25)<=20),DATE(YEAR(U25),MONTH(U25)+1,DAY(20)),IF(AND(DAY(U25)>=21,DAY(U25)<=30),DATE(YEAR(U25),MONTH(U25)+1,IF(DAY(EOMONTH(U25,1))<30,DAY(EOMONTH(U25,1)),DAY(30))),DATE(YEAR(U25),MONTH(U25)+1,DAY(5)))) -> 46132
B27: less: Reservation Fee | D27: : | F27: 50000 | K27: =IF(N27="","",T27) -> #REF! | M27: =IF(N27="","",U27) -> #REF! | N27: =IF($E$30>9,$F$30,"") -> #REF! | T27: 10th Equity Payment | U27: =IF(AND(DAY(U26)>=6,DAY(U26)<=20),DATE(YEAR(U26),MONTH(U26)+1,DAY(20)),IF(AND(DAY(U26)>=21,DAY(U26)<=30),DATE(YEAR(U26),MONTH(U26)+1,IF(DAY(EOMONTH(U26,1))<30,DAY(EOMONTH(U26,1)),DAY(30))),DATE(YEAR(U26),MONTH(U26)+1,DAY(5)))) -> 46162
B28: Net Equity Payment | D28: : | F28: =F25-F26-F27 -> #REF! | K28: =IF(N28="","",T28) -> #REF! | M28: =IF(N28="","",U28) -> #REF! | N28: =IF($E$30>10,$F$30,"") -> #REF! | T28: 11th Equity Payment | U28: =IF(AND(DAY(U27)>=6,DAY(U27)<=20),DATE(YEAR(U27),MONTH(U27)+1,DAY(20)),IF(AND(DAY(U27)>=21,DAY(U27)<=30),DATE(YEAR(U27),MONTH(U27)+1,IF(DAY(EOMONTH(U27,1))<30,DAY(EOMONTH(U27,1)),DAY(30))),DATE(YEAR(U27),MONTH(U27)+1,DAY(5)))) -> 46193
K29: =IF(N29="","",T29) -> #REF! | M29: =IF(N29="","",U29) -> #REF! | N29: =IF($E$30>11,$F$30,"") -> #REF! | T29: 12th Equity Payment | U29: =IF(AND(DAY(U28)>=6,DAY(U28)<=20),DATE(YEAR(U28),MONTH(U28)+1,DAY(20)),IF(AND(DAY(U28)>=21,DAY(U28)<=30),DATE(YEAR(U28),MONTH(U28)+1,IF(DAY(EOMONTH(U28,1))<30,DAY(EOMONTH(U28,1)),DAY(30))),DATE(YEAR(U28),MONTH(U28)+1,DAY(5)))) -> 46223
B30: Monthly Equity | D30: : | E30: ='Pricelist Standard'!#REF! -> #REF! | F30: =F28/E30 -> #REF! | K30: BALANCE | M30: =IF(N30>1,U30,"") -> #REF! | N30: =F34 -> #REF! | T30: 13th EQUITY PAYMENT | U30: =IF(AND(DAY(U29)>=6,DAY(U29)<=20),DATE(YEAR(U29),MONTH(U29)+1,DAY(20)),IF(AND(DAY(U29)>=21,DAY(U29)<=30),DATE(YEAR(U29),MONTH(U29)+1,IF(DAY(EOMONTH(U29,1))<30,DAY(EOMONTH(U29,1)),DAY(30))),DATE(YEAR(U29),MONTH(U29)+1,DAY(5)))) -> 46254
B32: Lumpsum Payment | D32: : | E32: 0 | F32: =F23*E32 -> #REF! | N32: =SUM(N17:O31) -> #REF!
T33: 14th EQUITY PAYMENT | U33: =IF(AND(DAY(U30)>=6,DAY(U30)<=20),DATE(YEAR(U30),MONTH(U30)+1,DAY(20)),IF(AND(DAY(U30)>=21,DAY(U30)<=30),DATE(YEAR(U30),MONTH(U30)+1,IF(DAY(EOMONTH(U30,1))<30,DAY(EOMONTH(U30,1)),DAY(30))),DATE(YEAR(U30),MONTH(U30)+1,DAY(5)))) -> 46285
B34: FULL BALANCE (TCP) | D34: : | E34: =100%-E25-E32 -> 0.95 | F34: =F23*E34 -> #REF! | T34: 15th EQUITY PAYMENT | U34: =IF(AND(DAY(U33)>=6,DAY(U33)<=20),DATE(YEAR(U33),MONTH(U33)+1,DAY(20)),IF(AND(DAY(U33)>=21,DAY(U33)<=30),DATE(YEAR(U33),MONTH(U33)+1,IF(DAY(EOMONTH(U33,1))<30,DAY(EOMONTH(U33,1)),DAY(30))),DATE(YEAR(U33),MONTH(U33)+1,DAY(5)))) -> 46315
T35: 16th EQUITY PAYMENT | U35: =IF(AND(DAY(U34)>=6,DAY(U34)<=20),DATE(YEAR(U34),MONTH(U34)+1,DAY(20)),IF(AND(DAY(U34)>=21,DAY(U34)<=30),DATE(YEAR(U34),MONTH(U34)+1,IF(DAY(EOMONTH(U34,1))<30,DAY(EOMONTH(U34,1)),DAY(30))),DATE(YEAR(U34),MONTH(U34)+1,DAY(5)))) -> 46346
B36: Estimated Monthly Amortization | T36: 17th EQUITY PAYMENT | U36: =IF(AND(DAY(U35)>=6,DAY(U35)<=20),DATE(YEAR(U35),MONTH(U35)+1,DAY(20)),IF(AND(DAY(U35)>=21,DAY(U35)<=30),DATE(YEAR(U35),MONTH(U35)+1,IF(DAY(EOMONTH(U35,1))<30,DAY(EOMONTH(U35,1)),DAY(30))),DATE(YEAR(U35),MONTH(U35)+1,DAY(5)))) -> 46376
T37: 18th EQUITY PAYMENT | U37: =IF(AND(DAY(U36)>=6,DAY(U36)<=20),DATE(YEAR(U36),MONTH(U36)+1,DAY(20)),IF(AND(DAY(U36)>=21,DAY(U36)<=30),DATE(YEAR(U36),MONTH(U36)+1,IF(DAY(EOMONTH(U36,1))<30,DAY(EOMONTH(U36,1)),DAY(30))),DATE(YEAR(U36),MONTH(U36)+1,DAY(5)))) -> 46407
B38: Term | C38: Interest Rate | D38: Factor Rate | E38: Amount | F38: Income Requirement | K38: Prepared by: | O38: Conformed: | T38: 19th EQUITY PAYMENT | U38: =IF(AND(DAY(U37)>=6,DAY(U37)<=20),DATE(YEAR(U37),MONTH(U37)+1,DAY(20)),IF(AND(DAY(U37)>=21,DAY(U37)<=30),DATE(YEAR(U37),MONTH(U37)+1,IF(DAY(EOMONTH(U37,1))<30,DAY(EOMONTH(U37,1)),DAY(30))),DATE(YEAR(U37),MONTH(U37)+1,DAY(5)))) -> 46438
B39: 5 | C39: 0.07 | D39: =PMT(C39/12,B39*12,-1) -> 0.019801199 | E39: =F34*D39 -> #REF! | F39: =E39/0.33 -> #REF! | T39: 20th EQUITY PAYMENT | U39: =IF(AND(DAY(U38)>=6,DAY(U38)<=20),DATE(YEAR(U38),MONTH(U38)+1,DAY(20)),IF(AND(DAY(U38)>=21,DAY(U38)<=30),DATE(YEAR(U38),MONTH(U38)+1,IF(DAY(EOMONTH(U38,1))<30,DAY(EOMONTH(U38,1)),DAY(30))),DATE(YEAR(U38),MONTH(U38)+1,DAY(5)))) -> 46466
B40: 10 | C40: 0.07 | D40: =PMT(C40/12,B40*12,-1) -> 0.011610848 | E40: =F34*D40 -> #REF! | F40: =E40/0.33 -> #REF! | T40: 21st EQUITY PAYMENT | U40: =IF(AND(DAY(U39)>=6,DAY(U39)<=20),DATE(YEAR(U39),MONTH(U39)+1,DAY(20)),IF(AND(DAY(U39)>=21,DAY(U39)<=30),DATE(YEAR(U39),MONTH(U39)+1,IF(DAY(EOMONTH(U39,1))<30,DAY(EOMONTH(U39,1)),DAY(30))),DATE(YEAR(U39),MONTH(U39)+1,DAY(5)))) -> 46497
B41: 15 | C41: 0.07 | D41: =PMT(C41/12,B41*12,-1) -> 0.0089882827 | E41: =F34*D41 -> #REF! | F41: =E41/0.33 -> #REF! | T41: 22nd EQUITY PAYMENT | U41: =IF(AND(DAY(U40)>=6,DAY(U40)<=20),DATE(YEAR(U40),MONTH(U40)+1,DAY(20)),IF(AND(DAY(U40)>=21,DAY(U40)<=30),DATE(YEAR(U40),MONTH(U40)+1,IF(DAY(EOMONTH(U40,1))<30,DAY(EOMONTH(U40,1)),DAY(30))),DATE(YEAR(U40),MONTH(U40)+1,DAY(5)))) -> 46527
B42: 20 | C42: 0.07 | D42: =PMT(C42/12,B42*12,-1) -> 0.0077529894 | E42: =F34*D42 -> #REF! | F42: =E42/0.33 -> #REF! | K42: Date | O42: Date:
B43: Fixed for five (5) years
B44: Sample Computation for Interest rate is at 7% fixed for five (5) years only
B45: A. Prices are subject to change without prior notice.
B46: B. Bank Fees rates may vary per bank.
B48: IN-HOUSE COMPUTATION
B49: Term | C49: Interest Rate | D49: Factor Rate | E49: Monthly Amortization | F49: Income Requirement
B50: 15 Years | C50: 0.16 | D50: ='Pricelist Standard'!AQ6 -> 0.024318057 | E50: =F34*D50 -> #REF! | F50: =E50/0.33 -> #REF!
B51: 10 Years | C51: 0.14 | D51: ='Pricelist Standard'!AU6 -> 0.01801852 | E51: =F34*D51 -> #REF! | F51: =E51/0.33 -> #REF!
B52: A. Prices are subject to change without prior notice. | T52: 23rd EQUITY PAYMENT | U52: =IF(AND(DAY(U41)>=6,DAY(U41)<=20),DATE(YEAR(U41),MONTH(U41)+1,DAY(20)),IF(AND(DAY(U41)>=21,DAY(U41)<=30),DATE(YEAR(U41),MONTH(U41)+1,IF(DAY(EOMONTH(U41,1))<30,DAY(EOMONTH(U41,1)),DAY(30))),DATE(YEAR(U41),MONTH(U41)+1,DAY(5)))) -> 46558 | AL52: 3128866
T53: 24th EQUITY PAYMENT | U53: =IF(AND(DAY(U52)>=6,DAY(U52)<=20),DATE(YEAR(U52),MONTH(U52)+1,DAY(20)),IF(AND(DAY(U52)>=21,DAY(U52)<=30),DATE(YEAR(U52),MONTH(U52)+1,IF(DAY(EOMONTH(U52,1))<30,DAY(EOMONTH(U52,1)),DAY(30))),DATE(YEAR(U52),MONTH(U52)+1,DAY(5)))) -> 46588
T54: 25th EQUITY PAYMENT | U54: =IF(AND(DAY(U53)>=6,DAY(U53)<=20),DATE(YEAR(U53),MONTH(U53)+1,DAY(20)),IF(AND(DAY(U53)>=21,DAY(U53)<=30),DATE(YEAR(U53),MONTH(U53)+1,IF(DAY(EOMONTH(U53,1))<30,DAY(EOMONTH(U53,1)),DAY(30))),DATE(YEAR(U53),MONTH(U53)+1,DAY(5)))) -> 46619
T55: 26th EQUITY PAYMENT | U55: =IF(AND(DAY(U54)>=6,DAY(U54)<=20),DATE(YEAR(U54),MONTH(U54)+1,DAY(20)),IF(AND(DAY(U54)>=21,DAY(U54)<=30),DATE(YEAR(U54),MONTH(U54)+1,IF(DAY(EOMONTH(U54,1))<30,DAY(EOMONTH(U54,1)),DAY(30))),DATE(YEAR(U54),MONTH(U54)+1,DAY(5)))) -> 46650
T56: 27th EQUITY PAYMENT | U56: =IF(AND(DAY(U55)>=6,DAY(U55)<=20),DATE(YEAR(U55),MONTH(U55)+1,DAY(20)),IF(AND(DAY(U55)>=21,DAY(U55)<=30),DATE(YEAR(U55),MONTH(U55)+1,IF(DAY(EOMONTH(U55,1))<30,DAY(EOMONTH(U55,1)),DAY(30))),DATE(YEAR(U55),MONTH(U55)+1,DAY(5)))) -> 46680
T57: 28th EQUITY PAYMENT | U57: =IF(AND(DAY(U56)>=6,DAY(U56)<=20),DATE(YEAR(U56),MONTH(U56)+1,DAY(20)),IF(AND(DAY(U56)>=21,DAY(U56)<=30),DATE(YEAR(U56),MONTH(U56)+1,IF(DAY(EOMONTH(U56,1))<30,DAY(EOMONTH(U56,1)),DAY(30))),DATE(YEAR(U56),MONTH(U56)+1,DAY(5)))) -> 46711
T65: 36th EQUITY PAYMENT | U65: =IF(AND(DAY(U64)>=6,DAY(U64)<=20),DATE(YEAR(U64),MONTH(U64)+1,DAY(20)),IF(AND(DAY(U64)>=21,DAY(U64)<=30),DATE(YEAR(U64),MONTH(U64)+1,IF(DAY(EOMONTH(U64,1))<30,DAY(EOMONTH(U64,1)),DAY(30))),DATE(YEAR(U64),MONTH(U64)+1,DAY(5)))) -> 36
T66: 37th EQUITY PAYMENT | U66: =IF(AND(DAY(U65)>=6,DAY(U65)<=20),DATE(YEAR(U65),MONTH(U65)+1,DAY(20)),IF(AND(DAY(U65)>=21,DAY(U65)<=30),DATE(YEAR(U65),MONTH(U65)+1,IF(DAY(EOMONTH(U65,1))<30,DAY(EOMONTH(U65,1)),DAY(30))),DATE(YEAR(U65),MONTH(U65)+1,DAY(5)))) -> 65
T67: 38th EQUITY PAYMENT | U67: =IF(AND(DAY(U66)>=6,DAY(U66)<=20),DATE(YEAR(U66),MONTH(U66)+1,DAY(20)),IF(AND(DAY(U66)>=21,DAY(U66)<=30),DATE(YEAR(U66),MONTH(U66)+1,IF(DAY(EOMONTH(U66,1))<30,DAY(EOMONTH(U66,1)),DAY(30))),DATE(YEAR(U66),MONTH(U66)+1,DAY(5)))) -> 96
T68: 39th EQUITY PAYMENT | U68: =IF(AND(DAY(U67)>=6,DAY(U67)<=20),DATE(YEAR(U67),MONTH(U67)+1,DAY(20)),IF(AND(DAY(U67)>=21,DAY(U67)<=30),DATE(YEAR(U67),MONTH(U67)+1,IF(DAY(EOMONTH(U67,1))<30,DAY(EOMONTH(U67,1)),DAY(30))),DATE(YEAR(U67),MONTH(U67)+1,DAY(5)))) -> 126
T69: 40th EQUITY PAYMENT | U69: =IF(AND(DAY(U68)>=6,DAY(U68)<=20),DATE(YEAR(U68),MONTH(U68)+1,DAY(20)),IF(AND(DAY(U68)>=21,DAY(U68)<=30),DATE(YEAR(U68),MONTH(U68)+1,IF(DAY(EOMONTH(U68,1))<30,DAY(EOMONTH(U68,1)),DAY(30))),DATE(YEAR(U68),MONTH(U68)+1,DAY(5)))) -> 157
T70: 41st EQUITY PAYMENT | U70: =IF(AND(DAY(U69)>=6,DAY(U69)<=20),DATE(YEAR(U69),MONTH(U69)+1,DAY(20)),IF(AND(DAY(U69)>=21,DAY(U69)<=30),DATE(YEAR(U69),MONTH(U69)+1,IF(DAY(EOMONTH(U69,1))<30,DAY(EOMONTH(U69,1)),DAY(30))),DATE(YEAR(U69),MONTH(U69)+1,DAY(5)))) -> 187
T71: 42nd EQUITY PAYMENT | U71: =IF(AND(DAY(U70)>=6,DAY(U70)<=20),DATE(YEAR(U70),MONTH(U70)+1,DAY(20)),IF(AND(DAY(U70)>=21,DAY(U70)<=30),DATE(YEAR(U70),MONTH(U70)+1,IF(DAY(EOMONTH(U70,1))<30,DAY(EOMONTH(U70,1)),DAY(30))),DATE(YEAR(U70),MONTH(U70)+1,DAY(5)))) -> 218
... T74: 45th EQUITY PAYMENT | U74: =IF(AND(DAY(U73)>=6,DAY(U73)<=20),DATE(YEAR(U73),MONTH(U73)+1,DAY(20)),IF(AND(DAY(U73)>=21,DAY(U73)<=30),DATE(YEAR(U73),MONTH(U73)+1,IF(DAY(EOMONTH(U73,1))<30,DAY(EOMONTH(U73,1)),DAY(30))),DATE(YEAR(U73),MONTH(U73)+1,DAY(5)))) -> 310
T75: 46th EQUITY PAYMENT
A252: =(F15-#REF!)*12% -> #REF!
AQ397: 20000 | AS397: 24
AQ398: 15000
AB782: 1

Sheet SPC San Esteban A
J1: 0.01
B2: DATE : | C2: =NOW() -> 45849.956 | F2: PAGE | G2: 1 of 1 | K2: DATE : | L2: =C2 -> 45849.956
B4: STANDARD PACKAGE COMPUTATION | K4: PAYMENT SCHEDULE
B6: CLIENT'S NAME | D6: : | K6: CLIENT'S NAME | M6: : | N6: =E6 -> 0
B7: PROJECT NAME | D7: : | E7: The Elements Las Piñas | K7: PROJECT NAME | M7: : | N7: =E7 -> The Elements Las Piñas
B8: UNIT NUMBER | D8: : | E8: San Esteban Unit A | K8: UNIT NUMBER | M8: : | N8: =E8 -> San Esteban Unit A
B9: TOWER | D9: : | E9: N/A | K9: TOWER | M9: : | N9: =E9 -> N/A
B10: UNIT TYPE | D10: : | E10: ='Pricelist Standard'!#REF! -> #REF! | G10: ='Pricelist Standard'!#REF! -> #REF! | K10: UNIT TYPE | M10: : | N10: =E10 -> #REF!
B11: =[1]Pricelist_SSO!H25 -> Floor Area | D11: : | E11: ='Pricelist Standard'!#REF! -> #REF! | G11: SQM. | K11: LIVEABLE AREA | M11: : | N11: =E11 -> #REF! | P11: SQM.
B12: =[1]Pricelist_SSO!I25 -> Actual Lot Area | D12: : | E12: ='Pricelist Standard'!#REF! -> #REF! | G12: SQM. | K12: BALCONY AREA | M12: : | N12: =E12 -> #REF! | P12: SQM.
B13: GROSS AREA | D13: : | G13: SQM. | K13: GROSS AREA | M13: : | N13: =E13 -> 0 | P13: SQM.
B15: TOTAL SELLING PRICE | D15: : | F15: ='Pricelist Standard'!#REF! -> #REF! | K15: PARTICULARS | M15: DATE | N15: AMOUNT | P15: REMARKS
B16: Less: Promo Discount on TSP | D16: : | F16: 0
B17: NET SELLING PRICE | D17: : | F17: =F15-F16 -> #REF! | K17: RESERVATION FEE | M17: =C2 -> 45849.956 | N17: =F27 -> 50000 | U17: =M17 -> 45849.956 | V17: =EDATE(U17,E30) -> #REF!
B18: NET SELLING PRICE per SQM | F18: =F17/E11 -> #REF! | K18: =IF(N18="","",T18) -> #REF! | M18: =IF(N18="","",U18) -> #REF! | N18: =IF($E$30>0,$F$30,"") -> #REF! | T18: 1st Equity Payment | U18: =IF(DAY(U17)=31,W20,Y20) -> 45889 | W18: 31st of the month
K19: =IF(N19="","",T19) -> #REF! | M19: =IF(N19="","",U19) -> #REF! | N19: =IF($E$30>1,$F$30,"") -> #REF! | T19: 2nd Equity Payment | U19: =IF(AND(DAY(U18)>=6,DAY(U18)<=20),DATE(YEAR(U18),MONTH(U18)+1,DAY(20)),IF(AND(DAY(U18)>=21,DAY(U18)<=30),DATE(YEAR(U18),MONTH(U18)+1,IF(DAY(EOMONTH(U18,1))<30,DAY(EOMONTH(U18,1)),DAY(30))),DATE(YEAR(U18),MONTH(U18)+1,DAY(5)))) -> 45920 | V19: balance | W19: =IF(DAY(U17)=31,DATE(YEAR(V17),MONTH(V17)+2,DAY(5))) -> FALSE | Y19: =IF(AND(DAY(V17)>=6,DAY(V17)<=20),DATE(YEAR(V17),MONTH(V17)+1,DAY(20)),IF(AND(DAY(V17)>=21,DAY(V17)<=31),DATE(YEAR(V17),MONTH(V17)+1,IF(DAY(EOMONTH(V17,1))<30,DAY(EOMONTH(V17,1)),DAY(30))),DATE(YEAR(V17),MONTH(V17)+1,DAY(5)))) -> #REF!
B20: Add: bank Fees | D20: : | E20: ='Pricelist Standard'!AE7 -> 0 | F20: =F15*E20 -> #REF! | K20: =IF(N20="","",T20) -> #REF! | M20: =IF(N20="","",U20) -> #REF! | N20: =IF($E$30>2,$F$30,"") -> #REF! | T20: 3rd Equity Payment | U20: =IF(AND(DAY(U19)>=6,DAY(U19)<=20),DATE(YEAR(U19),MONTH(U19)+1,DAY(20)),IF(AND(DAY(U19)>=21,DAY(U19)<=30),DATE(YEAR(U19),MONTH(U19)+1,IF(DAY(EOMONTH(U19,1))<30,DAY(EOMONTH(U19,1)),DAY(30))),DATE(YEAR(U19),MONTH(U19)+1,DAY(5)))) -> 45950 | V20: equity | W20: =IF(DAY(U17)=31,DATE(YEAR(U17),MONTH(U17)+2,DAY(5))) -> FALSE | Y20: =IF(AND(DAY(U17)>=6,DAY(U17)<=20),DATE(YEAR(U17),MONTH(U17)+1,DAY(20)),IF(AND(DAY(U17)>=21,DAY(U17)<=30),DATE(YEAR(U17),MONTH(U17)+1,IF(DAY(EOMONTH(U17,1))<31,DAY(EOMONTH(U17,1)),DAY(30))),DATE(YEAR(U17),MONTH(U17)+1,DAY(5)))) -> 45889
B21: Add: Legal & Misc. Fees | D21: : | E21: 0.035 | F21: =E21*F15 -> #REF! | K21: =IF(N21="","",T21) -> #REF! | M21: =IF(N21="","",U21) -> #REF! | N21: =IF($E$30>3,$F$30,"") -> #REF! | T21: 4th Equity Payment | U21: =IF(AND(DAY(U20)>=6,DAY(U20)<=20),DATE(YEAR(U20),MONTH(U20)+1,DAY(20)),IF(AND(DAY(U20)>=21,DAY(U20)<=30),DATE(YEAR(U20),MONTH(U20)+1,IF(DAY(EOMONTH(U20,1))<30,DAY(EOMONTH(U20,1)),DAY(30))),DATE(YEAR(U20),MONTH(U20)+1,DAY(5)))) -> 45981
K22: =IF(N22="","",T22) -> #REF! | M22: =IF(N22="","",U22) -> #REF! | N22: =IF($E$30>4,$F$30,"") -> #REF! | T22: 5th Equity Payment | U22: =IF(AND(DAY(U21)>=6,DAY(U21)<=20),DATE(YEAR(U21),MONTH(U21)+1,DAY(20)),IF(AND(DAY(U21)>=21,DAY(U21)<=30),DATE(YEAR(U21),MONTH(U21)+1,IF(DAY(EOMONTH(U21,1))<30,DAY(EOMONTH(U21,1)),DAY(30))),DATE(YEAR(U21),MONTH(U21)+1,DAY(5)))) -> 46011
B23: TOTAL CONTRACT PRICE | D23: : | F23: =F17+F20+F21 -> #REF! | K23: =IF(N23="","",T23) -> #REF! | M23: =IF(N23="","",U23) -> #REF! | N23: =IF($E$30>5,$F$30,"") -> #REF! | T23: 6th Equity Payment | U23: =IF(AND(DAY(U22)>=6,DAY(U22)<=20),DATE(YEAR(U22),MONTH(U22)+1,DAY(20)),IF(AND(DAY(U22)>=21,DAY(U22)<=30),DATE(YEAR(U22),MONTH(U22)+1,IF(DAY(EOMONTH(U22,1))<30,DAY(EOMONTH(U22,1)),DAY(30))),DATE(YEAR(U22),MONTH(U22)+1,DAY(5)))) -> 46042
K24: =IF(N24="","",T24) -> #REF! | M24: =IF(N24="","",U24) -> #REF! | N24: =IF($E$30>6,$F$30,"") -> #REF! | T24: 7th Equity Payment | U24: =IF(AND(DAY(U23)>=6,DAY(U23)<=20),DATE(YEAR(U23),MONTH(U23)+1,DAY(20)),IF(AND(DAY(U23)>=21,DAY(U23)<=30),DATE(YEAR(U23),MONTH(U23)+1,IF(DAY(EOMONTH(U23,1))<30,DAY(EOMONTH(U23,1)),DAY(30))),DATE(YEAR(U23),MONTH(U23)+1,DAY(5)))) -> 46073
B25: Equity down Payment | D25: : | E25: ='SPC San Diego C'!E25 -> 0.05 | F25: =F23*E25 -> #REF! | K25: =IF(N25="","",T25) -> #REF! | M25: =IF(N25="","",U25) -> #REF! | N25: =IF($E$30>7,$F$30,"") -> #REF! | T25: 8th Equity Payment | U25: =IF(AND(DAY(U24)>=6,DAY(U24)<=20),DATE(YEAR(U24),MONTH(U24)+1,DAY(20)),IF(AND(DAY(U24)>=21,DAY(U24)<=30),DATE(YEAR(U24),MONTH(U24)+1,IF(DAY(EOMONTH(U24,1))<30,DAY(EOMONTH(U24,1)),DAY(30))),DATE(YEAR(U24),MONTH(U24)+1,DAY(5)))) -> 46101
B26: less: Promo Discount on Equity | D26: =D25 -> : | K26: =IF(N26="","",T26) -> #REF! | M26: =IF(N26="","",U26) -> #REF! | N26: =IF($E$30>8,$F$30,"") -> #REF! | T26: 9th Equity Payment | U26: =IF(AND(DAY(U25)>=6,DAY(U25)<=20),DATE(YEAR(U25),MONTH(U25)+1,DAY(20)),IF(AND(DAY(U25)>=21,DAY(U25)<=30),DATE(YEAR(U25),MONTH(U25)+1,IF(DAY(EOMONTH(U25,1))<30,DAY(EOMONTH(U25,1)),DAY(30))),DATE(YEAR(U25),MONTH(U25)+1,DAY(5)))) -> 46132
B27: less: Reservation Fee | D27: : | F27: 50000 | K27: =IF(N27="","",T27) -> #REF! | M27: =IF(N27="","",U27) -> #REF! | N27: =IF($E$30>9,$F$30,"") -> #REF! | T27: 10th Equity Payment | U27: =IF(AND(DAY(U26)>=6,DAY(U26)<=20),DATE(YEAR(U26),MONTH(U26)+1,DAY(20)),IF(AND(DAY(U26)>=21,DAY(U26)<=30),DATE(YEAR(U26),MONTH(U26)+1,IF(DAY(EOMONTH(U26,1))<30,DAY(EOMONTH(U26,1)),DAY(30))),DATE(YEAR(U26),MONTH(U26)+1,DAY(5)))) -> 46162
B28: Net Equity Payment | D28: : | F28: =F25-F26-F27 -> #REF! | K28: =IF(N28="","",T28) -> #REF! | M28: =IF(N28="","",U28) -> #REF! | N28: =IF($E$30>10,$F$30,"") -> #REF! | T28: 11th Equity Payment | U28: =IF(AND(DAY(U27)>=6,DAY(U27)<=20),DATE(YEAR(U27),MONTH(U27)+1,DAY(20)),IF(AND(DAY(U27)>=21,DAY(U27)<=30),DATE(YEAR(U27),MONTH(U27)+1,IF(DAY(EOMONTH(U27,1))<30,DAY(EOMONTH(U27,1)),DAY(30))),DATE(YEAR(U27),MONTH(U27)+1,DAY(5)))) -> 46193
K29: =IF(N29="","",T29) -> #REF! | M29: =IF(N29="","",U29) -> #REF! | N29: =IF($E$30>11,$F$30,"") -> #REF! | T29: 12th Equity Payment | U29: =IF(AND(DAY(U28)>=6,DAY(U28)<=20),DATE(YEAR(U28),MONTH(U28)+1,DAY(20)),IF(AND(DAY(U28)>=21,DAY(U28)<=30),DATE(YEAR(U28),MONTH(U28)+1,IF(DAY(EOMONTH(U28,1))<30,DAY(EOMONTH(U28,1)),DAY(30))),DATE(YEAR(U28),MONTH(U28)+1,DAY(5)))) -> 46223
B30: Monthly Equity | D30: : | E30: ='Pricelist Standard'!#REF! -> #REF! | F30: =F28/E30 -> #REF! | K30: BALANCE | M30: =IF(N30>1,U30,"") -> #REF! | N30: =F34 -> #REF! | T30: 13th EQUITY PAYMENT | U30: =IF(AND(DAY(U29)>=6,DAY(U29)<=20),DATE(YEAR(U29),MONTH(U29)+1,DAY(20)),IF(AND(DAY(U29)>=21,DAY(U29)<=30),DATE(YEAR(U29),MONTH(U29)+1,IF(DAY(EOMONTH(U29,1))<30,DAY(EOMONTH(U29,1)),DAY(30))),DATE(YEAR(U29),MONTH(U29)+1,DAY(5)))) -> 46254
B32: Lumpsum Payment | D32: : | E32: 0 | F32: =F23*E32 -> #REF! | N32: =SUM(N17:O31) -> #REF!
T33: 14th EQUITY PAYMENT | U33: =IF(AND(DAY(U30)>=6,DAY(U30)<=20),DATE(YEAR(U30),MONTH(U30)+1,DAY(20)),IF(AND(DAY(U30)>=21,DAY(U30)<=30),DATE(YEAR(U30),MONTH(U30)+1,IF(DAY(EOMONTH(U30,1))<30,DAY(EOMONTH(U30,1)),DAY(30))),DATE(YEAR(U30),MONTH(U30)+1,DAY(5)))) -> 46285
B34: FULL BALANCE (TCP) | D34: : | E34: =100%-E25-E32 -> 0.95 | F34: =F23*E34 -> #REF! | T34: 15th EQUITY PAYMENT | U34: =IF(AND(DAY(U33)>=6,DAY(U33)<=20),DATE(YEAR(U33),MONTH(U33)+1,DAY(20)),IF(AND(DAY(U33)>=21,DAY(U33)<=30),DATE(YEAR(U33),MONTH(U33)+1,IF(DAY(EOMONTH(U33,1))<30,DAY(EOMONTH(U33,1)),DAY(30))),DATE(YEAR(U33),MONTH(U33)+1,DAY(5)))) -> 46315
T35: 16th EQUITY PAYMENT | U35: =IF(AND(DAY(U34)>=6,DAY(U34)<=20),DATE(YEAR(U34),MONTH(U34)+1,DAY(20)),IF(AND(DAY(U34)>=21,DAY(U34)<=30),DATE(YEAR(U34),MONTH(U34)+1,IF(DAY(EOMONTH(U34,1))<30,DAY(EOMONTH(U34,1)),DAY(30))),DATE(YEAR(U34),MONTH(U34)+1,DAY(5)))) -> 46346
B36: Estimated Monthly Amortization | T36: 17th EQUITY PAYMENT | U36: =IF(AND(DAY(U35)>=6,DAY(U35)<=20),DATE(YEAR(U35),MONTH(U35)+1,DAY(20)),IF(AND(DAY(U35)>=21,DAY(U35)<=30),DATE(YEAR(U35),MONTH(U35)+1,IF(DAY(EOMONTH(U35,1))<30,DAY(EOMONTH(U35,1)),DAY(30))),DATE(YEAR(U35),MONTH(U35)+1,DAY(5)))) -> 46376
T37: 18th EQUITY PAYMENT | U37: =IF(AND(DAY(U36)>=6,DAY(U36)<=20),DATE(YEAR(U36),MONTH(U36)+1,DAY(20)),IF(AND(DAY(U36)>=21,DAY(U36)<=30),DATE(YEAR(U36),MONTH(U36)+1,IF(DAY(EOMONTH(U36,1))<30,DAY(EOMONTH(U36,1)),DAY(30))),DATE(YEAR(U36),MONTH(U36)+1,DAY(5)))) -> 46407
B38: Term | C38: Interest Rate | D38: Factor Rate | E38: Amount | F38: Income Requirement | K38: Prepared by: | O38: Conformed: | T38: 19th EQUITY PAYMENT | U38: =IF(AND(DAY(U37)>=6,DAY(U37)<=20),DATE(YEAR(U37),MONTH(U37)+1,DAY(20)),IF(AND(DAY(U37)>=21,DAY(U37)<=30),DATE(YEAR(U37),MONTH(U37)+1,IF(DAY(EOMONTH(U37,1))<30,DAY(EOMONTH(U37,1)),DAY(30))),DATE(YEAR(U37),MONTH(U37)+1,DAY(5)))) -> 46438
B39: 5 | C39: 0.07 | D39: =PMT(C39/12,B39*12,-1) -> 0.019801199 | E39: =F34*D39 -> #REF! | F39: =E39/0.33 -> #REF! | T39: 20th EQUITY PAYMENT | U39: =IF(AND(DAY(U38)>=6,DAY(U38)<=20),DATE(YEAR(U38),MONTH(U38)+1,DAY(20)),IF(AND(DAY(U38)>=21,DAY(U38)<=30),DATE(YEAR(U38),MONTH(U38)+1,IF(DAY(EOMONTH(U38,1))<30,DAY(EOMONTH(U38,1)),DAY(30))),DATE(YEAR(U38),MONTH(U38)+1,DAY(5)))) -> 46466
B40: 10 | C40: 0.07 | D40: =PMT(C40/12,B40*12,-1) -> 0.011610848 | E40: =F34*D40 -> #REF! | F40: =E40/0.33 -> #REF! | T40: 21st EQUITY PAYMENT | U40: =IF(AND(DAY(U39)>=6,DAY(U39)<=20),DATE(YEAR(U39),MONTH(U39)+1,DAY(20)),IF(AND(DAY(U39)>=21,DAY(U39)<=30),DATE(YEAR(U39),MONTH(U39)+1,IF(DAY(EOMONTH(U39,1))<30,DAY(EOMONTH(U39,1)),DAY(30))),DATE(YEAR(U39),MONTH(U39)+1,DAY(5)))) -> 46497
B41: 15 | C41: 0.07 | D41: =PMT(C41/12,B41*12,-1) -> 0.0089882827 | E41: =F34*D41 -> #REF! | F41: =E41/0.33 -> #REF! | T41: 22nd EQUITY PAYMENT | U41: =IF(AND(DAY(U40)>=6,DAY(U40)<=20),DATE(YEAR(U40),MONTH(U40)+1,DAY(20)),IF(AND(DAY(U40)>=21,DAY(U40)<=30),DATE(YEAR(U40),MONTH(U40)+1,IF(DAY(EOMONTH(U40,1))<30,DAY(EOMONTH(U40,1)),DAY(30))),DATE(YEAR(U40),MONTH(U40)+1,DAY(5)))) -> 46527
B42: 20 | C42: 0.07 | D42: =PMT(C42/12,B42*12,-1) -> 0.0077529894 | E42: =F34*D42 -> #REF! | F42: =E42/0.33 -> #REF! | K42: Date | O42: Date:
B43: Fixed for five (5) years
B44: Sample Computation for Interest rate is at 7% fixed for five (5) years only
B45: A. Prices are subject to change without prior notice.
B46: B. Bank Fees rates may vary per bank.
B48: IN-HOUSE COMPUTATION
B49: Term | C49: Interest Rate | D49: Factor Rate | E49: Monthly Amortization | F49: Income Requirement
B50: 15 Years | C50: 0.16 | D50: ='Pricelist Standard'!AQ6 -> 0.024318057 | E50: =F34*D50 -> #REF! | F50: =E50/0.33 -> #REF!
B51: 10 Years | C51: 0.14 | D51: ='Pricelist Standard'!AU6 -> 0.01801852 | E51: =F34*D51 -> #REF! | F51: =E51/0.33 -> #REF!
B52: A. Prices are subject to change without prior notice. | T52: 23rd EQUITY PAYMENT | U52: =IF(AND(DAY(U41)>=6,DAY(U41)<=20),DATE(YEAR(U41),MONTH(U41)+1,DAY(20)),IF(AND(DAY(U41)>=21,DAY(U41)<=30),DATE(YEAR(U41),MONTH(U41)+1,IF(DAY(EOMONTH(U41,1))<30,DAY(EOMONTH(U41,1)),DAY(30))),DATE(YEAR(U41),MONTH(U41)+1,DAY(5)))) -> 46558 | AL52: 3128866
T53: 24th EQUITY PAYMENT | U53: =IF(AND(DAY(U52)>=6,DAY(U52)<=20),DATE(YEAR(U52),MONTH(U52)+1,DAY(20)),IF(AND(DAY(U52)>=21,DAY(U52)<=30),DATE(YEAR(U52),MONTH(U52)+1,IF(DAY(EOMONTH(U52,1))<30,DAY(EOMONTH(U52,1)),DAY(30))),DATE(YEAR(U52),MONTH(U52)+1,DAY(5)))) -> 46588
T54: 25th EQUITY PAYMENT | U54: =IF(AND(DAY(U53)>=6,DAY(U53)<=20),DATE(YEAR(U53),MONTH(U53)+1,DAY(20)),IF(AND(DAY(U53)>=21,DAY(U53)<=30),DATE(YEAR(U53),MONTH(U53)+1,IF(DAY(EOMONTH(U53,1))<30,DAY(EOMONTH(U53,1)),DAY(30))),DATE(YEAR(U53),MONTH(U53)+1,DAY(5)))) -> 46619
T55: 26th EQUITY PAYMENT | U55: =IF(AND(DAY(U54)>=6,DAY(U54)<=20),DATE(YEAR(U54),MONTH(U54)+1,DAY(20)),IF(AND(DAY(U54)>=21,DAY(U54)<=30),DATE(YEAR(U54),MONTH(U54)+1,IF(DAY(EOMONTH(U54,1))<30,DAY(EOMONTH(U54,1)),DAY(30))),DATE(YEAR(U54),MONTH(U54)+1,DAY(5)))) -> 46650
T56: 27th EQUITY PAYMENT | U56: =IF(AND(DAY(U55)>=6,DAY(U55)<=20),DATE(YEAR(U55),MONTH(U55)+1,DAY(20)),IF(AND(DAY(U55)>=21,DAY(U55)<=30),DATE(YEAR(U55),MONTH(U55)+1,IF(DAY(EOMONTH(U55,1))<30,DAY(EOMONTH(U55,1)),DAY(30))),DATE(YEAR(U55),MONTH(U55)+1,DAY(5)))) -> 46680
T57: 28th EQUITY PAYMENT | U57: =IF(AND(DAY(U56)>=6,DAY(U56)<=20),DATE(YEAR(U56),MONTH(U56)+1,DAY(20)),IF(AND(DAY(U56)>=21,DAY(U56)<=30),DATE(YEAR(U56),MONTH(U56)+1,IF(DAY(EOMONTH(U56,1))<30,DAY(EOMONTH(U56,1)),DAY(30))),DATE(YEAR(U56),MONTH(U56)+1,DAY(5)))) -> 46711
T65: 36th EQUITY PAYMENT | U65: =IF(AND(DAY(U64)>=6,DAY(U64)<=20),DATE(YEAR(U64),MONTH(U64)+1,DAY(20)),IF(AND(DAY(U64)>=21,DAY(U64)<=30),DATE(YEAR(U64),MONTH(U64)+1,IF(DAY(EOMONTH(U64,1))<30,DAY(EOMONTH(U64,1)),DAY(30))),DATE(YEAR(U64),MONTH(U64)+1,DAY(5)))) -> 36
T66: 37th EQUITY PAYMENT | U66: =IF(AND(DAY(U65)>=6,DAY(U65)<=20),DATE(YEAR(U65),MONTH(U65)+1,DAY(20)),IF(AND(DAY(U65)>=21,DAY(U65)<=30),DATE(YEAR(U65),MONTH(U65)+1,IF(DAY(EOMONTH(U65,1))<30,DAY(EOMONTH(U65,1)),DAY(30))),DATE(YEAR(U65),MONTH(U65)+1,DAY(5)))) -> 65
T67: 38th EQUITY PAYMENT | U67: =IF(AND(DAY(U66)>=6,DAY(U66)<=20),DATE(YEAR(U66),MONTH(U66)+1,DAY(20)),IF(AND(DAY(U66)>=21,DAY(U66)<=30),DATE(YEAR(U66),MONTH(U66)+1,IF(DAY(EOMONTH(U66,1))<30,DAY(EOMONTH(U66,1)),DAY(30))),DATE(YEAR(U66),MONTH(U66)+1,DAY(5)))) -> 96
T68: 39th EQUITY PAYMENT | U68: =IF(AND(DAY(U67)>=6,DAY(U67)<=20),DATE(YEAR(U67),MONTH(U67)+1,DAY(20)),IF(AND(DAY(U67)>=21,DAY(U67)<=30),DATE(YEAR(U67),MONTH(U67)+1,IF(DAY(EOMONTH(U67,1))<30,DAY(EOMONTH(U67,1)),DAY(30))),DATE(YEAR(U67),MONTH(U67)+1,DAY(5)))) -> 126
T69: 40th EQUITY PAYMENT | U69: =IF(AND(DAY(U68)>=6,DAY(U68)<=20),DATE(YEAR(U68),MONTH(U68)+1,DAY(20)),IF(AND(DAY(U68)>=21,DAY(U68)<=30),DATE(YEAR(U68),MONTH(U68)+1,IF(DAY(EOMONTH(U68,1))<30,DAY(EOMONTH(U68,1)),DAY(30))),DATE(YEAR(U68),MONTH(U68)+1,DAY(5)))) -> 157
T70: 41st EQUITY PAYMENT | U70: =IF(AND(DAY(U69)>=6,DAY(U69)<=20),DATE(YEAR(U69),MONTH(U69)+1,DAY(20)),IF(AND(DAY(U69)>=21,DAY(U69)<=30),DATE(YEAR(U69),MONTH(U69)+1,IF(DAY(EOMONTH(U69,1))<30,DAY(EOMONTH(U69,1)),DAY(30))),DATE(YEAR(U69),MONTH(U69)+1,DAY(5)))) -> 187
T71: 42nd EQUITY PAYMENT | U71: =IF(AND(DAY(U70)>=6,DAY(U70)<=20),DATE(YEAR(U70),MONTH(U70)+1,DAY(20)),IF(AND(DAY(U70)>=21,DAY(U70)<=30),DATE(YEAR(U70),MONTH(U70)+1,IF(DAY(EOMONTH(U70,1))<30,DAY(EOMONTH(U70,1)),DAY(30))),DATE(YEAR(U70),MONTH(U70)+1,DAY(5)))) -> 218
... T74: 45th EQUITY PAYMENT | U74: =IF(AND(DAY(U73)>=6,DAY(U73)<=20),DATE(YEAR(U73),MONTH(U73)+1,DAY(20)),IF(AND(DAY(U73)>=21,DAY(U73)<=30),DATE(YEAR(U73),MONTH(U73)+1,IF(DAY(EOMONTH(U73,1))<30,DAY(EOMONTH(U73,1)),DAY(30))),DATE(YEAR(U73),MONTH(U73)+1,DAY(5)))) -> 310
T75: 46th EQUITY PAYMENT
A252: =(F15-#REF!)*12% -> #REF!
AQ397: 20000 | AS397: 24
AQ398: 15000
AB782: 1

Sheet SPC San Esteban B
J1: 0.01
B2: DATE : | C2: =NOW() -> 45849.956 | F2: PAGE | G2: 1 of 1 | K2: DATE : | L2: =C2 -> 45849.956
B4: STANDARD PACKAGE COMPUTATION | K4: PAYMENT SCHEDULE
B6: CLIENT'S NAME | D6: : | K6: CLIENT'S NAME | M6: : | N6: =E6 -> 0
B7: PROJECT NAME | D7: : | E7: The Elements Las Piñas | K7: PROJECT NAME | M7: : | N7: =E7 -> The Elements Las Piñas
B8: UNIT NUMBER | D8: : | E8: San Esteban Unit B | K8: UNIT NUMBER | M8: : | N8: =E8 -> San Esteban Unit B
B9: TOWER | D9: : | E9: N/A | K9: TOWER | M9: : | N9: =E9 -> N/A
B10: UNIT TYPE | D10: : | E10: ='Pricelist Standard'!#REF! -> #REF! | G10: ='Pricelist Standard'!#REF! -> #REF! | K10: UNIT TYPE | M10: : | N10: =E10 -> #REF!
B11: =[1]Pricelist_SSO!H25 -> Floor Area | D11: : | E11: ='Pricelist Standard'!#REF! -> #REF! | G11: SQM. | K11: LIVEABLE AREA | M11: : | N11: =E11 -> #REF! | P11: SQM.
B12: =[1]Pricelist_SSO!I25 -> Actual Lot Area | D12: : | E12: ='Pricelist Standard'!#REF! -> #REF! | G12: SQM. | K12: BALCONY AREA | M12: : | N12: =E12 -> #REF! | P12: SQM.
B13: GROSS AREA | D13: : | G13: SQM. | K13: GROSS AREA | M13: : | N13: =E13 -> 0 | P13: SQM.
B15: TOTAL SELLING PRICE | D15: : | F15: ='Pricelist Standard'!#REF! -> #REF! | K15: PARTICULARS | M15: DATE | N15: AMOUNT | P15: REMARKS
B16: Less: Promo Discount on TSP | D16: : | F16: ='Pricelist Standard'!#REF! -> #REF!
B17: NET SELLING PRICE | D17: : | F17: =F15-F16 -> #REF! | K17: RESERVATION FEE | M17: =C2 -> 45849.956 | N17: =F27 -> 50000 | U17: =M17 -> 45849.956 | V17: =EDATE(U17,#REF!) -> #REF!
B18: NET SELLING PRICE per SQM | F18: =F17/E11 -> #REF! | K18: SPOT EQUITY | M18: =IF(N18="","",U18) -> #REF! | N18: =F28 -> #REF! | T18: 1st Equity Payment | U18: =IF(DAY(U17)=31,W20,Y20) -> 45889 | W18: 31st of the month
T19: 2nd Equity Payment | U19: =IF(AND(DAY(U18)>=6,DAY(U18)<=20),DATE(YEAR(U18),MONTH(U18)+1,DAY(20)),IF(AND(DAY(U18)>=21,DAY(U18)<=30),DATE(YEAR(U18),MONTH(U18)+1,IF(DAY(EOMONTH(U18,1))<30,DAY(EOMONTH(U18,1)),DAY(30))),DATE(YEAR(U18),MONTH(U18)+1,DAY(5)))) -> 45920 | V19: balance | W19: =IF(DAY(U17)=31,DATE(YEAR(V17),MONTH(V17)+2,DAY(5))) -> FALSE | Y19: =IF(AND(DAY(V17)>=6,DAY(V17)<=20),DATE(YEAR(V17),MONTH(V17)+1,DAY(20)),IF(AND(DAY(V17)>=21,DAY(V17)<=31),DATE(YEAR(V17),MONTH(V17)+1,IF(DAY(EOMONTH(V17,1))<30,DAY(EOMONTH(V17,1)),DAY(30))),DATE(YEAR(V17),MONTH(V17)+1,DAY(5)))) -> #REF!
B20: Add: bank Fees | D20: : | E20: ='Pricelist Standard'!AE7 -> 0 | F20: =F15*E20 -> #REF! | T20: 3rd Equity Payment | U20: =IF(AND(DAY(U19)>=6,DAY(U19)<=20),DATE(YEAR(U19),MONTH(U19)+1,DAY(20)),IF(AND(DAY(U19)>=21,DAY(U19)<=30),DATE(YEAR(U19),MONTH(U19)+1,IF(DAY(EOMONTH(U19,1))<30,DAY(EOMONTH(U19,1)),DAY(30))),DATE(YEAR(U19),MONTH(U19)+1,DAY(5)))) -> 45950 | V20: equity | W20: =IF(DAY(U17)=31,DATE(YEAR(U17),MONTH(U17)+2,DAY(5))) -> FALSE | Y20: =IF(AND(DAY(U17)>=6,DAY(U17)<=20),DATE(YEAR(U17),MONTH(U17)+1,DAY(20)),IF(AND(DAY(U17)>=21,DAY(U17)<=30),DATE(YEAR(U17),MONTH(U17)+1,IF(DAY(EOMONTH(U17,1))<31,DAY(EOMONTH(U17,1)),DAY(30))),DATE(YEAR(U17),MONTH(U17)+1,DAY(5)))) -> 45889
B21: Add: Legal & Misc. Fees | D21: : | E21: ='Pricelist Standard'!AD7 -> 0.07 | F21: =E21*F15 -> #REF! | T21: 4th Equity Payment | U21: =IF(AND(DAY(U20)>=6,DAY(U20)<=20),DATE(YEAR(U20),MONTH(U20)+1,DAY(20)),IF(AND(DAY(U20)>=21,DAY(U20)<=30),DATE(YEAR(U20),MONTH(U20)+1,IF(DAY(EOMONTH(U20,1))<30,DAY(EOMONTH(U20,1)),DAY(30))),DATE(YEAR(U20),MONTH(U20)+1,DAY(5)))) -> 45981
T22: 5th Equity Payment | U22: =IF(AND(DAY(U21)>=6,DAY(U21)<=20),DATE(YEAR(U21),MONTH(U21)+1,DAY(20)),IF(AND(DAY(U21)>=21,DAY(U21)<=30),DATE(YEAR(U21),MONTH(U21)+1,IF(DAY(EOMONTH(U21,1))<30,DAY(EOMONTH(U21,1)),DAY(30))),DATE(YEAR(U21),MONTH(U21)+1,DAY(5)))) -> 46011
B23: TOTAL CONTRACT PRICE | D23: : | F23: =F17+F20+F21 -> #REF! | T23: 6th Equity Payment | U23: =IF(AND(DAY(U22)>=6,DAY(U22)<=20),DATE(YEAR(U22),MONTH(U22)+1,DAY(20)),IF(AND(DAY(U22)>=21,DAY(U22)<=30),DATE(YEAR(U22),MONTH(U22)+1,IF(DAY(EOMONTH(U22,1))<30,DAY(EOMONTH(U22,1)),DAY(30))),DATE(YEAR(U22),MONTH(U22)+1,DAY(5)))) -> 46042
T24: 7th Equity Payment | U24: =IF(AND(DAY(U23)>=6,DAY(U23)<=20),DATE(YEAR(U23),MONTH(U23)+1,DAY(20)),IF(AND(DAY(U23)>=21,DAY(U23)<=30),DATE(YEAR(U23),MONTH(U23)+1,IF(DAY(EOMONTH(U23,1))<30,DAY(EOMONTH(U23,1)),DAY(30))),DATE(YEAR(U23),MONTH(U23)+1,DAY(5)))) -> 46073
B25: Spot Equity down Payment | D25: : | E25: ='SPC San Esteban A'!E25 -> 0.05 | F25: =F23*E25 -> #REF! | T25: 8th Equity Payment | U25: =IF(AND(DAY(U24)>=6,DAY(U24)<=20),DATE(YEAR(U24),MONTH(U24)+1,DAY(20)),IF(AND(DAY(U24)>=21,DAY(U24)<=30),DATE(YEAR(U24),MONTH(U24)+1,IF(DAY(EOMONTH(U24,1))<30,DAY(EOMONTH(U24,1)),DAY(30))),DATE(YEAR(U24),MONTH(U24)+1,DAY(5)))) -> 46101
B26: less: Promo Discount on Equity | D26: =D25 -> : | T26: 9th Equity Payment | U26: =IF(AND(DAY(U25)>=6,DAY(U25)<=20),DATE(YEAR(U25),MONTH(U25)+1,DAY(20)),IF(AND(DAY(U25)>=21,DAY(U25)<=30),DATE(YEAR(U25),MONTH(U25)+1,IF(DAY(EOMONTH(U25,1))<30,DAY(EOMONTH(U25,1)),DAY(30))),DATE(YEAR(U25),MONTH(U25)+1,DAY(5)))) -> 46132
B27: less: Reservation Fee | D27: : | F27: 50000 | T27: 10th Equity Payment | U27: =IF(AND(DAY(U26)>=6,DAY(U26)<=20),DATE(YEAR(U26),MONTH(U26)+1,DAY(20)),IF(AND(DAY(U26)>=21,DAY(U26)<=30),DATE(YEAR(U26),MONTH(U26)+1,IF(DAY(EOMONTH(U26,1))<30,DAY(EOMONTH(U26,1)),DAY(30))),DATE(YEAR(U26),MONTH(U26)+1,DAY(5)))) -> 46162
B28: Net Equity Payment | D28: : | F28: =F25-F26-F27 -> #REF! | K28: BALANCE | M28: =M18+31 -> #REF! | N28: =F30 -> #REF! | T28: 11th Equity Payment | U28: =IF(AND(DAY(U27)>=6,DAY(U27)<=20),DATE(YEAR(U27),MONTH(U27)+1,DAY(20)),IF(AND(DAY(U27)>=21,DAY(U27)<=30),DATE(YEAR(U27),MONTH(U27)+1,IF(DAY(EOMONTH(U27,1))<30,DAY(EOMONTH(U27,1)),DAY(30))),DATE(YEAR(U27),MONTH(U27)+1,DAY(5)))) -> 46193
K29: TOTAL | N29: =SUM(N17:O28) -> #REF! | T29: 12th Equity Payment | U29: =IF(AND(DAY(U28)>=6,DAY(U28)<=20),DATE(YEAR(U28),MONTH(U28)+1,DAY(20)),IF(AND(DAY(U28)>=21,DAY(U28)<=30),DATE(YEAR(U28),MONTH(U28)+1,IF(DAY(EOMONTH(U28,1))<30,DAY(EOMONTH(U28,1)),DAY(30))),DATE(YEAR(U28),MONTH(U28)+1,DAY(5)))) -> 46223
B30: FULL BALANCE (TCP) | D30: : | E30: =100%-E25 -> 0.95 | F30: =F23*E30 -> #REF!
B32: Estimated Monthly Amortization | T32: 14th EQUITY PAYMENT | U32: =IF(AND(DAY(#REF!)>=6,DAY(#REF!)<=20),DATE(YEAR(#REF!),MONTH(#REF!)+1,DAY(20)),IF(AND(DAY(#REF!)>=21,DAY(#REF!)<=30),DATE(YEAR(#REF!),MONTH(#REF!)+1,IF(DAY(EOMONTH(#REF!,1))<30,DAY(EOMONTH(#REF!,1)),DAY(30))),DATE(YEAR(#REF!),MONTH(#REF!)+1,DAY(5)))) -> #REF!
T33: 15th EQUITY PAYMENT | U33: =IF(AND(DAY(U32)>=6,DAY(U32)<=20),DATE(YEAR(U32),MONTH(U32)+1,DAY(20)),IF(AND(DAY(U32)>=21,DAY(U32)<=30),DATE(YEAR(U32),MONTH(U32)+1,IF(DAY(EOMONTH(U32,1))<30,DAY(EOMONTH(U32,1)),DAY(30))),DATE(YEAR(U32),MONTH(U32)+1,DAY(5)))) -> #REF!
B34: Term | C34: Interest Rate | D34: Factor Rate | E34: Amount | F34: Income Requirement | T34: 16th EQUITY PAYMENT | U34: =IF(AND(DAY(U33)>=6,DAY(U33)<=20),DATE(YEAR(U33),MONTH(U33)+1,DAY(20)),IF(AND(DAY(U33)>=21,DAY(U33)<=30),DATE(YEAR(U33),MONTH(U33)+1,IF(DAY(EOMONTH(U33,1))<30,DAY(EOMONTH(U33,1)),DAY(30))),DATE(YEAR(U33),MONTH(U33)+1,DAY(5)))) -> #REF!
B35: 5 | C35: 0.085 | D35: =PMT(C35/12,B35*12,-1) -> 0.020516531 | E35: =F30*D35 -> #REF! | F35: =E35/0.33 -> #REF! | K35: Prepared by: | O35: Conformed: | T35: 17th EQUITY PAYMENT | U35: =IF(AND(DAY(U34)>=6,DAY(U34)<=20),DATE(YEAR(U34),MONTH(U34)+1,DAY(20)),IF(AND(DAY(U34)>=21,DAY(U34)<=30),DATE(YEAR(U34),MONTH(U34)+1,IF(DAY(EOMONTH(U34,1))<30,DAY(EOMONTH(U34,1)),DAY(30))),DATE(YEAR(U34),MONTH(U34)+1,DAY(5)))) -> #REF!
B36: 10 | C36: 0.085 | D36: =PMT(C36/12,B36*12,-1) -> 0.012398569 | E36: =F30*D36 -> #REF! | F36: =E36/0.33 -> #REF! | T36: 18th EQUITY PAYMENT | U36: =IF(AND(DAY(U35)>=6,DAY(U35)<=20),DATE(YEAR(U35),MONTH(U35)+1,DAY(20)),IF(AND(DAY(U35)>=21,DAY(U35)<=30),DATE(YEAR(U35),MONTH(U35)+1,IF(DAY(EOMONTH(U35,1))<30,DAY(EOMONTH(U35,1)),DAY(30))),DATE(YEAR(U35),MONTH(U35)+1,DAY(5)))) -> #REF!
B37: 15 | C37: 0.085 | D37: =PMT(C37/12,B37*12,-1) -> 0.0098473956 | E37: =F30*D37 -> #REF! | F37: =E37/0.33 -> #REF! | T37: 19th EQUITY PAYMENT | U37: =IF(AND(DAY(U36)>=6,DAY(U36)<=20),DATE(YEAR(U36),MONTH(U36)+1,DAY(20)),IF(AND(DAY(U36)>=21,DAY(U36)<=30),DATE(YEAR(U36),MONTH(U36)+1,IF(DAY(EOMONTH(U36,1))<30,DAY(EOMONTH(U36,1)),DAY(30))),DATE(YEAR(U36),MONTH(U36)+1,DAY(5)))) -> #REF!
B38: 20 | C38: 0.085 | D38: =PMT(C38/12,B38*12,-1) -> 0.0086782323 | E38: =F30*D38 -> #REF! | F38: =E38/0.33 -> #REF! | T38: 20th EQUITY PAYMENT | U38: =IF(AND(DAY(U37)>=6,DAY(U37)<=20),DATE(YEAR(U37),MONTH(U37)+1,DAY(20)),IF(AND(DAY(U37)>=21,DAY(U37)<=30),DATE(YEAR(U37),MONTH(U37)+1,IF(DAY(EOMONTH(U37,1))<30,DAY(EOMONTH(U37,1)),DAY(30))),DATE(YEAR(U37),MONTH(U37)+1,DAY(5)))) -> #REF!
B39: Fixed for five (5) years | K39: Date | O39: Date: | T39: 21st EQUITY PAYMENT | U39: =IF(AND(DAY(U38)>=6,DAY(U38)<=20),DATE(YEAR(U38),MONTH(U38)+1,DAY(20)),IF(AND(DAY(U38)>=21,DAY(U38)<=30),DATE(YEAR(U38),MONTH(U38)+1,IF(DAY(EOMONTH(U38,1))<30,DAY(EOMONTH(U38,1)),DAY(30))),DATE(YEAR(U38),MONTH(U38)+1,DAY(5)))) -> #REF!
B40: Sample Computation for Interest rate is at 7% fixed for five (5) years only | T40: 22nd EQUITY PAYMENT | U40: =IF(AND(DAY(U39)>=6,DAY(U39)<=20),DATE(YEAR(U39),MONTH(U39)+1,DAY(20)),IF(AND(DAY(U39)>=21,DAY(U39)<=30),DATE(YEAR(U39),MONTH(U39)+1,IF(DAY(EOMONTH(U39,1))<30,DAY(EOMONTH(U39,1)),DAY(30))),DATE(YEAR(U39),MONTH(U39)+1,DAY(5)))) -> #REF!
B41: A. Prices are subject to change without prior notice. | U41: =IF(AND(DAY(U40)>=6,DAY(U40)<=20),DATE(YEAR(U40),MONTH(U40)+1,DAY(20)),IF(AND(DAY(U40)>=21,DAY(U40)<=30),DATE(YEAR(U40),MONTH(U40)+1,IF(DAY(EOMONTH(U40,1))<30,DAY(EOMONTH(U40,1)),DAY(30))),DATE(YEAR(U40),MONTH(U40)+1,DAY(5)))) -> #REF!
B42: B. Bank Fees rates may vary per bank. | U42: =IF(AND(DAY(U41)>=6,DAY(U41)<=20),DATE(YEAR(U41),MONTH(U41)+1,DAY(20)),IF(AND(DAY(U41)>=21,DAY(U41)<=30),DATE(YEAR(U41),MONTH(U41)+1,IF(DAY(EOMONTH(U41,1))<30,DAY(EOMONTH(U41,1)),DAY(30))),DATE(YEAR(U41),MONTH(U41)+1,DAY(5)))) -> #REF!
U43: =IF(AND(DAY(U42)>=6,DAY(U42)<=20),DATE(YEAR(U42),MONTH(U42)+1,DAY(20)),IF(AND(DAY(U42)>=21,DAY(U42)<=30),DATE(YEAR(U42),MONTH(U42)+1,IF(DAY(EOMONTH(U42,1))<30,DAY(EOMONTH(U42,1)),DAY(30))),DATE(YEAR(U42),MONTH(U42)+1,DAY(5)))) -> #REF!
B44: IN-HOUSE COMPUTATION | U44: =IF(AND(DAY(U43)>=6,DAY(U43)<=20),DATE(YEAR(U43),MONTH(U43)+1,DAY(20)),IF(AND(DAY(U43)>=21,DAY(U43)<=30),DATE(YEAR(U43),MONTH(U43)+1,IF(DAY(EOMONTH(U43,1))<30,DAY(EOMONTH(U43,1)),DAY(30))),DATE(YEAR(U43),MONTH(U43)+1,DAY(5)))) -> #REF!
B45: Term | C45: Interest Rate | D45: Factor Rate | E45: Monthly Amortization | F45: Income Requirement | U45: =IF(AND(DAY(U44)>=6,DAY(U44)<=20),DATE(YEAR(U44),MONTH(U44)+1,DAY(20)),IF(AND(DAY(U44)>=21,DAY(U44)<=30),DATE(YEAR(U44),MONTH(U44)+1,IF(DAY(EOMONTH(U44,1))<30,DAY(EOMONTH(U44,1)),DAY(30))),DATE(YEAR(U44),MONTH(U44)+1,DAY(5)))) -> #REF!
B46: 5 Years | C46: 0.16 | D46: ='Pricelist Standard'!AQ6 -> 0.024318057 | E46: =F30*D46 -> #REF! | F46: =E46/0.33 -> #REF! | U46: =IF(AND(DAY(U45)>=6,DAY(U45)<=20),DATE(YEAR(U45),MONTH(U45)+1,DAY(20)),IF(AND(DAY(U45)>=21,DAY(U45)<=30),DATE(YEAR(U45),MONTH(U45)+1,IF(DAY(EOMONTH(U45,1))<30,DAY(EOMONTH(U45,1)),DAY(30))),DATE(YEAR(U45),MONTH(U45)+1,DAY(5)))) -> #REF!
B47: 10 Years | C47: 0.18 | D47: ='Pricelist Standard'!AU6 -> 0.01801852 | E47: =F30*D47 -> #REF! | F47: =E47/0.33 -> #REF! | U47: =IF(AND(DAY(U46)>=6,DAY(U46)<=20),DATE(YEAR(U46),MONTH(U46)+1,DAY(20)),IF(AND(DAY(U46)>=21,DAY(U46)<=30),DATE(YEAR(U46),MONTH(U46)+1,IF(DAY(EOMONTH(U46,1))<30,DAY(EOMONTH(U46,1)),DAY(30))),DATE(YEAR(U46),MONTH(U46)+1,DAY(5)))) -> #REF!
B48: A. Prices are subject to change without prior notice. | U48: =IF(AND(DAY(U47)>=6,DAY(U47)<=20),DATE(YEAR(U47),MONTH(U47)+1,DAY(20)),IF(AND(DAY(U47)>=21,DAY(U47)<=30),DATE(YEAR(U47),MONTH(U47)+1,IF(DAY(EOMONTH(U47,1))<30,DAY(EOMONTH(U47,1)),DAY(30))),DATE(YEAR(U47),MONTH(U47)+1,DAY(5)))) -> #REF!
U49: =IF(AND(DAY(U48)>=6,DAY(U48)<=20),DATE(YEAR(U48),MONTH(U48)+1,DAY(20)),IF(AND(DAY(U48)>=21,DAY(U48)<=30),DATE(YEAR(U48),MONTH(U48)+1,IF(DAY(EOMONTH(U48,1))<30,DAY(EOMONTH(U48,1)),DAY(30))),DATE(YEAR(U48),MONTH(U48)+1,DAY(5)))) -> #REF!
U50: =IF(AND(DAY(U49)>=6,DAY(U49)<=20),DATE(YEAR(U49),MONTH(U49)+1,DAY(20)),IF(AND(DAY(U49)>=21,DAY(U49)<=30),DATE(YEAR(U49),MONTH(U49)+1,IF(DAY(EOMONTH(U49,1))<30,DAY(EOMONTH(U49,1)),DAY(30))),DATE(YEAR(U49),MONTH(U49)+1,DAY(5)))) -> #REF!
T51: 23rd EQUITY PAYMENT | U51: =IF(AND(DAY(U50)>=6,DAY(U50)<=20),DATE(YEAR(U50),MONTH(U50)+1,DAY(20)),IF(AND(DAY(U50)>=21,DAY(U50)<=30),DATE(YEAR(U50),MONTH(U50)+1,IF(DAY(EOMONTH(U50,1))<30,DAY(EOMONTH(U50,1)),DAY(30))),DATE(YEAR(U50),MONTH(U50)+1,DAY(5)))) -> #REF! | AL51: 3128866
T52: 24th EQUITY PAYMENT | U52: =IF(AND(DAY(U51)>=6,DAY(U51)<=20),DATE(YEAR(U51),MONTH(U51)+1,DAY(20)),IF(AND(DAY(U51)>=21,DAY(U51)<=30),DATE(YEAR(U51),MONTH(U51)+1,IF(DAY(EOMONTH(U51,1))<30,DAY(EOMONTH(U51,1)),DAY(30))),DATE(YEAR(U51),MONTH(U51)+1,DAY(5)))) -> #REF!
T53: 25th EQUITY PAYMENT | U53: =IF(AND(DAY(U52)>=6,DAY(U52)<=20),DATE(YEAR(U52),MONTH(U52)+1,DAY(20)),IF(AND(DAY(U52)>=21,DAY(U52)<=30),DATE(YEAR(U52),MONTH(U52)+1,IF(DAY(EOMONTH(U52,1))<30,DAY(EOMONTH(U52,1)),DAY(30))),DATE(YEAR(U52),MONTH(U52)+1,DAY(5)))) -> #REF!
T54: 26th EQUITY PAYMENT | U54: =IF(AND(DAY(U53)>=6,DAY(U53)<=20),DATE(YEAR(U53),MONTH(U53)+1,DAY(20)),IF(AND(DAY(U53)>=21,DAY(U53)<=30),DATE(YEAR(U53),MONTH(U53)+1,IF(DAY(EOMONTH(U53,1))<30,DAY(EOMONTH(U53,1)),DAY(30))),DATE(YEAR(U53),MONTH(U53)+1,DAY(5)))) -> #REF!
T55: 27th EQUITY PAYMENT | U55: =IF(AND(DAY(U54)>=6,DAY(U54)<=20),DATE(YEAR(U54),MONTH(U54)+1,DAY(20)),IF(AND(DAY(U54)>=21,DAY(U54)<=30),DATE(YEAR(U54),MONTH(U54)+1,IF(DAY(EOMONTH(U54,1))<30,DAY(EOMONTH(U54,1)),DAY(30))),DATE(YEAR(U54),MONTH(U54)+1,DAY(5)))) -> #REF!
T56: 28th EQUITY PAYMENT | U56: =IF(AND(DAY(U55)>=6,DAY(U55)<=20),DATE(YEAR(U55),MONTH(U55)+1,DAY(20)),IF(AND(DAY(U55)>=21,DAY(U55)<=30),DATE(YEAR(U55),MONTH(U55)+1,IF(DAY(EOMONTH(U55,1))<30,DAY(EOMONTH(U55,1)),DAY(30))),DATE(YEAR(U55),MONTH(U55)+1,DAY(5)))) -> #REF!
U57: =IF(AND(DAY(U56)>=6,DAY(U56)<=20),DATE(YEAR(U56),MONTH(U56)+1,DAY(20)),IF(AND(DAY(U56)>=21,DAY(U56)<=30),DATE(YEAR(U56),MONTH(U56)+1,IF(DAY(EOMONTH(U56,1))<30,DAY(EOMONTH(U56,1)),DAY(30))),DATE(YEAR(U56),MONTH(U56)+1,DAY(5)))) -> #REF!
U58: =IF(AND(DAY(U57)>=6,DAY(U57)<=20),DATE(YEAR(U57),MONTH(U57)+1,DAY(20)),IF(AND(DAY(U57)>=21,DAY(U57)<=30),DATE(YEAR(U57),MONTH(U57)+1,IF(DAY(EOMONTH(U57,1))<30,DAY(EOMONTH(U57,1)),DAY(30))),DATE(YEAR(U57),MONTH(U57)+1,DAY(5)))) -> #REF!
U59: =IF(AND(DAY(U58)>=6,DAY(U58)<=20),DATE(YEAR(U58),MONTH(U58)+1,DAY(20)),IF(AND(DAY(U58)>=21,DAY(U58)<=30),DATE(YEAR(U58),MONTH(U58)+1,IF(DAY(EOMONTH(U58,1))<30,DAY(EOMONTH(U58,1)),DAY(30))),DATE(YEAR(U58),MONTH(U58)+1,DAY(5)))) -> #REF!
U60: =IF(AND(DAY(U59)>=6,DAY(U59)<=20),DATE(YEAR(U59),MONTH(U59)+1,DAY(20)),IF(AND(DAY(U59)>=21,DAY(U59)<=30),DATE(YEAR(U59),MONTH(U59)+1,IF(DAY(EOMONTH(U59,1))<30,DAY(EOMONTH(U59,1)),DAY(30))),DATE(YEAR(U59),MONTH(U59)+1,DAY(5)))) -> #REF!
U61: =IF(AND(DAY(U60)>=6,DAY(U60)<=20),DATE(YEAR(U60),MONTH(U60)+1,DAY(20)),IF(AND(DAY(U60)>=21,DAY(U60)<=30),DATE(YEAR(U60),MONTH(U60)+1,IF(DAY(EOMONTH(U60,1))<30,DAY(EOMONTH(U60,1)),DAY(30))),DATE(YEAR(U60),MONTH(U60)+1,DAY(5)))) -> #REF!
U62: =IF(AND(DAY(U61)>=6,DAY(U61)<=20),DATE(YEAR(U61),MONTH(U61)+1,DAY(20)),IF(AND(DAY(U61)>=21,DAY(U61)<=30),DATE(YEAR(U61),MONTH(U61)+1,IF(DAY(EOMONTH(U61,1))<30,DAY(EOMONTH(U61,1)),DAY(30))),DATE(YEAR(U61),MONTH(U61)+1,DAY(5)))) -> #REF!
U63: =IF(AND(DAY(U62)>=6,DAY(U62)<=20),DATE(YEAR(U62),MONTH(U62)+1,DAY(20)),IF(AND(DAY(U62)>=21,DAY(U62)<=30),DATE(YEAR(U62),MONTH(U62)+1,IF(DAY(EOMONTH(U62,1))<30,DAY(EOMONTH(U62,1)),DAY(30))),DATE(YEAR(U62),MONTH(U62)+1,DAY(5)))) -> #REF!
T64: 36th EQUITY PAYMENT | U64: =IF(AND(DAY(U63)>=6,DAY(U63)<=20),DATE(YEAR(U63),MONTH(U63)+1,DAY(20)),IF(AND(DAY(U63)>=21,DAY(U63)<=30),DATE(YEAR(U63),MONTH(U63)+1,IF(DAY(EOMONTH(U63,1))<30,DAY(EOMONTH(U63,1)),DAY(30))),DATE(YEAR(U63),MONTH(U63)+1,DAY(5)))) -> #REF!
T65: 37th EQUITY PAYMENT | U65: =IF(AND(DAY(U64)>=6,DAY(U64)<=20),DATE(YEAR(U64),MONTH(U64)+1,DAY(20)),IF(AND(DAY(U64)>=21,DAY(U64)<=30),DATE(YEAR(U64),MONTH(U64)+1,IF(DAY(EOMONTH(U64,1))<30,DAY(EOMONTH(U64,1)),DAY(30))),DATE(YEAR(U64),MONTH(U64)+1,DAY(5)))) -> #REF!
T66: 38th EQUITY PAYMENT | U66: =IF(AND(DAY(U65)>=6,DAY(U65)<=20),DATE(YEAR(U65),MONTH(U65)+1,DAY(20)),IF(AND(DAY(U65)>=21,DAY(U65)<=30),DATE(YEAR(U65),MONTH(U65)+1,IF(DAY(EOMONTH(U65,1))<30,DAY(EOMONTH(U65,1)),DAY(30))),DATE(YEAR(U65),MONTH(U65)+1,DAY(5)))) -> #REF!
T67: 39th EQUITY PAYMENT | U67: =IF(AND(DAY(U66)>=6,DAY(U66)<=20),DATE(YEAR(U66),MONTH(U66)+1,DAY(20)),IF(AND(DAY(U66)>=21,DAY(U66)<=30),DATE(YEAR(U66),MONTH(U66)+1,IF(DAY(EOMONTH(U66,1))<30,DAY(EOMONTH(U66,1)),DAY(30))),DATE(YEAR(U66),MONTH(U66)+1,DAY(5)))) -> #REF!
T68: 40th EQUITY PAYMENT | U68: =IF(AND(DAY(U67)>=6,DAY(U67)<=20),DATE(YEAR(U67),MONTH(U67)+1,DAY(20)),IF(AND(DAY(U67)>=21,DAY(U67)<=30),DATE(YEAR(U67),MONTH(U67)+1,IF(DAY(EOMONTH(U67,1))<30,DAY(EOMONTH(U67,1)),DAY(30))),DATE(YEAR(U67),MONTH(U67)+1,DAY(5)))) -> #REF!
T69: 41st EQUITY PAYMENT | U69: =IF(AND(DAY(U68)>=6,DAY(U68)<=20),DATE(YEAR(U68),MONTH(U68)+1,DAY(20)),IF(AND(DAY(U68)>=21,DAY(U68)<=30),DATE(YEAR(U68),MONTH(U68)+1,IF(DAY(EOMONTH(U68,1))<30,DAY(EOMONTH(U68,1)),DAY(30))),DATE(YEAR(U68),MONTH(U68)+1,DAY(5)))) -> #REF!
T70: 42nd EQUITY PAYMENT | U70: =IF(AND(DAY(U69)>=6,DAY(U69)<=20),DATE(YEAR(U69),MONTH(U69)+1,DAY(20)),IF(AND(DAY(U69)>=21,DAY(U69)<=30),DATE(YEAR(U69),MONTH(U69)+1,IF(DAY(EOMONTH(U69,1))<30,DAY(EOMONTH(U69,1)),DAY(30))),DATE(YEAR(U69),MONTH(U69)+1,DAY(5)))) -> #REF!
T71: 43rd EQUITY PAYMENT | U71: =IF(AND(DAY(U70)>=6,DAY(U70)<=20),DATE(YEAR(U70),MONTH(U70)+1,DAY(20)),IF(AND(DAY(U70)>=21,DAY(U70)<=30),DATE(YEAR(U70),MONTH(U70)+1,IF(DAY(EOMONTH(U70,1))<30,DAY(EOMONTH(U70,1)),DAY(30))),DATE(YEAR(U70),MONTH(U70)+1,DAY(5)))) -> #REF!
T72: 44th EQUITY PAYMENT | U72: =IF(AND(DAY(U71)>=6,DAY(U71)<=20),DATE(YEAR(U71),MONTH(U71)+1,DAY(20)),IF(AND(DAY(U71)>=21,DAY(U71)<=30),DATE(YEAR(U71),MONTH(U71)+1,IF(DAY(EOMONTH(U71,1))<30,DAY(EOMONTH(U71,1)),DAY(30))),DATE(YEAR(U71),MONTH(U71)+1,DAY(5)))) -> #REF!
T73: 45th EQUITY PAYMENT | U73: =IF(AND(DAY(U72)>=6,DAY(U72)<=20),DATE(YEAR(U72),MONTH(U72)+1,DAY(20)),IF(AND(DAY(U72)>=21,DAY(U72)<=30),DATE(YEAR(U72),MONTH(U72)+1,IF(DAY(EOMONTH(U72,1))<30,DAY(EOMONTH(U72,1)),DAY(30))),DATE(YEAR(U72),MONTH(U72)+1,DAY(5)))) -> #REF!
T74: 46th EQUITY PAYMENT
A251: =(F15-#REF!)*12% -> #REF!
AQ396: 20000 | AS396: 24
AQ397: 15000
AB781: 1

Sheet Standard Computation
J1: 0.01
B2: DATE : | C2: =FORM!E14 -> 45849 | O2: PAGE | P2: 1 of 1
B4: STANDARD PACKAGE COMPUTATION | K4: PAYMENT SCHEDULE
B6: CLIENT'S NAME | D6: : | E6: =FORM!E16 -> BUYER The Aguirre Townhouse Las Piñas | K6: =B6 -> CLIENT'S NAME | M6: : | N6: =E6 -> BUYER The Aguirre Townhouse Las Piñas
B7: PROJECT NAME | D7: : | E7: ='Pricelist Standard'!H3 -> The Aguirre Townhouse - Las Piñas | K7: =B7 -> PROJECT NAME | M7: : | N7: =E7 -> The Aguirre Townhouse - Las Piñas
B8: HOUSE NUMBER | D8: : | E8: =FORM!E4 -> Unit 9 | K8: =B8 -> HOUSE NUMBER | M8: : | N8: =E8 -> Unit 9
B9: TOWER | D9: : | E9: N/A | K9: =B9 -> TOWER | M9: : | N9: =E9 -> N/A
B10: HOUSE TYPE | D10: : | E10: =FORM!E6 -> 2 Storey | K10: =B10 -> HOUSE TYPE | M10: : | N10: =E10 -> 2 Storey
B11: =FORM!B32 -> FLOOR AREA | D11: : | E11: =FORM!E32 -> 142.4 | G11: SQM. | K11: =B11 -> FLOOR AREA | M11: : | N11: =E11 -> 142.4 | P11: SQM.
B12: =FORM!B33 -> LOT AREA | D12: : | E12: =FORM!E33 -> 80 | G12: SQM. | K12: =B12 -> LOT AREA | M12: : | N12: =E12 -> 80 | P12: SQM.
B13: =FORM!B34 -> ACTUAL LOT AREA | D13: : | E13: =FORM!E34 -> 80 | G13: SQM. | K13: =B13 -> ACTUAL LOT AREA | M13: : | N13: =E13 -> 80 | P13: SQM.
B15: TOTAL SELLING PRICE | D15: : | F15: =VLOOKUP(E8,'Pricelist Standard'!C9:AV17, 27, FALSE) -> 8900000 | K15: PARTICULARS | M15: DATE | N15: AMOUNT | P15: REMARKS
B16: Less: Promo Discount on TSP | D16: :
B17: NET SELLING PRICE | D17: : | F17: =F15-F16 -> 8900000 | K17: RESERVATION FEE | M17: =C2 -> 45849 | N17: =F25 -> 50000 | U17: =M17 -> 45849 | V17: =EDATE(U17,E29) -> 46579
B18: NET SELLING PRICE per SQM | F18: =F17/E11 -> 62500 | K18: =IF($E$29>=S18, T18,"") -> Spot Equity | M18: =IF($E$29>=S18, U18,"") -> 46619 | N18: =F26 -> 426150 | S18: 1 | T18: Spot Equity | U18: =IF(DAY(U17)=31,W20,Y20) -> 46619
K19: =IF($E$29>=S19, T19,"") -> 1st Equity Payment | M19: =IF($E$29>=S19, U19,"") -> 45889 | N19: =IF($E$29>=S19, $F$29,"") -> 59518.75 | S19: 1 | T19: 1st Equity Payment | U19: =IF(DAY(U17)=31,W21,Y21) -> 45889 | W19: 31st of the month
B20: Add: Legal & Misc. Fees | D20: : | E20: ='Pricelist Standard'!AD7 -> 0.07 | F20: =E20*F15 -> 623000 | K20: =IF($E$29>=S20, T20,"") -> 2nd Equity Payment | M20: =IF($E$29>=S20, U20,"") -> 45920 | N20: =IF($E$29>=S20, $F$29,"") -> 59518.75 | S20: =S19+1 -> 2 | T20: 2nd Equity Payment | U20: =IF(AND(DAY(U19)>=6,DAY(U19)<=20),DATE(YEAR(U19),MONTH(U19)+1,DAY(20)),IF(AND(DAY(U19)>=21,DAY(U19)<=30),DATE(YEAR(U19),MONTH(U19)+1,IF(DAY(EOMONTH(U19,1))<30,DAY(EOMONTH(U19,1)),DAY(30))),DATE(YEAR(U19),MONTH(U19)+1,DAY(5)))) -> 45920 | V20: balance | W20: =IF(DAY(U17)=31,DATE(YEAR(V17),MONTH(V17)+2,DAY(5))) -> FALSE | Y20: =IF(AND(DAY(V17)>=6,DAY(V17)<=20),DATE(YEAR(V17),MONTH(V17)+1,DAY(20)),IF(AND(DAY(V17)>=21,DAY(V17)<=31),DATE(YEAR(V17),MONTH(V17)+1,IF(DAY(EOMONTH(V17,1))<30,DAY(EOMONTH(V17,1)),DAY(30))),DATE(YEAR(V17),MONTH(V17)+1,DAY(5)))) -> 46619
K21: =IF($E$29>=S21, T21,"") -> 3rd Equity Payment | M21: =IF($E$29>=S21, U21,"") -> 45950 | N21: =IF($E$29>=S21, $F$29,"") -> 59518.75 | S21: =S20+1 -> 3 | T21: 3rd Equity Payment | U21: =IF(AND(DAY(U20)>=6,DAY(U20)<=20),DATE(YEAR(U20),MONTH(U20)+1,DAY(20)),IF(AND(DAY(U20)>=21,DAY(U20)<=30),DATE(YEAR(U20),MONTH(U20)+1,IF(DAY(EOMONTH(U20,1))<30,DAY(EOMONTH(U20,1)),DAY(30))),DATE(YEAR(U20),MONTH(U20)+1,DAY(5)))) -> 45950 | V21: equity | W21: =IF(DAY(U17)=31,DATE(YEAR(U17),MONTH(U17)+2,DAY(5))) -> FALSE | Y21: =IF(AND(DAY(U17)>=6,DAY(U17)<=20),DATE(YEAR(U17),MONTH(U17)+1,DAY(20)),IF(AND(DAY(U17)>=21,DAY(U17)<=30),DATE(YEAR(U17),MONTH(U17)+1,IF(DAY(EOMONTH(U17,1))<31,DAY(EOMONTH(U17,1)),DAY(30))),DATE(YEAR(U17),MONTH(U17)+1,DAY(5)))) -> 45889
B22: TOTAL CONTRACT PRICE | D22: : | F22: =F17+F20 -> 9523000 | K22: =IF($E$29>=S22, T22,"") -> 4th Equity Payment | M22: =IF($E$29>=S22, U22,"") -> 45981 | N22: =IF($E$29>=S22, $F$29,"") -> 59518.75 | S22: =S21+1 -> 4 | T22: 4th Equity Payment | U22: =IF(AND(DAY(U21)>=6,DAY(U21)<=20),DATE(YEAR(U21),MONTH(U21)+1,DAY(20)),IF(AND(DAY(U21)>=21,DAY(U21)<=30),DATE(YEAR(U21),MONTH(U21)+1,IF(DAY(EOMONTH(U21,1))<30,DAY(EOMONTH(U21,1)),DAY(30))),DATE(YEAR(U21),MONTH(U21)+1,DAY(5)))) -> 45981
K23: =IF($E$29>=S23, T23,"") -> 5th Equity Payment | M23: =IF($E$29>=S23, U23,"") -> 46011 | N23: =IF($E$29>=S23, $F$29,"") -> 59518.75 | S23: =S22+1 -> 5 | T23: 5th Equity Payment | U23: =IF(AND(DAY(U22)>=6,DAY(U22)<=20),DATE(YEAR(U22),MONTH(U22)+1,DAY(20)),IF(AND(DAY(U22)>=21,DAY(U22)<=30),DATE(YEAR(U22),MONTH(U22)+1,IF(DAY(EOMONTH(U22,1))<30,DAY(EOMONTH(U22,1)),DAY(30))),DATE(YEAR(U22),MONTH(U22)+1,DAY(5)))) -> 46011
B24: Spot Equity Down Payment | D24: : | E24: =FORM!E10 -> 0.05 | F24: =F22*E24 -> 476150 | K24: =IF($E$29>=S24, T24,"") -> 6th Equity Payment | M24: =IF($E$29>=S24, U24,"") -> 46042 | N24: =IF($E$29>=S24, $F$29,"") -> 59518.75 | S24: =S23+1 -> 6 | T24: 6th Equity Payment | U24: =IF(AND(DAY(U23)>=6,DAY(U23)<=20),DATE(YEAR(U23),MONTH(U23)+1,DAY(20)),IF(AND(DAY(U23)>=21,DAY(U23)<=30),DATE(YEAR(U23),MONTH(U23)+1,IF(DAY(EOMONTH(U23,1))<30,DAY(EOMONTH(U23,1)),DAY(30))),DATE(YEAR(U23),MONTH(U23)+1,DAY(5)))) -> 46042
B25: less: Reservation Fee | D25: =D24 -> : | F25: =FORM!E8 -> 50000 | K25: =IF($E$29>=S25, T25,"") -> 7th Equity Payment | M25: =IF($E$29>=S25, U25,"") -> 46073 | N25: =IF($E$29>=S25, $F$29,"") -> 59518.75 | S25: =S24+1 -> 7 | T25: 7th Equity Payment | U25: =IF(AND(DAY(U24)>=6,DAY(U24)<=20),DATE(YEAR(U24),MONTH(U24)+1,DAY(20)),IF(AND(DAY(U24)>=21,DAY(U24)<=30),DATE(YEAR(U24),MONTH(U24)+1,IF(DAY(EOMONTH(U24,1))<30,DAY(EOMONTH(U24,1)),DAY(30))),DATE(YEAR(U24),MONTH(U24)+1,DAY(5)))) -> 46073
B26: Net Spot Equity Payment | F26: =F24-F25 -> 426150 | K26: =IF($E$29>=S26, T26,"") -> 8th Equity Payment | M26: =IF($E$29>=S26, U26,"") -> 46101 | N26: =IF($E$29>=S26, $F$29,"") -> 59518.75 | S26: =S25+1 -> 8 | T26: 8th Equity Payment | U26: =IF(AND(DAY(U25)>=6,DAY(U25)<=20),DATE(YEAR(U25),MONTH(U25)+1,DAY(20)),IF(AND(DAY(U25)>=21,DAY(U25)<=30),DATE(YEAR(U25),MONTH(U25)+1,IF(DAY(EOMONTH(U25,1))<30,DAY(EOMONTH(U25,1)),DAY(30))),DATE(YEAR(U25),MONTH(U25)+1,DAY(5)))) -> 46101
K27: =IF($E$29>=S27, T27,"") -> 9th Equity Payment | M27: =IF($E$29>=S27, U27,"") -> 46132 | N27: =IF($E$29>=S27, $F$29,"") -> 59518.75 | S27: =S26+1 -> 9 | T27: 9th Equity Payment | U27: =IF(AND(DAY(U26)>=6,DAY(U26)<=20),DATE(YEAR(U26),MONTH(U26)+1,DAY(20)),IF(AND(DAY(U26)>=21,DAY(U26)<=30),DATE(YEAR(U26),MONTH(U26)+1,IF(DAY(EOMONTH(U26,1))<30,DAY(EOMONTH(U26,1)),DAY(30))),DATE(YEAR(U26),MONTH(U26)+1,DAY(5)))) -> 46132
B28: Equity Down Payment | D28: : | E28: 0.15 | F28: =F22*E28 -> 1428450 | K28: =IF($E$29>=S28, T28,"") -> 10th Equity Payment | M28: =IF($E$29>=S28, U28,"") -> 46162 | N28: =IF($E$29>=S28, $F$29,"") -> 59518.75 | S28: =S27+1 -> 10 | T28: 10th Equity Payment | U28: =IF(AND(DAY(U27)>=6,DAY(U27)<=20),DATE(YEAR(U27),MONTH(U27)+1,DAY(20)),IF(AND(DAY(U27)>=21,DAY(U27)<=30),DATE(YEAR(U27),MONTH(U27)+1,IF(DAY(EOMONTH(U27,1))<30,DAY(EOMONTH(U27,1)),DAY(30))),DATE(YEAR(U27),MONTH(U27)+1,DAY(5)))) -> 46162
B29: Monthly Equity | D29: : | E29: 24 | F29: =F28/E29 -> 59518.75 | K29: =IF($E$29>=S29, T29,"") -> 11th Equity Payment | M29: =IF($E$29>=S29, U29,"") -> 46193 | N29: =IF($E$29>=S29, $F$29,"") -> 59518.75 | S29: =S28+1 -> 11 | T29: 11th Equity Payment | U29: =IF(AND(DAY(U28)>=6,DAY(U28)<=20),DATE(YEAR(U28),MONTH(U28)+1,DAY(20)),IF(AND(DAY(U28)>=21,DAY(U28)<=30),DATE(YEAR(U28),MONTH(U28)+1,IF(DAY(EOMONTH(U28,1))<30,DAY(EOMONTH(U28,1)),DAY(30))),DATE(YEAR(U28),MONTH(U28)+1,DAY(5)))) -> 46193
K30: =IF($E$29>=S30, T30,"") -> 12th Equity Payment | M30: =IF($E$29>=S30, U30,"") -> 46223 | N30: =IF($E$29>=S30, $F$29,"") -> 59518.75 | S30: =S29+1 -> 12 | T30: 12th Equity Payment | U30: =IF(AND(DAY(U29)>=6,DAY(U29)<=20),DATE(YEAR(U29),MONTH(U29)+1,DAY(20)),IF(AND(DAY(U29)>=21,DAY(U29)<=30),DATE(YEAR(U29),MONTH(U29)+1,IF(DAY(EOMONTH(U29,1))<30,DAY(EOMONTH(U29,1)),DAY(30))),DATE(YEAR(U29),MONTH(U29)+1,DAY(5)))) -> 46223
B31: FULL BALANCE (TCP) | D31: : | E31: =100%-E24-E28 -> 0.8 | F31: =F22*E31 -> 7618400 | K31: =IF($E$29>=S31, T31,"") -> 13th Equity Payment | M31: =IF($E$29>=S31, U31,"") -> 46254 | N31: =IF($E$29>=S31, $F$29,"") -> 59518.75 | S31: =S30+1 -> 13 | T31: 13th Equity Payment | U31: =IF(AND(DAY(U30)>=6,DAY(U30)<=20),DATE(YEAR(U30),MONTH(U30)+1,DAY(20)),IF(AND(DAY(U30)>=21,DAY(U30)<=30),DATE(YEAR(U30),MONTH(U30)+1,IF(DAY(EOMONTH(U30,1))<30,DAY(EOMONTH(U30,1)),DAY(30))),DATE(YEAR(U30),MONTH(U30)+1,DAY(5)))) -> 46254
K32: =IF($E$29>=S32, T32,"") -> 14th Equity Payment | M32: =IF($E$29>=S32, U32,"") -> 46285 | N32: =IF($E$29>=S32, $F$29,"") -> 59518.75 | S32: =S31+1 -> 14 | T32: 14th Equity Payment | U32: =IF(AND(DAY(U31)>=6,DAY(U31)<=20),DATE(YEAR(U31),MONTH(U31)+1,DAY(20)),IF(AND(DAY(U31)>=21,DAY(U31)<=30),DATE(YEAR(U31),MONTH(U31)+1,IF(DAY(EOMONTH(U31,1))<30,DAY(EOMONTH(U31,1)),DAY(30))),DATE(YEAR(U31),MONTH(U31)+1,DAY(5)))) -> 46285
B33: Estimated Monthly Amortization | K33: =IF($E$29>=S33, T33,"") -> 15th Equity Payment | M33: =IF($E$29>=S33, U33,"") -> 46315 | N33: =IF($E$29>=S33, $F$29,"") -> 59518.75 | S33: =S32+1 -> 15 | T33: 15th Equity Payment | U33: =IF(AND(DAY(U32)>=6,DAY(U32)<=20),DATE(YEAR(U32),MONTH(U32)+1,DAY(20)),IF(AND(DAY(U32)>=21,DAY(U32)<=30),DATE(YEAR(U32),MONTH(U32)+1,IF(DAY(EOMONTH(U32,1))<30,DAY(EOMONTH(U32,1)),DAY(30))),DATE(YEAR(U32),MONTH(U32)+1,DAY(5)))) -> 46315
K34: =IF($E$29>=S34, T34,"") -> 16th Equity Payment | M34: =IF($E$29>=S34, U34,"") -> 46346 | N34: =IF($E$29>=S34, $F$29,"") -> 59518.75 | S34: =S33+1 -> 16 | T34: 16th Equity Payment | U34: =IF(AND(DAY(U33)>=6,DAY(U33)<=20),DATE(YEAR(U33),MONTH(U33)+1,DAY(20)),IF(AND(DAY(U33)>=21,DAY(U33)<=30),DATE(YEAR(U33),MONTH(U33)+1,IF(DAY(EOMONTH(U33,1))<30,DAY(EOMONTH(U33,1)),DAY(30))),DATE(YEAR(U33),MONTH(U33)+1,DAY(5)))) -> 46346
B35: Term | C35: Interest Rate | D35: Factor Rate | E35: Amount | F35: Income Requirement | K35: =IF($E$29>=S35, T35,"") -> 17th Equity Payment | M35: =IF($E$29>=S35, U35,"") -> 46376 | N35: =IF($E$29>=S35, $F$29,"") -> 59518.75 | S35: =S34+1 -> 17 | T35: 17th Equity Payment | U35: =IF(AND(DAY(U34)>=6,DAY(U34)<=20),DATE(YEAR(U34),MONTH(U34)+1,DAY(20)),IF(AND(DAY(U34)>=21,DAY(U34)<=30),DATE(YEAR(U34),MONTH(U34)+1,IF(DAY(EOMONTH(U34,1))<30,DAY(EOMONTH(U34,1)),DAY(30))),DATE(YEAR(U34),MONTH(U34)+1,DAY(5)))) -> 46376
B36: 5 | C36: 0.07 | D36: =PMT(C36/12,B36*12,-1) -> 0.019801199 | E36: =F31*D36 -> 150853.45 | F36: =E36/0.33 -> 457131.67 | K36: =IF($E$29>=S36, T36,"") -> 18th Equity Payment | M36: =IF($E$29>=S36, U36,"") -> 46407 | N36: =IF($E$29>=S36, $F$29,"") -> 59518.75 | S36: =S35+1 -> 18 | T36: 18th Equity Payment | U36: =IF(AND(DAY(U35)>=6,DAY(U35)<=20),DATE(YEAR(U35),MONTH(U35)+1,DAY(20)),IF(AND(DAY(U35)>=21,DAY(U35)<=30),DATE(YEAR(U35),MONTH(U35)+1,IF(DAY(EOMONTH(U35,1))<30,DAY(EOMONTH(U35,1)),DAY(30))),DATE(YEAR(U35),MONTH(U35)+1,DAY(5)))) -> 46407
B37: 10 | C37: =C36 -> 0.07 | D37: =PMT(C37/12,B37*12,-1) -> 0.011610848 | E37: =F31*D37 -> 88456.084 | F37: =E37/0.33 -> 268048.74 | K37: =IF($E$29>=S37, T37,"") -> 19th Equity Payment | M37: =IF($E$29>=S37, U37,"") -> 46438 | N37: =IF($E$29>=S37, $F$29,"") -> 59518.75 | S37: =S36+1 -> 19 | T37: 19th Equity Payment | U37: =IF(AND(DAY(U36)>=6,DAY(U36)<=20),DATE(YEAR(U36),MONTH(U36)+1,DAY(20)),IF(AND(DAY(U36)>=21,DAY(U36)<=30),DATE(YEAR(U36),MONTH(U36)+1,IF(DAY(EOMONTH(U36,1))<30,DAY(EOMONTH(U36,1)),DAY(30))),DATE(YEAR(U36),MONTH(U36)+1,DAY(5)))) -> 46438
B38: 15 | C38: =C37 -> 0.07 | D38: =PMT(C38/12,B38*12,-1) -> 0.0089882827 | E38: =F31*D38 -> 68476.333 | F38: =E38/0.33 -> 207504.04 | K38: =IF($E$29>=S38, T38,"") -> 20th Equity Payment | M38: =IF($E$29>=S38, U38,"") -> 46466 | N38: =IF($E$29>=S38, $F$29,"") -> 59518.75 | S38: =S37+1 -> 20 | T38: 20th Equity Payment | U38: =IF(AND(DAY(U37)>=6,DAY(U37)<=20),DATE(YEAR(U37),MONTH(U37)+1,DAY(20)),IF(AND(DAY(U37)>=21,DAY(U37)<=30),DATE(YEAR(U37),MONTH(U37)+1,IF(DAY(EOMONTH(U37,1))<30,DAY(EOMONTH(U37,1)),DAY(30))),DATE(YEAR(U37),MONTH(U37)+1,DAY(5)))) -> 46466
B39: 20 | C39: =C38 -> 0.07 | D39: =PMT(C39/12,B39*12,-1) -> 0.0077529894 | E39: =F31*D39 -> 59065.374 | F39: =E39/0.33 -> 178985.98 | K39: =IF($E$29>=S39, T39,"") -> 21st Equity Payment | M39: =IF($E$29>=S39, U39,"") -> 46497 | N39: =IF($E$29>=S39, $F$29,"") -> 59518.75 | S39: =S38+1 -> 21 | T39: 21st Equity Payment | U39: =IF(AND(DAY(U38)>=6,DAY(U38)<=20),DATE(YEAR(U38),MONTH(U38)+1,DAY(20)),IF(AND(DAY(U38)>=21,DAY(U38)<=30),DATE(YEAR(U38),MONTH(U38)+1,IF(DAY(EOMONTH(U38,1))<30,DAY(EOMONTH(U38,1)),DAY(30))),DATE(YEAR(U38),MONTH(U38)+1,DAY(5)))) -> 46497
B40: Fixed for five (5) years | K40: =IF($E$29>=S40, T40,"") -> 22nd Equity Payment | M40: =IF($E$29>=S40, U40,"") -> 46527 | N40: =IF($E$29>=S40, $F$29,"") -> 59518.75 | S40: =S39+1 -> 22 | T40: 22nd Equity Payment | U40: =IF(AND(DAY(U39)>=6,DAY(U39)<=20),DATE(YEAR(U39),MONTH(U39)+1,DAY(20)),IF(AND(DAY(U39)>=21,DAY(U39)<=30),DATE(YEAR(U39),MONTH(U39)+1,IF(DAY(EOMONTH(U39,1))<30,DAY(EOMONTH(U39,1)),DAY(30))),DATE(YEAR(U39),MONTH(U39)+1,DAY(5)))) -> 46527
B41: Sample Computation for Interest rate is at 7% fixed for five (5) years only | K41: =IF($E$29>=S41, T41,"") -> 23rd Equity Payment | M41: =IF($E$29>=S41, U41,"") -> 46558 | N41: =IF($E$29>=S41, $F$29,"") -> 59518.75 | S41: =S40+1 -> 23 | T41: 23rd Equity Payment | U41: =IF(AND(DAY(U40)>=6,DAY(U40)<=20),DATE(YEAR(U40),MONTH(U40)+1,DAY(20)),IF(AND(DAY(U40)>=21,DAY(U40)<=30),DATE(YEAR(U40),MONTH(U40)+1,IF(DAY(EOMONTH(U40,1))<30,DAY(EOMONTH(U40,1)),DAY(30))),DATE(YEAR(U40),MONTH(U40)+1,DAY(5)))) -> 46558
B42: A. Prices are subject to change without prior notice. | K42: =IF($E$29>=S42, T42,"") -> 24th Equity Payment | M42: =IF($E$29>=S42, U42,"") -> 46588 | N42: =IF($E$29>=S42, $F$29,"") -> 59518.75 | S42: =S41+1 -> 24 | T42: 24th Equity Payment | U42: =IF(AND(DAY(U41)>=6,DAY(U41)<=20),DATE(YEAR(U41),MONTH(U41)+1,DAY(20)),IF(AND(DAY(U41)>=21,DAY(U41)<=30),DATE(YEAR(U41),MONTH(U41)+1,IF(DAY(EOMONTH(U41,1))<30,DAY(EOMONTH(U41,1)),DAY(30))),DATE(YEAR(U41),MONTH(U41)+1,DAY(5)))) -> 46588
B43: B. Bank Fees rates may vary per bank. | K43: BALANCE | M43: =Y20 -> 46619 | N43: =F31 -> 7618400
B45: IN-HOUSE COMPUTATION
B46: Term | C46: Interest Rate | D46: Factor Rate | E46: Monthly Amortization | F46: Income Requirement | K46: Prepared by: | O46: Conformed:
B47: 5 Years | C47: 0.16 | D47: ='Pricelist Standard'!AQ6 -> 0.024318057 | E47: =F31*D47 -> 185264.69 | F47: =E47/0.33 -> 561408.14
B48: 10 Years | C48: 0.18 | D48: ='Pricelist Standard'!AU6 -> 0.01801852 | E48: =F31*D48 -> 137272.29 | F48: =E48/0.33 -> 415976.64 | T48: Variance
B49: A. Prices are subject to change without prior notice. | K49: =FORM!E20 -> SELLER The Aguirre Townhouse Las Piñas | O49: =FORM!E16 -> BUYER The Aguirre Townhouse Las Piñas | T49: =SUM(N17:O43) -> 9523000
K50: Date | O50: Date: | T50: =F22-T49 -> 0
AL51: 3128866
T52: 23rd EQUITY PAYMENT
T53: 24th EQUITY PAYMENT
T54: 25th EQUITY PAYMENT
T55: 26th EQUITY PAYMENT
T56: 27th EQUITY PAYMENT
T57: 28th EQUITY PAYMENT
T65: 36th EQUITY PAYMENT
T66: 37th EQUITY PAYMENT
T67: 38th EQUITY PAYMENT
T68: 39th EQUITY PAYMENT
T69: 40th EQUITY PAYMENT
T70: 41st EQUITY PAYMENT
... T75: 46th EQUITY PAYMENT
A253: =(F15-#REF!)*12% -> #REF!
AQ396: 20000 | AS396: 24
AQ397: 15000
AB781: 1

Sheet SPC Pine Road A
J1: 0.01
B2: DATE : | C2: =NOW() -> 45849.956 | F2: PAGE | G2: 1 of 1 | K2: DATE : | L2: =C2 -> 45849.956
B4: STANDARD PACKAGE COMPUTATION | K4: PAYMENT SCHEDULE
B6: CLIENT'S NAME | D6: : | K6: CLIENT'S NAME | M6: : | N6: =E6 -> 0
B7: PROJECT NAME | D7: : | E7: The Elements Las Piñas | K7: PROJECT NAME | M7: : | N7: =E7 -> The Elements Las Piñas
B8: UNIT NUMBER | D8: : | E8: Pine Road Unit A | K8: UNIT NUMBER | M8: : | N8: =E8 -> Pine Road Unit A
B9: TOWER | D9: : | E9: N/A | K9: TOWER | M9: : | N9: =E9 -> N/A
B10: UNIT TYPE | D10: : | E10: ='Pricelist Standard'!#REF! -> #REF! | G10: ='Pricelist Standard'!#REF! -> #REF! | K10: UNIT TYPE | M10: : | N10: =E10 -> #REF!
B11: =[1]Pricelist_SSO!H25 -> Floor Area | D11: : | E11: ='Pricelist Standard'!#REF! -> #REF! | G11: SQM. | K11: LIVEABLE AREA | M11: : | N11: =E11 -> #REF! | P11: SQM.
B12: =[1]Pricelist_SSO!I25 -> Actual Lot Area | D12: : | E12: ='Pricelist Standard'!#REF! -> #REF! | G12: SQM. | K12: BALCONY AREA | M12: : | N12: =E12 -> #REF! | P12: SQM.
B13: GROSS AREA | D13: : | G13: SQM. | K13: GROSS AREA | M13: : | N13: =E13 -> 0 | P13: SQM.
B15: TOTAL SELLING PRICE | D15: : | F15: ='Pricelist Standard'!#REF! -> #REF! | K15: PARTICULARS | M15: DATE | N15: AMOUNT | P15: REMARKS
B16: Less: Promo Discount on TSP | D16: : | F16: ='Pricelist Standard'!#REF! -> #REF!
B17: NET SELLING PRICE | D17: : | F17: =F15-F16 -> #REF! | K17: RESERVATION FEE | M17: =C2 -> 45849.956 | N17: =F27 -> 50000 | U17: =M17 -> 45849.956 | V17: =EDATE(U17,#REF!) -> #REF!
B18: NET SELLING PRICE per SQM | F18: =F17/E11 -> #REF! | K18: SPOT EQUITY | M18: =IF(N18="","",U18) -> #REF! | N18: =F28 -> #REF! | T18: 1st Equity Payment | U18: =IF(DAY(U17)=31,W20,Y20) -> 45889 | W18: 31st of the month
T19: 2nd Equity Payment | U19: =IF(AND(DAY(U18)>=6,DAY(U18)<=20),DATE(YEAR(U18),MONTH(U18)+1,DAY(20)),IF(AND(DAY(U18)>=21,DAY(U18)<=30),DATE(YEAR(U18),MONTH(U18)+1,IF(DAY(EOMONTH(U18,1))<30,DAY(EOMONTH(U18,1)),DAY(30))),DATE(YEAR(U18),MONTH(U18)+1,DAY(5)))) -> 45920 | V19: balance | W19: =IF(DAY(U17)=31,DATE(YEAR(V17),MONTH(V17)+2,DAY(5))) -> FALSE | Y19: =IF(AND(DAY(V17)>=6,DAY(V17)<=20),DATE(YEAR(V17),MONTH(V17)+1,DAY(20)),IF(AND(DAY(V17)>=21,DAY(V17)<=31),DATE(YEAR(V17),MONTH(V17)+1,IF(DAY(EOMONTH(V17,1))<30,DAY(EOMONTH(V17,1)),DAY(30))),DATE(YEAR(V17),MONTH(V17)+1,DAY(5)))) -> #REF!
B20: Add: bank Fees | D20: : | E20: ='Pricelist Standard'!AE7 -> 0 | F20: =F15*E20 -> #REF! | T20: 3rd Equity Payment | U20: =IF(AND(DAY(U19)>=6,DAY(U19)<=20),DATE(YEAR(U19),MONTH(U19)+1,DAY(20)),IF(AND(DAY(U19)>=21,DAY(U19)<=30),DATE(YEAR(U19),MONTH(U19)+1,IF(DAY(EOMONTH(U19,1))<30,DAY(EOMONTH(U19,1)),DAY(30))),DATE(YEAR(U19),MONTH(U19)+1,DAY(5)))) -> 45950 | V20: equity | W20: =IF(DAY(U17)=31,DATE(YEAR(U17),MONTH(U17)+2,DAY(5))) -> FALSE | Y20: =IF(AND(DAY(U17)>=6,DAY(U17)<=20),DATE(YEAR(U17),MONTH(U17)+1,DAY(20)),IF(AND(DAY(U17)>=21,DAY(U17)<=30),DATE(YEAR(U17),MONTH(U17)+1,IF(DAY(EOMONTH(U17,1))<31,DAY(EOMONTH(U17,1)),DAY(30))),DATE(YEAR(U17),MONTH(U17)+1,DAY(5)))) -> 45889
B21: Add: Legal & Misc. Fees | D21: : | E21: ='Pricelist Standard'!AD7 -> 0.07 | F21: =E21*F15 -> #REF! | T21: 4th Equity Payment | U21: =IF(AND(DAY(U20)>=6,DAY(U20)<=20),DATE(YEAR(U20),MONTH(U20)+1,DAY(20)),IF(AND(DAY(U20)>=21,DAY(U20)<=30),DATE(YEAR(U20),MONTH(U20)+1,IF(DAY(EOMONTH(U20,1))<30,DAY(EOMONTH(U20,1)),DAY(30))),DATE(YEAR(U20),MONTH(U20)+1,DAY(5)))) -> 45981
T22: 5th Equity Payment | U22: =IF(AND(DAY(U21)>=6,DAY(U21)<=20),DATE(YEAR(U21),MONTH(U21)+1,DAY(20)),IF(AND(DAY(U21)>=21,DAY(U21)<=30),DATE(YEAR(U21),MONTH(U21)+1,IF(DAY(EOMONTH(U21,1))<30,DAY(EOMONTH(U21,1)),DAY(30))),DATE(YEAR(U21),MONTH(U21)+1,DAY(5)))) -> 46011
B23: TOTAL CONTRACT PRICE | D23: : | F23: =F17+F20+F21 -> #REF! | T23: 6th Equity Payment | U23: =IF(AND(DAY(U22)>=6,DAY(U22)<=20),DATE(YEAR(U22),MONTH(U22)+1,DAY(20)),IF(AND(DAY(U22)>=21,DAY(U22)<=30),DATE(YEAR(U22),MONTH(U22)+1,IF(DAY(EOMONTH(U22,1))<30,DAY(EOMONTH(U22,1)),DAY(30))),DATE(YEAR(U22),MONTH(U22)+1,DAY(5)))) -> 46042
T24: 7th Equity Payment | U24: =IF(AND(DAY(U23)>=6,DAY(U23)<=20),DATE(YEAR(U23),MONTH(U23)+1,DAY(20)),IF(AND(DAY(U23)>=21,DAY(U23)<=30),DATE(YEAR(U23),MONTH(U23)+1,IF(DAY(EOMONTH(U23,1))<30,DAY(EOMONTH(U23,1)),DAY(30))),DATE(YEAR(U23),MONTH(U23)+1,DAY(5)))) -> 46073
B25: Spot Equity down Payment | D25: : | E25: ='SPC San Esteban A'!E25 -> 0.05 | F25: =F23*E25 -> #REF! | T25: 8th Equity Payment | U25: =IF(AND(DAY(U24)>=6,DAY(U24)<=20),DATE(YEAR(U24),MONTH(U24)+1,DAY(20)),IF(AND(DAY(U24)>=21,DAY(U24)<=30),DATE(YEAR(U24),MONTH(U24)+1,IF(DAY(EOMONTH(U24,1))<30,DAY(EOMONTH(U24,1)),DAY(30))),DATE(YEAR(U24),MONTH(U24)+1,DAY(5)))) -> 46101
B26: less: Promo Discount on Equity | D26: =D25 -> : | T26: 9th Equity Payment | U26: =IF(AND(DAY(U25)>=6,DAY(U25)<=20),DATE(YEAR(U25),MONTH(U25)+1,DAY(20)),IF(AND(DAY(U25)>=21,DAY(U25)<=30),DATE(YEAR(U25),MONTH(U25)+1,IF(DAY(EOMONTH(U25,1))<30,DAY(EOMONTH(U25,1)),DAY(30))),DATE(YEAR(U25),MONTH(U25)+1,DAY(5)))) -> 46132
B27: less: Reservation Fee | D27: : | F27: 50000 | T27: 10th Equity Payment | U27: =IF(AND(DAY(U26)>=6,DAY(U26)<=20),DATE(YEAR(U26),MONTH(U26)+1,DAY(20)),IF(AND(DAY(U26)>=21,DAY(U26)<=30),DATE(YEAR(U26),MONTH(U26)+1,IF(DAY(EOMONTH(U26,1))<30,DAY(EOMONTH(U26,1)),DAY(30))),DATE(YEAR(U26),MONTH(U26)+1,DAY(5)))) -> 46162
B28: Net Equity Payment | D28: : | F28: =F25-F26-F27 -> #REF! | K28: BALANCE | M28: =M18+31 -> #REF! | N28: =F30 -> #REF! | T28: 11th Equity Payment | U28: =IF(AND(DAY(U27)>=6,DAY(U27)<=20),DATE(YEAR(U27),MONTH(U27)+1,DAY(20)),IF(AND(DAY(U27)>=21,DAY(U27)<=30),DATE(YEAR(U27),MONTH(U27)+1,IF(DAY(EOMONTH(U27,1))<30,DAY(EOMONTH(U27,1)),DAY(30))),DATE(YEAR(U27),MONTH(U27)+1,DAY(5)))) -> 46193
K29: TOTAL | N29: =SUM(N17:O28) -> #REF! | T29: 12th Equity Payment | U29: =IF(AND(DAY(U28)>=6,DAY(U28)<=20),DATE(YEAR(U28),MONTH(U28)+1,DAY(20)),IF(AND(DAY(U28)>=21,DAY(U28)<=30),DATE(YEAR(U28),MONTH(U28)+1,IF(DAY(EOMONTH(U28,1))<30,DAY(EOMONTH(U28,1)),DAY(30))),DATE(YEAR(U28),MONTH(U28)+1,DAY(5)))) -> 46223
B30: FULL BALANCE (TCP) | D30: : | E30: =100%-E25 -> 0.95 | F30: =F23*E30 -> #REF!
B32: Estimated Monthly Amortization | T32: 14th EQUITY PAYMENT | U32: =IF(AND(DAY(#REF!)>=6,DAY(#REF!)<=20),DATE(YEAR(#REF!),MONTH(#REF!)+1,DAY(20)),IF(AND(DAY(#REF!)>=21,DAY(#REF!)<=30),DATE(YEAR(#REF!),MONTH(#REF!)+1,IF(DAY(EOMONTH(#REF!,1))<30,DAY(EOMONTH(#REF!,1)),DAY(30))),DATE(YEAR(#REF!),MONTH(#REF!)+1,DAY(5)))) -> #REF!
T33: 15th EQUITY PAYMENT | U33: =IF(AND(DAY(U32)>=6,DAY(U32)<=20),DATE(YEAR(U32),MONTH(U32)+1,DAY(20)),IF(AND(DAY(U32)>=21,DAY(U32)<=30),DATE(YEAR(U32),MONTH(U32)+1,IF(DAY(EOMONTH(U32,1))<30,DAY(EOMONTH(U32,1)),DAY(30))),DATE(YEAR(U32),MONTH(U32)+1,DAY(5)))) -> #REF!
B34: Term | C34: Interest Rate | D34: Factor Rate | E34: Amount | F34: Income Requirement | T34: 16th EQUITY PAYMENT | U34: =IF(AND(DAY(U33)>=6,DAY(U33)<=20),DATE(YEAR(U33),MONTH(U33)+1,DAY(20)),IF(AND(DAY(U33)>=21,DAY(U33)<=30),DATE(YEAR(U33),MONTH(U33)+1,IF(DAY(EOMONTH(U33,1))<30,DAY(EOMONTH(U33,1)),DAY(30))),DATE(YEAR(U33),MONTH(U33)+1,DAY(5)))) -> #REF!
B35: 5 | C35: 0.085 | D35: =PMT(C35/12,B35*12,-1) -> 0.020516531 | E35: =F30*D35 -> #REF! | F35: =E35/0.33 -> #REF! | K35: Prepared by: | O35: Conformed: | T35: 17th EQUITY PAYMENT | U35: =IF(AND(DAY(U34)>=6,DAY(U34)<=20),DATE(YEAR(U34),MONTH(U34)+1,DAY(20)),IF(AND(DAY(U34)>=21,DAY(U34)<=30),DATE(YEAR(U34),MONTH(U34)+1,IF(DAY(EOMONTH(U34,1))<30,DAY(EOMONTH(U34,1)),DAY(30))),DATE(YEAR(U34),MONTH(U34)+1,DAY(5)))) -> #REF!
B36: 10 | C36: 0.085 | D36: =PMT(C36/12,B36*12,-1) -> 0.012398569 | E36: =F30*D36 -> #REF! | F36: =E36/0.33 -> #REF! | T36: 18th EQUITY PAYMENT | U36: =IF(AND(DAY(U35)>=6,DAY(U35)<=20),DATE(YEAR(U35),MONTH(U35)+1,DAY(20)),IF(AND(DAY(U35)>=21,DAY(U35)<=30),DATE(YEAR(U35),MONTH(U35)+1,IF(DAY(EOMONTH(U35,1))<30,DAY(EOMONTH(U35,1)),DAY(30))),DATE(YEAR(U35),MONTH(U35)+1,DAY(5)))) -> #REF!
B37: 15 | C37: 0.085 | D37: =PMT(C37/12,B37*12,-1) -> 0.0098473956 | E37: =F30*D37 -> #REF! | F37: =E37/0.33 -> #REF! | T37: 19th EQUITY PAYMENT | U37: =IF(AND(DAY(U36)>=6,DAY(U36)<=20),DATE(YEAR(U36),MONTH(U36)+1,DAY(20)),IF(AND(DAY(U36)>=21,DAY(U36)<=30),DATE(YEAR(U36),MONTH(U36)+1,IF(DAY(EOMONTH(U36,1))<30,DAY(EOMONTH(U36,1)),DAY(30))),DATE(YEAR(U36),MONTH(U36)+1,DAY(5)))) -> #REF!
B38: 20 | C38: 0.085 | D38: =PMT(C38/12,B38*12,-1) -> 0.0086782323 | E38: =F30*D38 -> #REF! | F38: =E38/0.33 -> #REF! | T38: 20th EQUITY PAYMENT | U38: =IF(AND(DAY(U37)>=6,DAY(U37)<=20),DATE(YEAR(U37),MONTH(U37)+1,DAY(20)),IF(AND(DAY(U37)>=21,DAY(U37)<=30),DATE(YEAR(U37),MONTH(U37)+1,IF(DAY(EOMONTH(U37,1))<30,DAY(EOMONTH(U37,1)),DAY(30))),DATE(YEAR(U37),MONTH(U37)+1,DAY(5)))) -> #REF!
B39: Fixed for five (5) years | K39: Date | O39: Date: | T39: 21st EQUITY PAYMENT | U39: =IF(AND(DAY(U38)>=6,DAY(U38)<=20),DATE(YEAR(U38),MONTH(U38)+1,DAY(20)),IF(AND(DAY(U38)>=21,DAY(U38)<=30),DATE(YEAR(U38),MONTH(U38)+1,IF(DAY(EOMONTH(U38,1))<30,DAY(EOMONTH(U38,1)),DAY(30))),DATE(YEAR(U38),MONTH(U38)+1,DAY(5)))) -> #REF!
B40: Sample Computation for Interest rate is at 7% fixed for five (5) years only | T40: 22nd EQUITY PAYMENT | U40: =IF(AND(DAY(U39)>=6,DAY(U39)<=20),DATE(YEAR(U39),MONTH(U39)+1,DAY(20)),IF(AND(DAY(U39)>=21,DAY(U39)<=30),DATE(YEAR(U39),MONTH(U39)+1,IF(DAY(EOMONTH(U39,1))<30,DAY(EOMONTH(U39,1)),DAY(30))),DATE(YEAR(U39),MONTH(U39)+1,DAY(5)))) -> #REF!
B41: A. Prices are subject to change without prior notice. | U41: =IF(AND(DAY(U40)>=6,DAY(U40)<=20),DATE(YEAR(U40),MONTH(U40)+1,DAY(20)),IF(AND(DAY(U40)>=21,DAY(U40)<=30),DATE(YEAR(U40),MONTH(U40)+1,IF(DAY(EOMONTH(U40,1))<30,DAY(EOMONTH(U40,1)),DAY(30))),DATE(YEAR(U40),MONTH(U40)+1,DAY(5)))) -> #REF!
B42: B. Bank Fees rates may vary per bank. | U42: =IF(AND(DAY(U41)>=6,DAY(U41)<=20),DATE(YEAR(U41),MONTH(U41)+1,DAY(20)),IF(AND(DAY(U41)>=21,DAY(U41)<=30),DATE(YEAR(U41),MONTH(U41)+1,IF(DAY(EOMONTH(U41,1))<30,DAY(EOMONTH(U41,1)),DAY(30))),DATE(YEAR(U41),MONTH(U41)+1,DAY(5)))) -> #REF!
U43: =IF(AND(DAY(U42)>=6,DAY(U42)<=20),DATE(YEAR(U42),MONTH(U42)+1,DAY(20)),IF(AND(DAY(U42)>=21,DAY(U42)<=30),DATE(YEAR(U42),MONTH(U42)+1,IF(DAY(EOMONTH(U42,1))<30,DAY(EOMONTH(U42,1)),DAY(30))),DATE(YEAR(U42),MONTH(U42)+1,DAY(5)))) -> #REF!
B44: IN-HOUSE COMPUTATION | U44: =IF(AND(DAY(U43)>=6,DAY(U43)<=20),DATE(YEAR(U43),MONTH(U43)+1,DAY(20)),IF(AND(DAY(U43)>=21,DAY(U43)<=30),DATE(YEAR(U43),MONTH(U43)+1,IF(DAY(EOMONTH(U43,1))<30,DAY(EOMONTH(U43,1)),DAY(30))),DATE(YEAR(U43),MONTH(U43)+1,DAY(5)))) -> #REF!
B45: Term | C45: Interest Rate | D45: Factor Rate | E45: Monthly Amortization | F45: Income Requirement | U45: =IF(AND(DAY(U44)>=6,DAY(U44)<=20),DATE(YEAR(U44),MONTH(U44)+1,DAY(20)),IF(AND(DAY(U44)>=21,DAY(U44)<=30),DATE(YEAR(U44),MONTH(U44)+1,IF(DAY(EOMONTH(U44,1))<30,DAY(EOMONTH(U44,1)),DAY(30))),DATE(YEAR(U44),MONTH(U44)+1,DAY(5)))) -> #REF!
B46: 5 Years | C46: 0.16 | D46: ='Pricelist Standard'!AQ6 -> 0.024318057 | E46: =F30*D46 -> #REF! | F46: =E46/0.33 -> #REF! | U46: =IF(AND(DAY(U45)>=6,DAY(U45)<=20),DATE(YEAR(U45),MONTH(U45)+1,DAY(20)),IF(AND(DAY(U45)>=21,DAY(U45)<=30),DATE(YEAR(U45),MONTH(U45)+1,IF(DAY(EOMONTH(U45,1))<30,DAY(EOMONTH(U45,1)),DAY(30))),DATE(YEAR(U45),MONTH(U45)+1,DAY(5)))) -> #REF!
B47: 10 Years | C47: 0.18 | D47: ='Pricelist Standard'!AU6 -> 0.01801852 | E47: =F30*D47 -> #REF! | F47: =E47/0.33 -> #REF! | U47: =IF(AND(DAY(U46)>=6,DAY(U46)<=20),DATE(YEAR(U46),MONTH(U46)+1,DAY(20)),IF(AND(DAY(U46)>=21,DAY(U46)<=30),DATE(YEAR(U46),MONTH(U46)+1,IF(DAY(EOMONTH(U46,1))<30,DAY(EOMONTH(U46,1)),DAY(30))),DATE(YEAR(U46),MONTH(U46)+1,DAY(5)))) -> #REF!
B48: A. Prices are subject to change without prior notice. | U48: =IF(AND(DAY(U47)>=6,DAY(U47)<=20),DATE(YEAR(U47),MONTH(U47)+1,DAY(20)),IF(AND(DAY(U47)>=21,DAY(U47)<=30),DATE(YEAR(U47),MONTH(U47)+1,IF(DAY(EOMONTH(U47,1))<30,DAY(EOMONTH(U47,1)),DAY(30))),DATE(YEAR(U47),MONTH(U47)+1,DAY(5)))) -> #REF!
U49: =IF(AND(DAY(U48)>=6,DAY(U48)<=20),DATE(YEAR(U48),MONTH(U48)+1,DAY(20)),IF(AND(DAY(U48)>=21,DAY(U48)<=30),DATE(YEAR(U48),MONTH(U48)+1,IF(DAY(EOMONTH(U48,1))<30,DAY(EOMONTH(U48,1)),DAY(30))),DATE(YEAR(U48),MONTH(U48)+1,DAY(5)))) -> #REF!
U50: =IF(AND(DAY(U49)>=6,DAY(U49)<=20),DATE(YEAR(U49),MONTH(U49)+1,DAY(20)),IF(AND(DAY(U49)>=21,DAY(U49)<=30),DATE(YEAR(U49),MONTH(U49)+1,IF(DAY(EOMONTH(U49,1))<30,DAY(EOMONTH(U49,1)),DAY(30))),DATE(YEAR(U49),MONTH(U49)+1,DAY(5)))) -> #REF!
T51: 23rd EQUITY PAYMENT | U51: =IF(AND(DAY(U50)>=6,DAY(U50)<=20),DATE(YEAR(U50),MONTH(U50)+1,DAY(20)),IF(AND(DAY(U50)>=21,DAY(U50)<=30),DATE(YEAR(U50),MONTH(U50)+1,IF(DAY(EOMONTH(U50,1))<30,DAY(EOMONTH(U50,1)),DAY(30))),DATE(YEAR(U50),MONTH(U50)+1,DAY(5)))) -> #REF! | AL51: 3128866
T52: 24th EQUITY PAYMENT | U52: =IF(AND(DAY(U51)>=6,DAY(U51)<=20),DATE(YEAR(U51),MONTH(U51)+1,DAY(20)),IF(AND(DAY(U51)>=21,DAY(U51)<=30),DATE(YEAR(U51),MONTH(U51)+1,IF(DAY(EOMONTH(U51,1))<30,DAY(EOMONTH(U51,1)),DAY(30))),DATE(YEAR(U51),MONTH(U51)+1,DAY(5)))) -> #REF!
T53: 25th EQUITY PAYMENT | U53: =IF(AND(DAY(U52)>=6,DAY(U52)<=20),DATE(YEAR(U52),MONTH(U52)+1,DAY(20)),IF(AND(DAY(U52)>=21,DAY(U52)<=30),DATE(YEAR(U52),MONTH(U52)+1,IF(DAY(EOMONTH(U52,1))<30,DAY(EOMONTH(U52,1)),DAY(30))),DATE(YEAR(U52),MONTH(U52)+1,DAY(5)))) -> #REF!
T54: 26th EQUITY PAYMENT | U54: =IF(AND(DAY(U53)>=6,DAY(U53)<=20),DATE(YEAR(U53),MONTH(U53)+1,DAY(20)),IF(AND(DAY(U53)>=21,DAY(U53)<=30),DATE(YEAR(U53),MONTH(U53)+1,IF(DAY(EOMONTH(U53,1))<30,DAY(EOMONTH(U53,1)),DAY(30))),DATE(YEAR(U53),MONTH(U53)+1,DAY(5)))) -> #REF!
T55: 27th EQUITY PAYMENT | U55: =IF(AND(DAY(U54)>=6,DAY(U54)<=20),DATE(YEAR(U54),MONTH(U54)+1,DAY(20)),IF(AND(DAY(U54)>=21,DAY(U54)<=30),DATE(YEAR(U54),MONTH(U54)+1,IF(DAY(EOMONTH(U54,1))<30,DAY(EOMONTH(U54,1)),DAY(30))),DATE(YEAR(U54),MONTH(U54)+1,DAY(5)))) -> #REF!
T56: 28th EQUITY PAYMENT | U56: =IF(AND(DAY(U55)>=6,DAY(U55)<=20),DATE(YEAR(U55),MONTH(U55)+1,DAY(20)),IF(AND(DAY(U55)>=21,DAY(U55)<=30),DATE(YEAR(U55),MONTH(U55)+1,IF(DAY(EOMONTH(U55,1))<30,DAY(EOMONTH(U55,1)),DAY(30))),DATE(YEAR(U55),MONTH(U55)+1,DAY(5)))) -> #REF!
U57: =IF(AND(DAY(U56)>=6,DAY(U56)<=20),DATE(YEAR(U56),MONTH(U56)+1,DAY(20)),IF(AND(DAY(U56)>=21,DAY(U56)<=30),DATE(YEAR(U56),MONTH(U56)+1,IF(DAY(EOMONTH(U56,1))<30,DAY(EOMONTH(U56,1)),DAY(30))),DATE(YEAR(U56),MONTH(U56)+1,DAY(5)))) -> #REF!
U58: =IF(AND(DAY(U57)>=6,DAY(U57)<=20),DATE(YEAR(U57),MONTH(U57)+1,DAY(20)),IF(AND(DAY(U57)>=21,DAY(U57)<=30),DATE(YEAR(U57),MONTH(U57)+1,IF(DAY(EOMONTH(U57,1))<30,DAY(EOMONTH(U57,1)),DAY(30))),DATE(YEAR(U57),MONTH(U57)+1,DAY(5)))) -> #REF!
U59: =IF(AND(DAY(U58)>=6,DAY(U58)<=20),DATE(YEAR(U58),MONTH(U58)+1,DAY(20)),IF(AND(DAY(U58)>=21,DAY(U58)<=30),DATE(YEAR(U58),MONTH(U58)+1,IF(DAY(EOMONTH(U58,1))<30,DAY(EOMONTH(U58,1)),DAY(30))),DATE(YEAR(U58),MONTH(U58)+1,DAY(5)))) -> #REF!
U60: =IF(AND(DAY(U59)>=6,DAY(U59)<=20),DATE(YEAR(U59),MONTH(U59)+1,DAY(20)),IF(AND(DAY(U59)>=21,DAY(U59)<=30),DATE(YEAR(U59),MONTH(U59)+1,IF(DAY(EOMONTH(U59,1))<30,DAY(EOMONTH(U59,1)),DAY(30))),DATE(YEAR(U59),MONTH(U59)+1,DAY(5)))) -> #REF!
U61: =IF(AND(DAY(U60)>=6,DAY(U60)<=20),DATE(YEAR(U60),MONTH(U60)+1,DAY(20)),IF(AND(DAY(U60)>=21,DAY(U60)<=30),DATE(YEAR(U60),MONTH(U60)+1,IF(DAY(EOMONTH(U60,1))<30,DAY(EOMONTH(U60,1)),DAY(30))),DATE(YEAR(U60),MONTH(U60)+1,DAY(5)))) -> #REF!
U62: =IF(AND(DAY(U61)>=6,DAY(U61)<=20),DATE(YEAR(U61),MONTH(U61)+1,DAY(20)),IF(AND(DAY(U61)>=21,DAY(U61)<=30),DATE(YEAR(U61),MONTH(U61)+1,IF(DAY(EOMONTH(U61,1))<30,DAY(EOMONTH(U61,1)),DAY(30))),DATE(YEAR(U61),MONTH(U61)+1,DAY(5)))) -> #REF!
U63: =IF(AND(DAY(U62)>=6,DAY(U62)<=20),DATE(YEAR(U62),MONTH(U62)+1,DAY(20)),IF(AND(DAY(U62)>=21,DAY(U62)<=30),DATE(YEAR(U62),MONTH(U62)+1,IF(DAY(EOMONTH(U62,1))<30,DAY(EOMONTH(U62,1)),DAY(30))),DATE(YEAR(U62),MONTH(U62)+1,DAY(5)))) -> #REF!
T64: 36th EQUITY PAYMENT | U64: =IF(AND(DAY(U63)>=6,DAY(U63)<=20),DATE(YEAR(U63),MONTH(U63)+1,DAY(20)),IF(AND(DAY(U63)>=21,DAY(U63)<=30),DATE(YEAR(U63),MONTH(U63)+1,IF(DAY(EOMONTH(U63,1))<30,DAY(EOMONTH(U63,1)),DAY(30))),DATE(YEAR(U63),MONTH(U63)+1,DAY(5)))) -> #REF!
T65: 37th EQUITY PAYMENT | U65: =IF(AND(DAY(U64)>=6,DAY(U64)<=20),DATE(YEAR(U64),MONTH(U64)+1,DAY(20)),IF(AND(DAY(U64)>=21,DAY(U64)<=30),DATE(YEAR(U64),MONTH(U64)+1,IF(DAY(EOMONTH(U64,1))<30,DAY(EOMONTH(U64,1)),DAY(30))),DATE(YEAR(U64),MONTH(U64)+1,DAY(5)))) -> #REF!
T66: 38th EQUITY PAYMENT | U66: =IF(AND(DAY(U65)>=6,DAY(U65)<=20),DATE(YEAR(U65),MONTH(U65)+1,DAY(20)),IF(AND(DAY(U65)>=21,DAY(U65)<=30),DATE(YEAR(U65),MONTH(U65)+1,IF(DAY(EOMONTH(U65,1))<30,DAY(EOMONTH(U65,1)),DAY(30))),DATE(YEAR(U65),MONTH(U65)+1,DAY(5)))) -> #REF!
T67: 39th EQUITY PAYMENT | U67: =IF(AND(DAY(U66)>=6,DAY(U66)<=20),DATE(YEAR(U66),MONTH(U66)+1,DAY(20)),IF(AND(DAY(U66)>=21,DAY(U66)<=30),DATE(YEAR(U66),MONTH(U66)+1,IF(DAY(EOMONTH(U66,1))<30,DAY(EOMONTH(U66,1)),DAY(30))),DATE(YEAR(U66),MONTH(U66)+1,DAY(5)))) -> #REF!
T68: 40th EQUITY PAYMENT | U68: =IF(AND(DAY(U67)>=6,DAY(U67)<=20),DATE(YEAR(U67),MONTH(U67)+1,DAY(20)),IF(AND(DAY(U67)>=21,DAY(U67)<=30),DATE(YEAR(U67),MONTH(U67)+1,IF(DAY(EOMONTH(U67,1))<30,DAY(EOMONTH(U67,1)),DAY(30))),DATE(YEAR(U67),MONTH(U67)+1,DAY(5)))) -> #REF!
T69: 41st EQUITY PAYMENT | U69: =IF(AND(DAY(U68)>=6,DAY(U68)<=20),DATE(YEAR(U68),MONTH(U68)+1,DAY(20)),IF(AND(DAY(U68)>=21,DAY(U68)<=30),DATE(YEAR(U68),MONTH(U68)+1,IF(DAY(EOMONTH(U68,1))<30,DAY(EOMONTH(U68,1)),DAY(30))),DATE(YEAR(U68),MONTH(U68)+1,DAY(5)))) -> #REF!
T70: 42nd EQUITY PAYMENT | U70: =IF(AND(DAY(U69)>=6,DAY(U69)<=20),DATE(YEAR(U69),MONTH(U69)+1,DAY(20)),IF(AND(DAY(U69)>=21,DAY(U69)<=30),DATE(YEAR(U69),MONTH(U69)+1,IF(DAY(EOMONTH(U69,1))<30,DAY(EOMONTH(U69,1)),DAY(30))),DATE(YEAR(U69),MONTH(U69)+1,DAY(5)))) -> #REF!
T71: 43rd EQUITY PAYMENT | U71: =IF(AND(DAY(U70)>=6,DAY(U70)<=20),DATE(YEAR(U70),MONTH(U70)+1,DAY(20)),IF(AND(DAY(U70)>=21,DAY(U70)<=30),DATE(YEAR(U70),MONTH(U70)+1,IF(DAY(EOMONTH(U70,1))<30,DAY(EOMONTH(U70,1)),DAY(30))),DATE(YEAR(U70),MONTH(U70)+1,DAY(5)))) -> #REF!
T72: 44th EQUITY PAYMENT | U72: =IF(AND(DAY(U71)>=6,DAY(U71)<=20),DATE(YEAR(U71),MONTH(U71)+1,DAY(20)),IF(AND(DAY(U71)>=21,DAY(U71)<=30),DATE(YEAR(U71),MONTH(U71)+1,IF(DAY(EOMONTH(U71,1))<30,DAY(EOMONTH(U71,1)),DAY(30))),DATE(YEAR(U71),MONTH(U71)+1,DAY(5)))) -> #REF!
T73: 45th EQUITY PAYMENT | U73: =IF(AND(DAY(U72)>=6,DAY(U72)<=20),DATE(YEAR(U72),MONTH(U72)+1,DAY(20)),IF(AND(DAY(U72)>=21,DAY(U72)<=30),DATE(YEAR(U72),MONTH(U72)+1,IF(DAY(EOMONTH(U72,1))<30,DAY(EOMONTH(U72,1)),DAY(30))),DATE(YEAR(U72),MONTH(U72)+1,DAY(5)))) -> #REF!
T74: 46th EQUITY PAYMENT
A251: =(F15-#REF!)*12% -> #REF!
AQ396: 20000 | AS396: 24
AQ397: 15000
AB781: 1

Sheet Step Up Computation
J1: 0.01
B2: DATE : | C2: =FORM!E14 -> 45849 | O2: PAGE | P2: 1 of 1
B4: STEP UP PACKAGE COMPUTATION | K4: PAYMENT SCHEDULE
B6: CLIENT'S NAME | D6: : | E6: =FORM!E16 -> BUYER The Aguirre Townhouse Las Piñas | K6: =B6 -> CLIENT'S NAME | M6: : | N6: =E6 -> BUYER The Aguirre Townhouse Las Piñas
B7: PROJECT NAME | D7: : | E7: ='Pricelist Standard'!H3 -> The Aguirre Townhouse - Las Piñas | K7: =B7 -> PROJECT NAME | M7: : | N7: =E7 -> The Aguirre Townhouse - Las Piñas
B8: HOUSE NUMBER | D8: : | E8: =FORM!E4 -> Unit 9 | K8: =B8 -> HOUSE NUMBER | M8: : | N8: =E8 -> Unit 9
B9: TOWER | D9: : | E9: N/A | K9: =B9 -> TOWER | M9: : | N9: =E9 -> N/A
B10: HOUSE TYPE | D10: : | E10: ='Pricelist Standard'!H9 -> 2 Storey | K10: =B10 -> HOUSE TYPE | M10: : | N10: =E10 -> 2 Storey
B11: =FORM!B32 -> FLOOR AREA | D11: : | E11: =FORM!E32 -> 142.4 | G11: SQM. | K11: =B11 -> FLOOR AREA | M11: : | N11: =E11 -> 142.4 | P11: SQM.
B12: =FORM!B33 -> LOT AREA | D12: : | E12: =FORM!E33 -> 80 | G12: SQM. | K12: =B12 -> LOT AREA | M12: : | N12: =E12 -> 80 | P12: SQM.
B13: =FORM!B34 -> ACTUAL LOT AREA | D13: : | E13: =FORM!E34 -> 80 | G13: SQM. | K13: =B13 -> ACTUAL LOT AREA | M13: : | N13: =E13 -> 80 | P13: SQM.
B15: TOTAL SELLING PRICE | D15: : | F15: ='Standard Computation'!F15:I15 -> 8900000 | K15: PARTICULARS | M15: DATE | N15: AMOUNT | P15: REMARKS
B16: Less: Promo Discount on TSP | D16: :
B17: NET SELLING PRICE | D17: : | F17: =F15-F16 -> 8900000 | K17: RESERVATION FEE | M17: =C2 -> 45849 | N17: =F25 -> 50000 | U17: =M17 -> 45849 | V17: =EDATE(U17,E27) -> 46579
B18: NET SELLING PRICE per SQM | F18: =F17/E11 -> 62500 | K18: =IF($E$27>=S18, T18,"") -> 1st Equity Payment | M18: =IF($E$27>=S18, U18,"") -> 45889 | N18: =IF(S18=0,0,IF(S18<=$F$29,$G$29,IF(S18<=($F$30+$F$29),$G$30,IF(S18<=($F$30+$F$29+$F$31),$G$31,"")))) -> 13317.188 | S18: 1 | T18: 1st Equity Payment | U18: =IF(DAY(U17)=31,W20,Y20) -> 45889 | W18: 31st of the month
K19: =IF($E$27>=S19, T19,"") -> 2nd Equity Payment | M19: =IF($E$27>=S19, U19,"") -> 45920 | N19: =IF(S19=0,0,IF(S19<=$F$29,$G$29,IF(S19<=($F$30+$F$29),$G$30,IF(S19<=($F$30+$F$29+$F$31),$G$31,"")))) -> 13317.188 | S19: =S18+1 -> 2 | T19: 2nd Equity Payment | U19: =IF(AND(DAY(U18)>=6,DAY(U18)<=20),DATE(YEAR(U18),MONTH(U18)+1,DAY(20)),IF(AND(DAY(U18)>=21,DAY(U18)<=30),DATE(YEAR(U18),MONTH(U18)+1,IF(DAY(EOMONTH(U18,1))<30,DAY(EOMONTH(U18,1)),DAY(30))),DATE(YEAR(U18),MONTH(U18)+1,DAY(5)))) -> 45920 | V19: balance | W19: =IF(DAY(U17)=31,DATE(YEAR(V17),MONTH(V17)+2,DAY(5))) -> FALSE | Y19: =IF(AND(DAY(V17)>=6,DAY(V17)<=20),DATE(YEAR(V17),MONTH(V17)+1,DAY(20)),IF(AND(DAY(V17)>=21,DAY(V17)<=31),DATE(YEAR(V17),MONTH(V17)+1,IF(DAY(EOMONTH(V17,1))<30,DAY(EOMONTH(V17,1)),DAY(30))),DATE(YEAR(V17),MONTH(V17)+1,DAY(5)))) -> 46619
B20: Add: Legal & Misc. Fees | D20: : | E20: ='Pricelist Standard'!AD7 -> 0.07 | F20: =E20*F15 -> 623000 | K20: =IF($E$27>=S20, T20,"") -> 3rd Equity Payment | M20: =IF($E$27>=S20, U20,"") -> 45950 | N20: =IF(S20=0,0,IF(S20<=$F$29,$G$29,IF(S20<=($F$30+$F$29),$G$30,IF(S20<=($F$30+$F$29+$F$31),$G$31,"")))) -> 13317.188 | S20: =S19+1 -> 3 | T20: 3rd Equity Payment | U20: =IF(AND(DAY(U19)>=6,DAY(U19)<=20),DATE(YEAR(U19),MONTH(U19)+1,DAY(20)),IF(AND(DAY(U19)>=21,DAY(U19)<=30),DATE(YEAR(U19),MONTH(U19)+1,IF(DAY(EOMONTH(U19,1))<30,DAY(EOMONTH(U19,1)),DAY(30))),DATE(YEAR(U19),MONTH(U19)+1,DAY(5)))) -> 45950 | V20: equity | W20: =IF(DAY(U17)=31,DATE(YEAR(U17),MONTH(U17)+2,DAY(5))) -> FALSE | Y20: =IF(AND(DAY(U17)>=6,DAY(U17)<=20),DATE(YEAR(U17),MONTH(U17)+1,DAY(20)),IF(AND(DAY(U17)>=21,DAY(U17)<=30),DATE(YEAR(U17),MONTH(U17)+1,IF(DAY(EOMONTH(U17,1))<31,DAY(EOMONTH(U17,1)),DAY(30))),DATE(YEAR(U17),MONTH(U17)+1,DAY(5)))) -> 45889
K21: =IF($E$27>=S21, T21,"") -> 4th Equity Payment | M21: =IF($E$27>=S21, U21,"") -> 45981 | N21: =IF(S21=0,0,IF(S21<=$F$29,$G$29,IF(S21<=($F$30+$F$29),$G$30,IF(S21<=($F$30+$F$29+$F$31),$G$31,"")))) -> 13317.188 | S21: =S20+1 -> 4 | T21: 4th Equity Payment | U21: =IF(AND(DAY(U20)>=6,DAY(U20)<=20),DATE(YEAR(U20),MONTH(U20)+1,DAY(20)),IF(AND(DAY(U20)>=21,DAY(U20)<=30),DATE(YEAR(U20),MONTH(U20)+1,IF(DAY(EOMONTH(U20,1))<30,DAY(EOMONTH(U20,1)),DAY(30))),DATE(YEAR(U20),MONTH(U20)+1,DAY(5)))) -> 45981
B22: TOTAL CONTRACT PRICE | D22: : | F22: =F17+F20 -> 9523000 | K22: =IF($E$27>=S22, T22,"") -> 5th Equity Payment | M22: =IF($E$27>=S22, U22,"") -> 46011 | N22: =IF(S22=0,0,IF(S22<=$F$29,$G$29,IF(S22<=($F$30+$F$29),$G$30,IF(S22<=($F$30+$F$29+$F$31),$G$31,"")))) -> 13317.188 | S22: =S21+1 -> 5 | T22: 5th Equity Payment | U22: =IF(AND(DAY(U21)>=6,DAY(U21)<=20),DATE(YEAR(U21),MONTH(U21)+1,DAY(20)),IF(AND(DAY(U21)>=21,DAY(U21)<=30),DATE(YEAR(U21),MONTH(U21)+1,IF(DAY(EOMONTH(U21,1))<30,DAY(EOMONTH(U21,1)),DAY(30))),DATE(YEAR(U21),MONTH(U21)+1,DAY(5)))) -> 46011
K23: =IF($E$27>=S23, T23,"") -> 6th Equity Payment | M23: =IF($E$27>=S23, U23,"") -> 46042 | N23: =IF(S23=0,0,IF(S23<=$F$29,$G$29,IF(S23<=($F$30+$F$29),$G$30,IF(S23<=($F$30+$F$29+$F$31),$G$31,"")))) -> 13317.188 | S23: =S22+1 -> 6 | T23: 6th Equity Payment | U23: =IF(AND(DAY(U22)>=6,DAY(U22)<=20),DATE(YEAR(U22),MONTH(U22)+1,DAY(20)),IF(AND(DAY(U22)>=21,DAY(U22)<=30),DATE(YEAR(U22),MONTH(U22)+1,IF(DAY(EOMONTH(U22,1))<30,DAY(EOMONTH(U22,1)),DAY(30))),DATE(YEAR(U22),MONTH(U22)+1,DAY(5)))) -> 46042
B24: Equity Down Payment | D24: : | E24: ='Standard Computation'!E24 -> 0.05 | F24: =F22*E24 -> 476150 | K24: =IF($E$27>=S24, T24,"") -> 7th Equity Payment | M24: =IF($E$27>=S24, U24,"") -> 46073 | N24: =IF(S24=0,0,IF(S24<=$F$29,$G$29,IF(S24<=($F$30+$F$29),$G$30,IF(S24<=($F$30+$F$29+$F$31),$G$31,"")))) -> 13317.188 | S24: =S23+1 -> 7 | T24: 7th Equity Payment | U24: =IF(AND(DAY(U23)>=6,DAY(U23)<=20),DATE(YEAR(U23),MONTH(U23)+1,DAY(20)),IF(AND(DAY(U23)>=21,DAY(U23)<=30),DATE(YEAR(U23),MONTH(U23)+1,IF(DAY(EOMONTH(U23,1))<30,DAY(EOMONTH(U23,1)),DAY(30))),DATE(YEAR(U23),MONTH(U23)+1,DAY(5)))) -> 46073
B25: less: Reservation Fee | D25: =D24 -> : | F25: =FORM!E8 -> 50000 | K25: =IF($E$27>=S25, T25,"") -> 8th Equity Payment | M25: =IF($E$27>=S25, U25,"") -> 46101 | N25: =IF(S25=0,0,IF(S25<=$F$29,$G$29,IF(S25<=($F$30+$F$29),$G$30,IF(S25<=($F$30+$F$29+$F$31),$G$31,"")))) -> 13317.188 | S25: =S24+1 -> 8 | T25: 8th Equity Payment | U25: =IF(AND(DAY(U24)>=6,DAY(U24)<=20),DATE(YEAR(U24),MONTH(U24)+1,DAY(20)),IF(AND(DAY(U24)>=21,DAY(U24)<=30),DATE(YEAR(U24),MONTH(U24)+1,IF(DAY(EOMONTH(U24,1))<30,DAY(EOMONTH(U24,1)),DAY(30))),DATE(YEAR(U24),MONTH(U24)+1,DAY(5)))) -> 46101
B26: Net Equity Payment | D26: : | F26: =F24-F25 -> 426150 | K26: =IF($E$27>=S26, T26,"") -> 9th Equity Payment | M26: =IF($E$27>=S26, U26,"") -> 46132 | N26: =IF(S26=0,0,IF(S26<=$F$29,$G$29,IF(S26<=($F$30+$F$29),$G$30,IF(S26<=($F$30+$F$29+$F$31),$G$31,"")))) -> 18644.062 | S26: =S25+1 -> 9 | T26: 9th Equity Payment | U26: =IF(AND(DAY(U25)>=6,DAY(U25)<=20),DATE(YEAR(U25),MONTH(U25)+1,DAY(20)),IF(AND(DAY(U25)>=21,DAY(U25)<=30),DATE(YEAR(U25),MONTH(U25)+1,IF(DAY(EOMONTH(U25,1))<30,DAY(EOMONTH(U25,1)),DAY(30))),DATE(YEAR(U25),MONTH(U25)+1,DAY(5)))) -> 46132
E27: ='Standard Computation'!E29 -> 24 | K27: =IF($E$27>=S27, T27,"") -> 10th Equity Payment | M27: =IF($E$27>=S27, U27,"") -> 46162 | N27: =IF(S27=0,0,IF(S27<=$F$29,$G$29,IF(S27<=($F$30+$F$29),$G$30,IF(S27<=($F$30+$F$29+$F$31),$G$31,"")))) -> 18644.062 | S27: =S26+1 -> 10 | T27: 10th Equity Payment | U27: =IF(AND(DAY(U26)>=6,DAY(U26)<=20),DATE(YEAR(U26),MONTH(U26)+1,DAY(20)),IF(AND(DAY(U26)>=21,DAY(U26)<=30),DATE(YEAR(U26),MONTH(U26)+1,IF(DAY(EOMONTH(U26,1))<30,DAY(EOMONTH(U26,1)),DAY(30))),DATE(YEAR(U26),MONTH(U26)+1,DAY(5)))) -> 46162
B28: TERMS (STEP UP) | C28: =(SUM(F29:F31))&" "&"MONTHS" -> 24 MONTHS | E28: Percentage | F28: No. of Months | G28: Monthly Equity | K28: =IF($E$27>=S28, T28,"") -> 11th Equity Payment | M28: =IF($E$27>=S28, U28,"") -> 46193 | N28: =IF(S28=0,0,IF(S28<=$F$29,$G$29,IF(S28<=($F$30+$F$29),$G$30,IF(S28<=($F$30+$F$29+$F$31),$G$31,"")))) -> 18644.062 | S28: =S27+1 -> 11 | T28: 11th Equity Payment | U28: =IF(AND(DAY(U27)>=6,DAY(U27)<=20),DATE(YEAR(U27),MONTH(U27)+1,DAY(20)),IF(AND(DAY(U27)>=21,DAY(U27)<=30),DATE(YEAR(U27),MONTH(U27)+1,IF(DAY(EOMONTH(U27,1))<30,DAY(EOMONTH(U27,1)),DAY(30))),DATE(YEAR(U27),MONTH(U27)+1,DAY(5)))) -> 46193
B29: STEP UP 1 | C29: =FORM!D26 -> 1st to 8th | D29: : | E29: =FORM!H26 -> 0.25 | F29: =FORM!F26 -> 8 | G29: =F26*E29/F29 -> 13317.188 | K29: =IF($E$27>=S29, T29,"") -> 12th Equity Payment | M29: =IF($E$27>=S29, U29,"") -> 46223 | N29: =IF(S29=0,0,IF(S29<=$F$29,$G$29,IF(S29<=($F$30+$F$29),$G$30,IF(S29<=($F$30+$F$29+$F$31),$G$31,"")))) -> 18644.062 | S29: =S28+1 -> 12 | T29: 12th Equity Payment | U29: =IF(AND(DAY(U28)>=6,DAY(U28)<=20),DATE(YEAR(U28),MONTH(U28)+1,DAY(20)),IF(AND(DAY(U28)>=21,DAY(U28)<=30),DATE(YEAR(U28),MONTH(U28)+1,IF(DAY(EOMONTH(U28,1))<30,DAY(EOMONTH(U28,1)),DAY(30))),DATE(YEAR(U28),MONTH(U28)+1,DAY(5)))) -> 46223
B30: STEP UP 2 | C30: =FORM!D27 -> 9th to 16th | D30: : | E30: =FORM!H27 -> 0.35 | F30: =FORM!F27 -> 8 | G30: =F26*E30/F30 -> 18644.062 | K30: =IF($E$27>=S30, T30,"") -> 13th Equity Payment | M30: =IF($E$27>=S30, U30,"") -> 46254 | N30: =IF(S30=0,0,IF(S30<=$F$29,$G$29,IF(S30<=($F$30+$F$29),$G$30,IF(S30<=($F$30+$F$29+$F$31),$G$31,"")))) -> 18644.062 | S30: =S29+1 -> 13 | T30: 13th Equity Payment | U30: =IF(AND(DAY(U29)>=6,DAY(U29)<=20),DATE(YEAR(U29),MONTH(U29)+1,DAY(20)),IF(AND(DAY(U29)>=21,DAY(U29)<=30),DATE(YEAR(U29),MONTH(U29)+1,IF(DAY(EOMONTH(U29,1))<30,DAY(EOMONTH(U29,1)),DAY(30))),DATE(YEAR(U29),MONTH(U29)+1,DAY(5)))) -> 46254
B31: STEP UP 3 | C31: =FORM!D28 -> 17th to 24th | D31: : | E31: =FORM!H28 -> 0.4 | F31: =FORM!F28 -> 8 | G31: =F26*E31/F31 -> 21307.5 | K31: =IF($E$27>=S31, T31,"") -> 14th Equity Payment | M31: =IF($E$27>=S31, U31,"") -> 46285 | N31: =IF(S31=0,0,IF(S31<=$F$29,$G$29,IF(S31<=($F$30+$F$29),$G$30,IF(S31<=($F$30+$F$29+$F$31),$G$31,"")))) -> 18644.062 | S31: =S30+1 -> 14 | T31: 14th Equity Payment | U31: =IF(AND(DAY(U30)>=6,DAY(U30)<=20),DATE(YEAR(U30),MONTH(U30)+1,DAY(20)),IF(AND(DAY(U30)>=21,DAY(U30)<=30),DATE(YEAR(U30),MONTH(U30)+1,IF(DAY(EOMONTH(U30,1))<30,DAY(EOMONTH(U30,1)),DAY(30))),DATE(YEAR(U30),MONTH(U30)+1,DAY(5)))) -> 46285
K32: =IF($E$27>=S32, T32,"") -> 15th Equity Payment | M32: =IF($E$27>=S32, U32,"") -> 46315 | N32: =IF(S32=0,0,IF(S32<=$F$29,$G$29,IF(S32<=($F$30+$F$29),$G$30,IF(S32<=($F$30+$F$29+$F$31),$G$31,"")))) -> 18644.062 | S32: =S31+1 -> 15 | T32: 15th Equity Payment | U32: =IF(AND(DAY(U31)>=6,DAY(U31)<=20),DATE(YEAR(U31),MONTH(U31)+1,DAY(20)),IF(AND(DAY(U31)>=21,DAY(U31)<=30),DATE(YEAR(U31),MONTH(U31)+1,IF(DAY(EOMONTH(U31,1))<30,DAY(EOMONTH(U31,1)),DAY(30))),DATE(YEAR(U31),MONTH(U31)+1,DAY(5)))) -> 46315
B33: FULL BALANCE (TCP) | D33: : | E33: =100%-E24 -> 0.95 | F33: =F22*E33 -> 9046850 | K33: =IF($E$27>=S33, T33,"") -> 16th Equity Payment | M33: =IF($E$27>=S33, U33,"") -> 46346 | N33: =IF(S33=0,0,IF(S33<=$F$29,$G$29,IF(S33<=($F$30+$F$29),$G$30,IF(S33<=($F$30+$F$29+$F$31),$G$31,"")))) -> 18644.062 | S33: =S32+1 -> 16 | T33: 16th Equity Payment | U33: =IF(AND(DAY(U32)>=6,DAY(U32)<=20),DATE(YEAR(U32),MONTH(U32)+1,DAY(20)),IF(AND(DAY(U32)>=21,DAY(U32)<=30),DATE(YEAR(U32),MONTH(U32)+1,IF(DAY(EOMONTH(U32,1))<30,DAY(EOMONTH(U32,1)),DAY(30))),DATE(YEAR(U32),MONTH(U32)+1,DAY(5)))) -> 46346
K34: =IF($E$27>=S34, T34,"") -> 17th Equity Payment | M34: =IF($E$27>=S34, U34,"") -> 46376 | N34: =IF(S34=0,0,IF(S34<=$F$29,$G$29,IF(S34<=($F$30+$F$29),$G$30,IF(S34<=($F$30+$F$29+$F$31),$G$31,"")))) -> 21307.5 | S34: =S33+1 -> 17 | T34: 17th Equity Payment | U34: =IF(AND(DAY(U33)>=6,DAY(U33)<=20),DATE(YEAR(U33),MONTH(U33)+1,DAY(20)),IF(AND(DAY(U33)>=21,DAY(U33)<=30),DATE(YEAR(U33),MONTH(U33)+1,IF(DAY(EOMONTH(U33,1))<30,DAY(EOMONTH(U33,1)),DAY(30))),DATE(YEAR(U33),MONTH(U33)+1,DAY(5)))) -> 46376
B35: Estimated Monthly Amortization | K35: =IF($E$27>=S35, T35,"") -> 18th Equity Payment | M35: =IF($E$27>=S35, U35,"") -> 46407 | N35: =IF(S35=0,0,IF(S35<=$F$29,$G$29,IF(S35<=($F$30+$F$29),$G$30,IF(S35<=($F$30+$F$29+$F$31),$G$31,"")))) -> 21307.5 | S35: =S34+1 -> 18 | T35: 18th Equity Payment | U35: =IF(AND(DAY(U34)>=6,DAY(U34)<=20),DATE(YEAR(U34),MONTH(U34)+1,DAY(20)),IF(AND(DAY(U34)>=21,DAY(U34)<=30),DATE(YEAR(U34),MONTH(U34)+1,IF(DAY(EOMONTH(U34,1))<30,DAY(EOMONTH(U34,1)),DAY(30))),DATE(YEAR(U34),MONTH(U34)+1,DAY(5)))) -> 46407
K36: =IF($E$27>=S36, T36,"") -> 19th Equity Payment | M36: =IF($E$27>=S36, U36,"") -> 46438 | N36: =IF(S36=0,0,IF(S36<=$F$29,$G$29,IF(S36<=($F$30+$F$29),$G$30,IF(S36<=($F$30+$F$29+$F$31),$G$31,"")))) -> 21307.5 | S36: =S35+1 -> 19 | T36: 19th Equity Payment | U36: =IF(AND(DAY(U35)>=6,DAY(U35)<=20),DATE(YEAR(U35),MONTH(U35)+1,DAY(20)),IF(AND(DAY(U35)>=21,DAY(U35)<=30),DATE(YEAR(U35),MONTH(U35)+1,IF(DAY(EOMONTH(U35,1))<30,DAY(EOMONTH(U35,1)),DAY(30))),DATE(YEAR(U35),MONTH(U35)+1,DAY(5)))) -> 46438
B37: Term | C37: Interest Rate | D37: Factor Rate | E37: Amount | F37: Income Requirement | K37: =IF($E$27>=S37, T37,"") -> 20th Equity Payment | M37: =IF($E$27>=S37, U37,"") -> 46466 | N37: =IF(S37=0,0,IF(S37<=$F$29,$G$29,IF(S37<=($F$30+$F$29),$G$30,IF(S37<=($F$30+$F$29+$F$31),$G$31,"")))) -> 21307.5 | S37: =S36+1 -> 20 | T37: 20th Equity Payment | U37: =IF(AND(DAY(U36)>=6,DAY(U36)<=20),DATE(YEAR(U36),MONTH(U36)+1,DAY(20)),IF(AND(DAY(U36)>=21,DAY(U36)<=30),DATE(YEAR(U36),MONTH(U36)+1,IF(DAY(EOMONTH(U36,1))<30,DAY(EOMONTH(U36,1)),DAY(30))),DATE(YEAR(U36),MONTH(U36)+1,DAY(5)))) -> 46466
B38: 5 | C38: 0.07 | D38: =PMT(C38/12,B38*12,-1) -> 0.019801199 | E38: =F33*D38 -> 179138.47 | F38: =E38/0.33 -> 542843.86 | K38: =IF($E$27>=S38, T38,"") -> 21st Equity Payment | M38: =IF($E$27>=S38, U38,"") -> 46497 | N38: =IF(S38=0,0,IF(S38<=$F$29,$G$29,IF(S38<=($F$30+$F$29),$G$30,IF(S38<=($F$30+$F$29+$F$31),$G$31,"")))) -> 21307.5 | S38: =S37+1 -> 21 | T38: 21st Equity Payment | U38: =IF(AND(DAY(U37)>=6,DAY(U37)<=20),DATE(YEAR(U37),MONTH(U37)+1,DAY(20)),IF(AND(DAY(U37)>=21,DAY(U37)<=30),DATE(YEAR(U37),MONTH(U37)+1,IF(DAY(EOMONTH(U37,1))<30,DAY(EOMONTH(U37,1)),DAY(30))),DATE(YEAR(U37),MONTH(U37)+1,DAY(5)))) -> 46497
B39: 10 | C39: =C38 -> 0.07 | D39: =PMT(C39/12,B39*12,-1) -> 0.011610848 | E39: =F33*D39 -> 105041.6 | F39: =E39/0.33 -> 318307.88 | K39: =IF($E$27>=S39, T39,"") -> 22nd Equity Payment | M39: =IF($E$27>=S39, U39,"") -> 46527 | N39: =IF(S39=0,0,IF(S39<=$F$29,$G$29,IF(S39<=($F$30+$F$29),$G$30,IF(S39<=($F$30+$F$29+$F$31),$G$31,"")))) -> 21307.5 | S39: =S38+1 -> 22 | T39: 22nd Equity Payment | U39: =IF(AND(DAY(U38)>=6,DAY(U38)<=20),DATE(YEAR(U38),MONTH(U38)+1,DAY(20)),IF(AND(DAY(U38)>=21,DAY(U38)<=30),DATE(YEAR(U38),MONTH(U38)+1,IF(DAY(EOMONTH(U38,1))<30,DAY(EOMONTH(U38,1)),DAY(30))),DATE(YEAR(U38),MONTH(U38)+1,DAY(5)))) -> 46527
B40: 15 | C40: =C38 -> 0.07 | D40: =PMT(C40/12,B40*12,-1) -> 0.0089882827 | E40: =F33*D40 -> 81315.645 | F40: =E40/0.33 -> 246411.05 | K40: =IF($E$27>=S40, T40,"") -> 23rd Equity Payment | M40: =IF($E$27>=S40, U40,"") -> 46558 | N40: =IF(S40=0,0,IF(S40<=$F$29,$G$29,IF(S40<=($F$30+$F$29),$G$30,IF(S40<=($F$30+$F$29+$F$31),$G$31,"")))) -> 21307.5 | S40: =S39+1 -> 23 | T40: 23rd Equity Payment | U40: =IF(AND(DAY(U39)>=6,DAY(U39)<=20),DATE(YEAR(U39),MONTH(U39)+1,DAY(20)),IF(AND(DAY(U39)>=21,DAY(U39)<=30),DATE(YEAR(U39),MONTH(U39)+1,IF(DAY(EOMONTH(U39,1))<30,DAY(EOMONTH(U39,1)),DAY(30))),DATE(YEAR(U39),MONTH(U39)+1,DAY(5)))) -> 46558
B41: 20 | C41: =C40 -> 0.07 | D41: =PMT(C41/12,B41*12,-1) -> 0.0077529894 | E41: =F33*D41 -> 70140.132 | F41: =E41/0.33 -> 212545.85 | K41: =IF($E$27>=S41, T41,"") -> 24th Equity Payment | M41: =IF($E$27>=S41, U41,"") -> 46588 | N41: =IF(S41=0,0,IF(S41<=$F$29,$G$29,IF(S41<=($F$30+$F$29),$G$30,IF(S41<=($F$30+$F$29+$F$31),$G$31,"")))) -> 21307.5 | S41: =S40+1 -> 24 | T41: 24th Equity Payment | U41: =IF(AND(DAY(U40)>=6,DAY(U40)<=20),DATE(YEAR(U40),MONTH(U40)+1,DAY(20)),IF(AND(DAY(U40)>=21,DAY(U40)<=30),DATE(YEAR(U40),MONTH(U40)+1,IF(DAY(EOMONTH(U40,1))<30,DAY(EOMONTH(U40,1)),DAY(30))),DATE(YEAR(U40),MONTH(U40)+1,DAY(5)))) -> 46588
B42: Fixed for five (5) years | K42: BALANCE | M42: =Y19 -> 46619 | N42: =F33 -> 9046850
B43: Sample Computation for Interest rate is at 7% fixed for five (5) years only
B44: A. Prices are subject to change without prior notice.
B45: B. Bank Fees rates may vary per bank. | K45: Prepared by: | O45: Conformed:
B47: IN-HOUSE COMPUTATION
B48: Term | C48: Interest Rate | D48: Factor Rate | E48: Monthly Amortization | F48: Income Requirement | K48: =FORM!E20 -> SELLER The Aguirre Townhouse Las Piñas | O48: =FORM!E16 -> BUYER The Aguirre Townhouse Las Piñas
B49: 5 Years | C49: 0.16 | D49: ='Pricelist Standard'!AQ6 -> 0.024318057 | E49: =F33*D49 -> 220001.82 | F49: =E49/0.33 -> 666672.17 | K49: Date | O49: Date:
B50: 10 Years | C50: 0.18 | D50: ='Pricelist Standard'!AU6 -> 0.01801852 | E50: =F33*D50 -> 163010.85 | F50: =E50/0.33 -> 493972.26
B51: A. Prices are subject to change without prior notice. | T51: 23rd EQUITY PAYMENT | AL51: 3128866
T52: 24th EQUITY PAYMENT
T53: 25th EQUITY PAYMENT
T54: 26th EQUITY PAYMENT
T55: 27th EQUITY PAYMENT
T56: 28th EQUITY PAYMENT
T64: 36th EQUITY PAYMENT
T65: 37th EQUITY PAYMENT
T66: 38th EQUITY PAYMENT
T67: 39th EQUITY PAYMENT
T68: 40th EQUITY PAYMENT
T69: 41st EQUITY PAYMENT
T70: 42nd EQUITY PAYMENT
... T74: 46th EQUITY PAYMENT
A251: =(F15-#REF!)*12% -> #REF!
AQ396: 20000 | AS396: 24
AQ397: 15000
AB781: 1

Sheet Spot Cash 30 Days
J1: 0.01
B2: DATE : | C2: =FORM!E14 -> 45849 | O2: PAGE | P2: 1 of 1
B4: SPOT CASH_30 DAYS | K4: PAYMENT SCHEDULE
B6: CLIENT'S NAME | D6: : | E6: =FORM!E16 -> BUYER The Aguirre Townhouse Las Piñas | K6: =B6 -> CLIENT'S NAME | M6: : | N6: =E6 -> BUYER The Aguirre Townhouse Las Piñas
B7: PROJECT NAME | D7: : | E7: ='Pricelist Standard'!H3 -> The Aguirre Townhouse - Las Piñas | K7: =B7 -> PROJECT NAME | M7: : | N7: =E7 -> The Aguirre Townhouse - Las Piñas
B8: HOUSE NUMBER | D8: : | E8: =FORM!E4 -> Unit 9 | K8: =B8 -> HOUSE NUMBER | M8: : | N8: =E8 -> Unit 9
B9: TOWER | D9: : | E9: N/A | K9: =B9 -> TOWER | M9: : | N9: =E9 -> N/A
B10: HOUSE TYPE | D10: : | E10: ='Pricelist Standard'!H9 -> 2 Storey | K10: =B10 -> HOUSE TYPE | M10: : | N10: =E10 -> 2 Storey
B11: =FORM!B32 -> FLOOR AREA | D11: : | E11: =FORM!E32 -> 142.4 | G11: SQM. | K11: =B11 -> FLOOR AREA | M11: : | N11: =E11 -> 142.4 | P11: SQM.
B12: =FORM!B33 -> LOT AREA | D12: : | E12: =FORM!E33 -> 80 | G12: SQM. | K12: =B12 -> LOT AREA | M12: : | N12: =E12 -> 80 | P12: SQM.
B13: =FORM!B34 -> ACTUAL LOT AREA | D13: : | E13: =FORM!E34 -> 80 | G13: SQM. | K13: =B13 -> ACTUAL LOT AREA | M13: : | N13: =E13 -> 80 | P13: SQM.
B15: TOTAL SELLING PRICE | D15: : | F15: ='Standard Computation'!F15:I15 -> 8900000 | K15: PARTICULARS | M15: DATE | N15: AMOUNT | P15: REMARKS
B16: Less: Discount on TSP | E16: 0.075 | F16: =E16*F15 -> 667500
B17: Less: Promo Discount on TSP | D17: : | K17: RESERVATION FEE | M17: =C2 -> 45849 | N17: =F26 -> 50000 | U17: =M17 -> 45849 | V17: =EDATE(U17,#REF!) -> #REF!
B18: NET SELLING PRICE | D18: : | F18: =F15-F17-F16 -> 8232500 | K18: SPOT CASH PAYMENT | M18: =M17+30 -> 45879 | N18: =F27 -> 8805500 | S18: 1 | T18: 1st Equity Payment | U18: =IF(DAY(U17)=31,W20,Y20) -> 45889 | W18: 31st of the month
B19: NET SELLING PRICE per SQM | F19: =F18/E11 -> 57812.5 | S19: =S18+1 -> 2 | T19: 2nd Equity Payment | U19: =IF(AND(DAY(U18)>=6,DAY(U18)<=20),DATE(YEAR(U18),MONTH(U18)+1,DAY(20)),IF(AND(DAY(U18)>=21,DAY(U18)<=30),DATE(YEAR(U18),MONTH(U18)+1,IF(DAY(EOMONTH(U18,1))<30,DAY(EOMONTH(U18,1)),DAY(30))),DATE(YEAR(U18),MONTH(U18)+1,DAY(5)))) -> 45920 | V19: balance | W19: =IF(DAY(U17)=31,DATE(YEAR(V17),MONTH(V17)+2,DAY(5))) -> FALSE | Y19: =IF(AND(DAY(V17)>=6,DAY(V17)<=20),DATE(YEAR(V17),MONTH(V17)+1,DAY(20)),IF(AND(DAY(V17)>=21,DAY(V17)<=31),DATE(YEAR(V17),MONTH(V17)+1,IF(DAY(EOMONTH(V17,1))<30,DAY(EOMONTH(V17,1)),DAY(30))),DATE(YEAR(V17),MONTH(V17)+1,DAY(5)))) -> #REF!
S20: =S19+1 -> 3 | T20: 3rd Equity Payment | U20: =IF(AND(DAY(U19)>=6,DAY(U19)<=20),DATE(YEAR(U19),MONTH(U19)+1,DAY(20)),IF(AND(DAY(U19)>=21,DAY(U19)<=30),DATE(YEAR(U19),MONTH(U19)+1,IF(DAY(EOMONTH(U19,1))<30,DAY(EOMONTH(U19,1)),DAY(30))),DATE(YEAR(U19),MONTH(U19)+1,DAY(5)))) -> 45950 | V20: equity | W20: =IF(DAY(U17)=31,DATE(YEAR(U17),MONTH(U17)+2,DAY(5))) -> FALSE | Y20: =IF(AND(DAY(U17)>=6,DAY(U17)<=20),DATE(YEAR(U17),MONTH(U17)+1,DAY(20)),IF(AND(DAY(U17)>=21,DAY(U17)<=30),DATE(YEAR(U17),MONTH(U17)+1,IF(DAY(EOMONTH(U17,1))<31,DAY(EOMONTH(U17,1)),DAY(30))),DATE(YEAR(U17),MONTH(U17)+1,DAY(5)))) -> 45889
B21: Add: Legal & Misc. Fees | D21: : | E21: ='Pricelist Standard'!AD7 -> 0.07 | F21: =E21*F15 -> 623000 | S21: =S20+1 -> 4 | T21: 4th Equity Payment | U21: =IF(AND(DAY(U20)>=6,DAY(U20)<=20),DATE(YEAR(U20),MONTH(U20)+1,DAY(20)),IF(AND(DAY(U20)>=21,DAY(U20)<=30),DATE(YEAR(U20),MONTH(U20)+1,IF(DAY(EOMONTH(U20,1))<30,DAY(EOMONTH(U20,1)),DAY(30))),DATE(YEAR(U20),MONTH(U20)+1,DAY(5)))) -> 45981
S22: =S21+1 -> 5 | T22: 5th Equity Payment | U22: =IF(AND(DAY(U21)>=6,DAY(U21)<=20),DATE(YEAR(U21),MONTH(U21)+1,DAY(20)),IF(AND(DAY(U21)>=21,DAY(U21)<=30),DATE(YEAR(U21),MONTH(U21)+1,IF(DAY(EOMONTH(U21,1))<30,DAY(EOMONTH(U21,1)),DAY(30))),DATE(YEAR(U21),MONTH(U21)+1,DAY(5)))) -> 46011
